Workbook

Sheet Итого по видам(с учет нераспр.)
A1: Сведения о предоставлении из бюджета Саратовской области межбюджетных трансфертов местным бюджетам
A2: за 1 полугодие 2021 года
F3: тыс. рублей
A4: № п/п | B4: Наименование | C4: Код бюджетной классификации | D4: Утвержденные бюджетные назначения* | E4: Исполнение | F4: % исполнения
A6: 1 | B6: 2 | C6: 3 | D6: 4 | E6: 5 | F6: 6
A7: 1. | B7: Дотация - всего | D7: =SUM(D8:D12) -> 4767163.5 | E7: =SUM(E8:E12) -> 2247440.4 | F7: =E7/D7*100 -> 47.144185
A8: 1.1. | B8: Дотация бюджетам городских округов области, связанные с особым режимом безопасного функционирования закрытых административно-территориальных образований | C8: 000 1402 6640150100 512 | D8: =Дотации!E52 -> 41928 | E8: =Дотации!F52 -> 20964 | F8: =E8/D8*100 -> 50
A9: 1.2. | B9: Дотация на выравнивание бюджетной обеспеченности муниципальных районов (городских округов) области | C9: 000 1401 6640170200 511 | D9: =Дотации!H52 -> 3430574.3 | E9: =Дотации!I52 -> 1554358.8 | F9: =E9/D9*100 -> 45.308997
A10: 1.3. | B10: Дотация на поддержку мер по обеспечению сбалансированности бюджетов | C10: 000 1402 6640170300 512 | D10: =Дотации!K52 -> 815717.3 | E10: =Дотации!L52 -> 244717.2 | F10: =E10/D10*100 -> 30.000246
A11: 1.4. | B11: Дотации бюджетам муниципальных районов области на обеспечение финансовой устойчивости местных бюджетов в условиях нестабильной ситуации, связанной с пандемией новой коронавирусной инфекции | C11: 000 1402 664017080К 512 | D11: =Дотации!N52 -> 375856.86 | E11: =Дотации!O52 -> 375856.86 | F11: =E11/D11*100 -> 100
A12: 1.5. | B12: Дотации бюджетам муниципальных районов и городских округов области на компенсацию дополнительных расходов на повышение оплаты труда некоторых категорий работников муниципальных учреждений в связи с увеличением минимального размера оплаты труда с 1 января 2021 года | C12: 000 1402 6640170700 512 | D12: =Дотации!Q52 -> 103087 | E12: =Дотации!R52 -> 51543.5 | F12: =E12/D12*100 -> 50
A13: 2. | B13: Субсидии - всего | D13: =SUM(D14:D49) -> 11282257 | E13: =SUM(E14:E49) -> 3208843.4 | F13: =E13/D13*100 -> 28.441503
A14: 2.1. | B14: Субсидия бюджетам муниципальных районов области на создание в общеобразователь-ных организациях, расположенных в сельской местности и малых городах, условий для занятий физической культурой и спортом | C14: 000 0702 5A2E250970 521 | D14: =Субсидии!E399 -> 16624.9 | E14: =Субсидии!F399 -> 4035.1131 | F14: =E14/D14*100 -> 24.271503
A15: 2.2. | B15: Субсидия бюджетам муниципальных районов и городских округов области на создание новых мест в общеобразовательных организациях | C15: 000 0702 5A2E155200 523 | D15: =Субсидии!H399 -> 366156.7 | E15: =Субсидии!I399 -> 35222.086 | F15: =E15/D15*100 -> 9.6194023
A16: 2.3. | B16: Субсидия бюджетам муниципальных районов и городских округов области на обеспечение жильем молодых семей | C16: 000 1004 5E301R4970 521 | D16: =Субсидии!K399 -> 62391.5 | E16: =Субсидии!L399 -> 54398.545 | F16: =E16/D16*100 -> 87.189032
A17: 2.4. | B17: Субсидия бюджетам городских округов и поселений области на реализацию регионального проекта (программы) в целях выполнения задач федерального проекта «Жилье» (Стимулирование программ развития жилищного строительства) | C17: 000 1403 5E1F150210 523 | D17: =Субсидии!N399 -> 86883.7 | E17: =Субсидии!O399 -> 4717.185 | F17: =E17/D17*100 -> 5.4293095
A18: 2.5. | B18: Субсидия бюджетам муниципальных районов и поселений области на поддержку творческой деятельности и укрепление материально-технической базы муниципальных театров в населенных пунктах с численностью населения до 300 тысяч человек | C18: 000 0801 55206R4660 521 | D18: =Субсидии!Q399 -> 10058.4 | E18: =Субсидии!R399 -> 10058.4 | F18: =E18/D18*100 -> 100
A19: 2.6. | B19: Субсидия бюджетам муниципальных районов и поселений области на обеспечение развития и укрепления материально-технической базы домов культуры в населенных пунктах с числом жителей до 50 тысяч человек | C19: 000 0801 55A12R4670 521 | D19: =Субсидии!T399 -> 40836.1 | E19: =Субсидии!U399 -> 21298.963 | F19: =E19/D19*100 -> 52.157191
A20: 2.7. | B20: Субсидия бюджетам муниципальных районов и поселений области на поддержку отрасли культуры на государственную поддержку лучших сельских учреждений культуры | C20: 000 0703 55БA255192 523 000 0801 55БA255192 523 | D20: =Субсидии!W399 -> 2346.9389 | E20: =Субсидии!X399 -> 2142.8573 | F20: =E20/D20*100 -> 91.304353
A21: 2.8. | B21: Субсидия бюджетам муниципальных районов и поселений области на поддержку отрасли культуры на государственную поддержку лучших работников сельских учреждений культуры | C21: 000 0801 55БA255194 523 | D21: =Субсидии!Z399 -> 867.347 | E21: =Субсидии!AA399 -> 867.347 | F21: =E21/D21*100 -> 100
A22: 2.9. | B22: Субсидия бюджетам муниципальных районов области на обеспечение деятельности муниципальных бизнес-инкубаторов | C22: 000 0412 5830171100 521 | D22: =Субсидии!AC399 -> 5300 | E22: =Субсидии!AD399 -> 2650 | F22: =E22/D22*100 -> 50
A23: 2.10. | B23: Субсидия бюджетам городских округов, городских и сельских поселений области на реализацию инициативных проектов 3* | C23: 000 0113 6640572100 523 | D23: =Субсидии!AF399 -> 120000 | E23: =Субсидии!AG399 -> 1347.9051 | F23: =E23/D23*100 -> 1.1232543
A24: 2.11. | B24: Субсидия бюджетам городских округов и поселений области на поддержку муниципальных программ формирования современной городской среды | C24: 000 0503 691F255550 523 | D24: =Субсидии!AI399 -> 707405 | E24: =Субсидии!AJ399 -> 243605.34 | F24: =E24/D24*100 -> 34.436475
A25: 2.12. | B25: Субсидия бюджетам муниципальных районов и городских округов области на обеспечение сохранения достигнутых показателей повышения оплаты труда отдельных категорий работников бюджетной сферы | C25: 000 1403 6640172500 521 | D25: =Субсидии!AL399 -> 1209783.1 | E25: =Субсидии!AM399 -> 414152.47 | F25: =E25/D25*100 -> 34.233614
A26: 2.13. | B26: Субсидия бюджетам муниципальных районов и городских округов области на создание дополнительных мест для детей в возрасте от 1,5 до 3 лет в образовательных организациях, осуществляющих образовательную деятельность по образовательным программам дошкольного образования | C26: 000 0701 5A1P252320 523 | D26: =Субсидии!AO399 -> 1014156.1 | E26: =Субсидии!AP399 -> 176555.42 | F26: =E26/D26*100 -> 17.409098
A27: 2.14. | B27: Субсидия бюджетам муниципальных районов области на государственную поддержку отрасли культуры (создание и модернизация учреждений культурно-досугового типа в сельской местности) | C27: 000 0801 55AA155197 523 | D27: =Субсидии!AR399 -> 30468 | E27: =Субсидии!AS399 -> 11336.387 | F27: =E27/D27*100 -> 37.207518
A28: 2.15. | B28: Субсидия бюджетам муниципальных районов, городских округов и поселений области на обеспечение мероприятий по переселению граждан из аварийного жилищного фонда, в том числе переселению граждан из аварийного жилищного фонда с учетом необходимости развития малоэтажного жилищного строительства (за счет средств Фонда содействия реформированию жилищно-коммунального хозяйства) | C28: 000 0501 5EAF367483 523 | D28: =Субсидии!AU399 -> 3604188.4 | E28: =Субсидии!AV399 -> 1506381.2 | F28: =E28/D28*100 -> 41.795295
A29: 2.16. | B29: Субсидия бюджетам муниципальных районов, городских округов и поселений области на обеспечение мероприятий по переселению граждан из аварийного жилищного фонда, в том числе переселению граждан из аварийного жилищного фонда с учетом необходимости развития малоэтажного жилищного строительства (за счет средств областного бюджета) | C29: 000 0501 5EAF367484 523 | D29: =Субсидии!AX399 -> 85716.3 | E29: =Субсидии!AY399 -> 31639.47 | F29: =E29/D29*100 -> 36.911848
A30: 2.17. | B30: Субсидия бюджетам муниципальных районов и городских округов области на обеспечение условий для создания центров образования цифрового и гуманитарного профиле | C30: 000 0702 5A2E1U1130 521 | D30: =Субсидии!BA399 -> 181511.6 | E30: =Субсидии!BB399 -> 69836.118 | F30: =E30/D30*100 -> 38.474741
A31: 2.18. | B31: Субсидия бюджетам городских округов и поселений области на реализацию мероприятий по строительству и реконструкции (модернизации) объектов питьевого водоснабжения | C31: 000 0502 5E8F552430 522 | D31: =Субсидии!BD399 -> 427354.35 | E31: =Субсидии!BE399 -> 44749.921 | F31: =E31/D31*100 -> 10.471385
A32: 2.19. | B32: Субсидия бюджетам поселений области на реализацию мероприятий по сокращению доли загрязненных сточных вод | C32: 000 0602 5E8G650130 522 | D32: =Субсидии!BG399 -> 34078.7 | E32: =Субсидии!BH399 -> 1109.9273 | F32: =E32/D32*100 -> 3.2569532
A33: 2.20. | B33: Субсидия бюджетам городских округов и поселений области на обустройство и восстановление воинских захоронений, находящихся в государственной (муниципальной) собственности | C33: 000 0503 66105R2990 521 | D33: =Субсидии!BJ399 -> 16769.4 | E33: =Субсидии!BK399 -> 9585.2992 | F33: =E33/D33*100 -> 57.159464
A34: 2.21. | B34: Субсидия бюджетам городских округов области на осуществление дорожной деятельности в отношении автомобильных дорог общего пользования местного значения Саратовской агломерации в границах городских округов области в рамках достижения соответствующих задач национального проекта «Безопасные и качественные автомобильные дороги» за счет средств областного дорожного фонда | C34: 000 0409 5Ж2R1U7190 521 | D34: =Субсидии!BM399 -> 592800 | E34: =Субсидии!BN399 -> 0 | F34: =E34/D34*100 -> 0
A35: 2.22. | B35: Субсидия бюджетам муниципальных районов и поселений области на развитие инженерной инфраструктуры на сельских территориях (развитие водоснабжения (локальные водоводы) на сельских территориях) | C35: 000 0502 70301R5765 522 | D35: =Субсидии!BP399 -> 82719.8 | E35: =Субсидии!BQ399 -> 14158.027 | F35: =E35/D35*100 -> 17.115645
A36: 2.23. | B36: Субсидия бюджетам поселений области на обустройство объектами инженерной инфраструктуры и благоустройство площадок, расположенных на сельских территориях, под компактную жилищную застройку | C36: 000 0505 70101R5762 522 | D36: =Субсидии!BS399 -> 65541.5 | E36: =Субсидии!BT399 -> 5203.31 | F36: =E36/D36*100 -> 7.9389547
A37: 2.24. | B37: Субсидия бюджетам муниципальных районов области на реализацию мероприятий по благоустройству сельских территорий 2* | C37: 000 0503 70302R5766 521 | D37: =Субсидии!BV399 -> 24694.1 | E37: =Субсидии!BW399 -> 2772.4286 | F37: =E37/D37*100 -> 11.227089
A38: 2.25. | B38: Субсидия бюджетам муниципальных районов области на благоустройство зданий муниципальных общеобразовательных организаций в целях соблюдения требований к воздушно-тепловому режиму, водоснабжению и канализации | C38: 000 0702 5A220R2550 521 | D38: =Субсидии!BY399 -> 85511.9 | E38: =Субсидии!BZ399 -> 13713.582 | F38: =E38/D38*100 -> 16.037045
A39: 2.26. | B39: Субсидия бюджетам муниципальных районов и городских округов области на обеспечение условий для внедрения цифровой образовательной среды в общеобразовательных организациях | C39: 000 0702 5A8E4U1330 521 | D39: =Субсидии!CB399 -> 16585 | E39: =Субсидии!CC399 -> 0 | F39: =E39/D39*100 -> 0
A40: 2.27. | B40: Субсидия бюджетам муниципальных районов и городских округов области на обеспечение образовательных организаций материально-технической базой для внедрения цифровой образовательной среды | C40: 000 0702 5A8E452100 521 | D40: =Субсидии!CE399 -> 250017 | E40: =Субсидии!CF399 -> 404.50427 | F40: =E40/D40*100 -> 0.16179071
A41: 2.28. | B41: Субсидия бюджетам муниципальных районов и городских округов области на модернизацию (капитальный ремонт, реконструкция) муниципальных детских школ искусств по видам искусств | C41: 000 0703 55AA155195 523 | D41: =Субсидии!CH399 -> 39582 | E41: =Субсидии!CI399 -> 12596.387 | F41: =E41/D41*100 -> 31.823523
A42: 2.29. | B42: Субсидия бюджетам муниципальных районов области на обеспечение функционирования центров цифрового образования детей «IT-куб» | C42: 000 0703 5A8E4U1240 521 | D42: =Субсидии!CK399 -> 16618.3 | E42: =Субсидии!CL399 -> 4756.2716 | F42: =E42/D42*100 -> 28.620687
A43: 2.30. | B43: Субсидия бюджетам муниципальных районов и городских округов области на организацию бесплатного горячего питания обучающихся, получающих начальное общее образование в муниципальных образовательных организациях | C43: 000 0702 5A212R3040 521 | D43: =Субсидии!CN399 -> 941870.2 | E43: =Субсидии!CO399 -> 398152.3 | F43: =E43/D43*100 -> 42.272523
A44: 2.31. | B44: Субсидия бюджетам поселений области на выполнение мероприятий по ремонту автомобильных дорог общего пользования местного значения в границах городских поселений области за счет средств областного дорожного фонда | C44: 000 0409 5Ж223D7220 521 | D44: =Субсидии!CQ399 -> 200000 | E44: =Субсидии!CR399 -> 9800.2068 | F44: =E44/D44*100 -> 4.9001034
A45: 2.32. | B45: Субсидия бюджетам городских округов области на выполнение мероприятий по ремонту автомобильных дорог общего пользования местного значения в границах городских округов области за счет средств областного дорожного фонда | C45: 000 0409 5Ж222D7210 521 | D45: =Субсидии!CT399 -> 500000 | E45: =Субсидии!CU399 -> 88819.446 | F45: =E45/D45*100 -> 17.763889
A46: 2.33. | B46: Субсидия бюджетам муниципальных районов и городских округов области на выравнивание возможностей местных бюджетов по обеспечению образовательной деятельности муниципальных общеобразовательных учреждений | C46: 000 0702 5A21171110 521 | D46: =Субсидии!CW399 -> 245819.1 | E46: =Субсидии!CX399 -> 0 | F46: =E46/D46*100 -> 0
A47: 2.34. | B47: Субсидия бюджетам поселений области на создание, реконструкцию (модернизацию), капитальный ремонт объектов социальной и культурной сферы | C47: 000 1403 70304R5767 523 | D47: =Субсидии!CZ399 -> 48007.1 | E47: =Субсидии!DA399 -> 7967.146 | F47: =E47/D47*100 -> 16.595766
A48: 2.35. | B48: Субсидия бюджетам муниципальных районов и городских округов области на обеспечение условий для функционирования центров образования естественно-научной и технологической направленностей в общеобразовательных организациях | C48: 000 0702 5A2E1U1290 521 | D48: =Субсидии!DC399 -> 42920.1 | E48: =Субсидии!DD399 -> 0 | F48: =E48/D48*100 -> 0
A49: 2.36. | B49: Субсидии бюджетам муниципальных районов и городских округов области на создание и обеспечение функционирования центров образования естественно-научной и технологической направленностей в общеобразовательных организациях, расположенных в сельской местности и малых городах | C49: 000 0702 5A2E151690 521 | D49: =Субсидии!DF399 -> 106674 | E49: =Субсидии!DG399 -> 4809.8234 | F49: =E49/D49*100 -> 4.5088994
A50: 3. | B50: Субвенции - всего | D50: =SUM(D51:D73) -> 22296940 | E50: =SUM(E51:E73) -> 12022985 | F50: =E50/D50*100 -> 53.922129
A51: 3.1. | B51: Субвенция бюджетам муниципальных районов и городских округов области на осуществление органами местного самоуправления государственных полномочий по частичному финансированию расходов на присмотр и уход за детьми дошкольного возраста в муниципальных образовательных организациях, реализующих основную общеобразовательную программу дошкольного образования | C51: 000 0701 5A10476900 530 | D51: ='Субвенции '!E408 -> 82819.7 | E51: ='Субвенции '!F408 -> 34506.183 | F51: =E51/D51*100 -> 41.664221
A52: 3.2. | B52: Субвенция бюджетам муниципальных районов и городских округов области на осуществление органами местного самоуправления государственных полномочий по организации предоставления компенсации родительской платы и расходы по оплате услуг почтовой связи и банковских услуг, оказываемых банками, по выплате за присмотр и уход за детьми в образовательных организациях, реализующих основную общеобразовательную программу дошкольного образования | C52: 000 0709 5A10477800 530 | D52: ='Субвенции '!H408 -> 22624.2 | E52: ='Субвенции '!I408 -> 10408.812 | F52: =E52/D52*100 -> 46.007425
A53: 3.3. | B53: Субвенция бюджетам муниципальных районов и городских округов области на осуществление органами местного самоуправления государственных полномочий по предоставлению компенсации родительской платы за присмотр и уход за детьми в образовательных организациях, реализующих основную общеобразовательную программу дошкольного образования | C53: 000 1004 5A10477900 530 | D53: ='Субвенции '!K408 -> 584284.1 | E53: ='Субвенции '!L408 -> 255432.47 | F53: =E53/D53*100 -> 43.717169
A54: 3.4. | B54: Субвенция бюджетам муниципальных районов и городских округов области на финансовое обеспечение образовательной деятельности муниципальных дошкольных образовательных организаций | C54: 000 0701 5A10576700 530 | D54: ='Субвенции '!N408 -> 6308064.5 | E54: ='Субвенции '!O408 -> 2807582.2 | F54: =E54/D54*100 -> 44.507823
A55: 3.5. | B55: Субвенция бюджетам муниципальных районов и городских округов области на проведение Всероссийской переписи населения 2020 года | C55: 000 0113 5811554690 530 | D55: ='Субвенции '!Q408 -> 37587.7 | E55: ='Субвенции '!R408 -> 0 | F55: =E55/D55*100 -> 0
A56: 3.6. | B56: Субвенция бюджетам муниципальных районов и городских округов области на осуществление органами местного самоуправления государственных полномочий по предоставлению питания отдельным категориям обучающихся в муниципальных образовательных организациях, реализующих образовательные программы начального общего, основного общего и среднего общего образования | C56: 000 0702 5A21277200 530 | D56: ='Субвенции '!T408 -> 333126.1 | E56: ='Субвенции '!U408 -> 119613.7 | F56: =E56/D56*100 -> 35.906434
A57: 3.7. | B57: Субвенция бюджетам муниципальных районов и городских округов области на осуществление органами местного самоуправления государственных полномочий по организацию предоставления питания отдельным категориям обучающихся в муниципальных образовательных организациях, реализующих образовательные программы начального общего, основного общего и среднего общего образования, и частичное финансирование расходов на присмотр и уход за детьми дошкольного возраста в муниципальных образовательных организациях, реализующих основную общеобразовательную программу дошкольного образования | C57: 000 0709 5A21277300 530 | D57: ='Субвенции '!W408 -> 16428.3 | E57: ='Субвенции '!X408 -> 7344.2719 | F57: =E57/D57*100 -> 44.705002
A58: 3.8. | B58: Субвенция бюджетам муниципальных районов и городских округов области на финансовое обеспечение образовательной деятельности муниципальных общеобразовательных учреждений | C58: 000 0702 5A21177000 530 | D58: ='Субвенции '!Z408 -> 12783880 | E58: ='Субвенции '!AA408 -> 7678035.7 | F58: =E58/D58*100 -> 60.060292
A59: 3.9. | B59: Субвенция бюджетам муниципальных районов и городских округов области на осуществление органами местного самоуправления отдельных государственных полномочий по осуществлению деятельности по опеке и попечительству в отношении несовершеннолетних граждан в части расходов на оплату труда, уплату страховых взносов по обязательному социальному страхованию в государственные внебюджетные фонды Российской Федерации, обеспечение деятельности штатных работников | C59: 000 0709 5A50577120 530 | D59: ='Субвенции '!AC408 -> 72908.1 | E59: ='Субвенции '!AD408 -> 29855.081 | F59: =E59/D59*100 -> 40.948922
A60: 3.10. | B60: Субвенция бюджетам муниципальных районов и городских округов области на осуществление органами местного самоуправления отдельных государственных полномочий по осуществлению деятельности по опеке и попечительству в отношении несовершеннолетних граждан в части расходов на обеспечение деятельности по сохранению, содержанию и ремонту пустующих жилых помещений, закрепленных за детьми-сиротами и детьми, оставшимися без попечения родителей | C60: 000 1004 5A50577И00 530 | D60: ='Субвенции '!AF408 -> 1486.7 | E60: ='Субвенции '!AG408 -> 83.37512 | F60: =E60/D60*100 -> 5.6080662
A61: 3.11. | B61: Субвенция бюджетам муниципальных районов и городских округов области на осуществление органами местного самоуправления государственных полномочий по организации предоставления гражданам субсидий на оплату жилого помещения и коммунальных услуг | C61: 000 1003 5212377Б00 530 | D61: ='Субвенции '!AI408 -> 58091.2 | E61: ='Субвенции '!AJ408 -> 25353.4 | F61: =E61/D61*100 -> 43.644131
A62: 3.13. | B62: Субвенция бюджетам муниципальных районов и городских округов области на осуществление органами местного самоуправления государственных полномочий по предоставлению гражданам субсидий на оплату жилого помещения и коммунальных услуг | C62: 000 1003 5212477110 530 | D62: ='Субвенции '!AL408 -> 666602 | E62: ='Субвенции '!AM408 -> 347019.02 | F62: =E62/D62*100 -> 52.057902
A63: 3.12. | B63: Субвенция бюджетам муниципальных районов и городских округов области на осуществление органами местного самоуправления государственных полномочий по созданию и организации деятельности комиссий по делам несовершеннолетних и защите их прав | C63: 000 0113 6511076600 530 | D63: ='Субвенции '!AO408 -> 29484.3 | E63: ='Субвенции '!AP408 -> 12122.7 | F63: =E63/D63*100 -> 41.115781
A64: 3.13. | B64: Субвенция бюджетам муниципальных районов и городских округов области на осуществление органами местного самоуправления государственных полномочий по образованию и обеспечению деятельности административных комиссий, определению перечня должностных лиц, уполномоченных составлять протоколы об административных правонарушениях | C64: 000 0113 6511176500 530 | D64: ='Субвенции '!AR408 -> 17420.7 | E64: ='Субвенции '!AS408 -> 6432.134 | F64: =E64/D64*100 -> 36.922362
A65: 3.14. | B65: Субвенция бюджетам муниципальных районов области на исполнение государственных полномочий по расчету и предоставлению дотаций бюджетам поселениям | C65: 000 1403 6640176100 530 | D65: ='Субвенции '!AU408 -> 80705.02 | E65: ='Субвенции '!AV408 -> 40299.84 | F65: =E65/D65*100 -> 49.934738
A66: 3.15. | B66: Субвенция бюджетам муниципальных районов и городских округов области на осуществление органами местного самоуправления отдельных государственных полномочий по санкционированию финансовыми органами муниципальных образований области оплаты денежных обязательств получателям средств областного бюджета, областным государственным автономным и бюджетным учреждениям, иным юридическим лицам, не являющимся участниками бюджетного процесса, расположенным на территориях муниципальных образований области | C66: 000 0106 6640177150 530 | D66: ='Субвенции '!AX408 -> 15316.7 | E66: ='Субвенции '!AY408 -> 6766.7572 | F66: =E66/D66*100 -> 44.17895
A67: 3.16. | B67: Субвенция бюджетам поселений и городских округов области на осуществление органами местного самоуправления поселений и органами местного самоуправления городских округов полномочий по первичному воинскому учету на территориях, где отсутствуют военные комиссариаты | C67: 000 0203 9020051180 530 | D67: ='Субвенции '!BA408 -> 51627 | E67: ='Субвенции '!BB408 -> 19741.826 | F67: =E67/D67*100 -> 38.239344
A68: 3.17. | B68: Субвенция бюджетам муниципальных районов и городских округов области на осуществление органами местного самоуправления отдельных государственных полномочий по государственному управлению охраной труда | C68: 000 0401 9610076300 530 | D68: ='Субвенции '!BD408 -> 15242 | E68: ='Субвенции '!BE408 -> 6230.6939 | F68: =E68/D68*100 -> 40.878453
A69: 3.18. | B69: Субвенция бюджетам муниципальных районов и городских округов области на осуществление органами местного самоуправления отдельных государственных полномочий по осуществлению деятельности по опеке и попечительству в отношении совершеннолетних граждан | C69: 000 1006 9610076400 530 | D69: ='Субвенции '!BG408 -> 21810.3 | E69: ='Субвенции '!BH408 -> 8455.121 | F69: =E69/D69*100 -> 38.766642
A70: 3.19. | B70: Субвенции бюджетам муниципальных районов и городских округов области на ежемесячное денежное вознаграждение за классное руководство педагогическим работникам муниципальных общеобразовательных организаций | C70: 000 0702 5A203R3030 530 | D70: ='Субвенции '!BJ408 -> 1086259.4 | E70: ='Субвенции '!BK408 -> 603648.03 | F70: =E70/D70*100 -> 55.57126
A71: 3.20. | B71: Субвенция бюджетам муниципальных районов и городских округов области на осуществление органами местного самоуправления отдельных государственных полномочий по организации проведения мероприятий при осуществлении деятельности по обращению с животными без владельцев | C71: 000 0405 9610077130 530 | D71: ='Субвенции '!BM408 -> 8776.2 | E71: ='Субвенции '!BN408 -> 4053.4613 | F71: =E71/D71*100 -> 46.186975
A72: 3.21. | B72: Субвенция бюджетам муниципальных районов и городских округов области на осуществление государственных полномочий по составлению (изменению) списков кандидатов в присяжные заседатели федеральных судов общей юрисдикции в Российской Федерации | C72: 000 0105 9020051200 530 | D72: ='Субвенции '!BP408 -> 668.7 | E72: ='Субвенции '!BQ408 -> 0 | F72: =E72/D72*100 -> 0
A73: 3.22. | B73: Субвенция бюджетам городских округов области на осуществление органами местного самоуправления отдельных государственных полномочий по осуществлению регионального государственного жилищного надзора и лицензионного контроля | C73: 000 0113 9610076510 530 | D73: ='Субвенции '!BS408 -> 1726.9 | E73: ='Субвенции '!BT408 -> 0 | F73: =E73/D73*100 -> 0
A74: 4. | B74: Иные межбюджетные трансферты | D74: =SUM(D75:D116) -> 3954912.1 | E74: =SUM(E75:E116) -> 1428926.6 | F74: =E74/D74*100 -> 36.130427
A75: 4.1. | B75: Иные межбюджетные трансферты бюджетам городских округов области на осуществление дорожной деятельности в отношении автомобильных дорог общего пользования местного значения Саратовской агломерации в границах городских поселений области в рамках реализации национального проекта «Безопасные и качественные автомобильные дороги» за счет средств областного дорожного фонда | C75: 000 0409 5Ж2R153930 540 | D75: =Иные!E387 -> 1114100 | E75: =Иные!F387 -> 247865.78 | F75: =E75/D75*100 -> 22.248073
A76: 4.2. | B76: Иные межбюджетные трансферты бюджетам поселений области на осуществление дорожной деятельности в отношении автомобильных дорог общего пользования местного значения Саратовской агломерации в границах городских поселений области в рамках реализации национального проекта «Безопасные и качественные автомобильные дороги» за счет средств областного дорожного фонда | C76: 000 0409 5Ж2R153930 540 | D76: =Иные!H387 -> 299900 | E76: =Иные!I387 -> 214675.75 | F76: =E76/D76*100 -> 71.582446
A77: 4.3. | B77: Иные межбюджетные трансферты бюджетам муниципальных районов и городских округов области на осуществление мероприятий в области энергосбережения и повышения энергетической эффективности | C77: 000 1403 6321179Б00 540 | D77: =Иные!K387 -> 100000 | E77: =Иные!L387 -> 70565.936 | F77: =E77/D77*100 -> 70.565936
A78: 4.4. | B78: Иные межбюджетные трансферты бюджетам поселений области на создание виртуальных концертных залов | C78: 000 0801 55AA354530 540 | D78: =Иные!N387 -> 2500 | E78: =Иные!O387 -> 2500 | F78: =E78/D78*100 -> 100
A79: 4.5. | B79: Иные межбюджетные трансферты бюджетам городских округов области на обновление наземного общественного пассажирского транспорта | C79: 000 0408 5Ж10878900 540 | D79: =Иные!Q387 -> 30558.4 | E79: =Иные!R387 -> 0 | F79: =E79/D79*100 -> 0
A80: 4.6. | B80: Иные межбюджетные трансферты бюджетам бюджетам муниципальных районов и поселений области в целях софинансирования расходных обязательств, возникающих при осуществлении работ по сохранению объектов культурного наследия, расположенных на территории Саратовской области | C80: 000 0801 55А2255780 540 | D80: =Иные!T387 -> 70234.6 | E80: =Иные!U387 -> 0 | F80: =E80/D80*100 -> 0
A81: 4.7. | B81: Иные межбюджетные трансферты бюджетам поселений области на финансовое обеспечение расходов по реализации проектов создания комфортной городской среды в малых городах и исторических поселениях в рамках проведения Всероссийского конкурса лучших проектов создания комфортной городской среды | C81: 000 0503 692F254240 540 | D81: =Иные!W387 -> 340000 | E81: =Иные!X387 -> 58238.091 | F81: =E81/D81*100 -> 17.12885
A82: 4.8. | B82: Иные межбюджетные трансферты бюджетам муниципальных районов и городских округов области на размещение социально значимой информации в печатных средствах массовой информации, учрежденных органами местного самоуправления | C82: 000 1204 6651778600 540 | D82: =Иные!Z387 -> 20000 | E82: =Иные!AA387 -> 13775.748 | F82: =E82/D82*100 -> 68.878741
A83: 4.9. | B83: Иные межбюджетные трансферты бюджетам муниципальных районов, городских округов и поселений области за счет средств, выделяемых из резервного фонда Правительства Саратовской области 4* | C83: 000 1403 6640379990 540 | D83: =Иные!AC387 -> 3704.109 | E83: =Иные!AD387 -> 3704.109 | F83: =E83/D83*100 -> 100
A84: 4.10. | B84: Иные межбюджетные трансферты бюджетам городских округов области на оснащение вновь вводимых общеобразовательных организаций средствами обучения и воспитания 5* | C84: 000 0702 5A22078160 540 | D84: =Иные!AF387 -> 70000 | E84: =Иные!AG387 -> 21000 | F84: =E84/D84*100 -> 30
A85: 4.11. | B85: Иные межбюджетные трансферты бюджетам городских округов области на оснащение и укрепление материально-технической базы в дошкольных образовательных организациях 6* | C85: 000 0701 5A10779Г41 540 000 0701 5A10779Г42 540 000 0701 5A10779Г43 540 | D85: =Иные!AI387 -> 90538 | E85: =Иные!AJ387 -> 85151.313 | F85: =E85/D85*100 -> 94.050358
A86: 4.12. | B86: Иные межбюджетные трансферты бюджетам городских округов области на оснащение и укрепление материально-технической базы в образовательных организациях 6* | C86: 000 0702 5A22079Г41 540 000 0702 5A22079Г42 540 000 0702 5A22079Г43 540 | D86: =Иные!AL387 -> 251389 | E86: =Иные!AM387 -> 231646.19
A87: 4.13. | B87: Иные межбюджетные трансферты бюджетам муниципальных районов и городских округов области на благоустройство территорий общеобразовательных организаций 28* | C87: 000 0702 5A22075500 540 | D87: =Иные!AO387 -> 48500 | E87: =Иные!AP387 -> 4620.7732 | F87: =E87/D87*100 -> 9.5273674
A88: 4.14. | B88: Иных межбюджетные трансферты бюджетам муниципальных районов области на проведение текущего и капитального ремонта муниципальных дошкольных образовательных организаций 8* | C88: 000 0701 5A10774100 540 | D88: =Иные!AR387 -> 80000 | E88: =Иные!AS387 -> 8467.3128 | F88: =E88/D88*100 -> 10.584141
A89: 4.15. | B89: Иные межбюджетные трансферты бюджетам городских округов области на реализацию комплекса мероприятий, связанных с эффективным использованием тренировочных площадок после проведения чемпионата мира по футболу 2018 года в Российской Федерации | C89: 000 1103 56413R4260 540 | D89: =Иные!AU387 -> 26200 | E89: =Иные!AV387 -> 26200 | F89: =E89/D89*100 -> 100
A90: 4.16. | B90: Иные межбюджетные трансферты бюджетам городских округов области на обеспечение бесперебойного функционирования городского наземного электрического транспорта | C90: 000 0408 5Ж11178910 540 | D90: =Иные!AX387 -> 100000 | E90: =Иные!AY387 -> 100000 | F90: =E90/D90*100 -> 100
A91: 4.17. | B91: Иные межбюджетные трансферты бюджетам муниципальных районов области на создание условий для ведения здорового образа жизни | C91: 000 0503 6920478150 540 | D91: =Иные!BA387 -> 136364.4 | E91: =Иные!BB387 -> 70187.916 | F91: =E91/D91*100 -> 51.47085
A92: 4.18. | B92: Иные межбюджетные трансферты бюджетам городских округов области на реализацию мероприятий по строительству объектов физической культуры и спорта | C92: 000 1102 5641072820 540 | D92: =Иные!BD387 -> 64700 | E92: =Иные!BE387 -> 30566.053 | F92: =E92/D92*100 -> 47.242741
A93: 4.19. | B93: Иные межбюджетные трансферты бюджетам муниципальных районов, городских округов и поселений области на достижение надлежащего уровня оплаты труда в органах местного самоуправления | C93: 000 0113 6610678620 540 | D93: =Иные!BG387 -> 81205.5 | E93: =Иные!BH387 -> 0 | F93: =E93/D93*100 -> 0
A94: 4.20. | B94: Иные межбюджетные трансферты бюджетам муниципальных районов области на подведение объектов водоснабжения и водоотведения к земельным участкам, расположенным в муниципальных районах, имеющих статус особой экономической зоны технико-внедренческого типа | C94: 000 1403 5823878920 540 | D94: =Иные!BJ387 -> 52000 | E94: =Иные!BK387 -> 0 | F94: =E94/D94*100 -> 0
A95: 4.21. | B95: Иные межбюджетные трансферты бюджетам городских округов области на выполнение строительно-монтажных работ по строительству и ремонту пешеходных зон и тротуаров 7* | C95: 000 0503 6920478141 540 | D95: =Иные!BM387 -> 300000 | E95: =Иные!BN387 -> 0 | F95: =E95/D95*100 -> 0
A96: 4.22. | B96: Иные межбюджетные трансферте бюджетам муниципальных районов и городских округов области на оснащение и укрепление материально-технической базы образовательных организаций 9* | C96: 000 1403 6640379993 540 | D96: =Иные!BP387 -> 19508 | E96: =Иные!BQ387 -> 19508 | F96: =E96/D96*100 -> 100
A97: 4.23. | B97: Иные межбюджетные трансферты бюджетам муниципальных районов области на завершение строительства дошкольных образовательных организаций, включая общестроительные работы, благоустройство, озеленение, приобретение технологического оборудования и мебели, приобретение и установку малых архитектурных форм 10* | C97: 000 1403 6640379991 540 | D97: =Иные!BS387 -> 9400 | E97: =Иные!BT387 -> 9400 | F97: =E97/D97*100 -> 100
A98: 4.24. | B98: Иные межбюджетные трансферты бюджетам муниципальных районов Саратовской области на завершение строительства бассейна в целях создания дополнительных возможностей для занятия физической культурой и спортом 11* | C98: 000 0702 6640379990 | D98: =Иные!BV387 -> 47900 | E98: =Иные!BW387 -> 0 | F98: =E98/D98*100 -> 0
A99: 4.25. | B99: Иные межбюджетные трансферты бюджетам муниципальных районов и городских округов области на разработку проектно-сметной документации в отношении объектов, находящихся в муниципальной собственности, в целях сохранения культурно-исторического облика муниципальных районов и городских округов области 12* | C99: 000 0801 5570778220 540 | D99: =Иные!BY387 -> 15000 | E99: =Иные!BZ387 -> 0 | F99: =E99/D99*100 -> 0
A100: 4.26. | B100: Иные межбюджетные трансферты бюджетам муниципальных районов и поселений области на выполнение работ по аккумуляции (закачке) воды в пруды и водохранилища 13* | C100: 000 1403 6640379995 540 | D100: =Иные!CB387 -> 71434.744 | E100: =Иные!CC387 -> 71434.744 | F100: =E100/D100*100 -> 100
A101: 4.27. | B101: Иные межбюджетные трансферты бюджетам муниципальных районов и городских округов области на укрепление материально-технической базы муниципальных образовательных организаций 14* | C101: 000 1403 6640379994 000 | D101: =Иные!CE387 -> 19779.8 | E101: =Иные!CF387 -> 19779.8 | F101: =E101/D101*100 -> 100
...

Sheet Всего (с выдел. нераспред)
A1: Сведения о предоставленных из бюджета Саратовской области межбюджетных трансфертах бюджетам муниципальных образований за 1 полугодие 2021 года
O2: тыс.рублей
A3: Наименование муниципальных образований | B3: Всего
E4: Дотации | H4: Субсидии | K4: Субвенции | N4: Иные межбюджетные трансферты
B6: утвержденные бюджетные назначения 2* | C6: исполнено | D6: % исполнения | E6: утвержденные бюджетные назначения* | F6: исполнено | G6: % исполнения | H6: утвержденные бюджетные назначения 2* | I6: исполнено | J6: % исполнения | K6: утвержденные бюджетные назначения* | L6: исполнено | M6: % исполнения | N6: утвержденные бюджетные назначения 2* | O6: исполнено | P6: % исполнения
A7: Муниципальные районы области (консолидированный) | B7: =E7+H7+K7+N7 -> 26011695 | C7: =F7+I7+L7+O7 -> 12373025 | D7: =C7/B7*100 -> 47.567161 | E7: =E10+E14+E23+E37+E52+E57+E75+E81+E98+E103+E115+E124+E138+E151+E162+E175+E188+E202+E206+E218+E227+E234+E247+E260+E274+E282+E292+E303+E313+E322+E331+E341+E355+E366+E375+E384+E397+E406 -> 4530979.7 | F7: =F10+F14+F23+F37+F52+F57+F75+F81+F98+F103+F115+F124+F138+F151+F162+F175+F188+F202+F206+F218+F227+F234+F247+F260+F274+F282+F292+F303+F313+F322+F331+F341+F355+F366+F375+F384+F397+F406 -> 2139974 | G7: =F7/E7*100 -> 47.22983 | H7: =H10+H14+H23+H37+H52+H57+H75+H81+H98+H103+H115+H124+H138+H151+H162+H175+H188+H202+H206+H218+H227+H234+H247+H260+H274+H282+H292+H303+H313+H322+H331+H341+H355+H366+H375+H384+H397+H406 -> 4391592.6 | I7: =I10+I14+I23+I37+I52+I57+I75+I81+I98+I103+I115+I124+I138+I151+I162+I175+I188+I202+I206+I218+I227+I234+I247+I260+I274+I282+I292+I303+I313+I322+I331+I341+I355+I366+I375+I384+I397+I406 -> 1092125.8 | J7: =I7/H7*100 -> 24.86856 | K7: =K10+K14+K23+K37+K52+K57+K75+K81+K98+K103+K115+K124+K138+K151+K162+K175+K188+K202+K206+K218+K227+K234+K247+K260+K274+K282+K292+K303+K313+K322+K331+K341+K355+K366+K375+K384+K397+K406 -> 15115758 | L7: =L10+L14+L23+L37+L52+L57+L75+L81+L98+L103+L115+L124+L138+L151+L162+L175+L188+L202+L206+L218+L227+L234+L247+L260+L274+L282+L292+L303+L313+L322+L331+L341+L355+L366+L375+L384+L397+L406 -> 8284584.4 | M7: =L7/K7*100 -> 54.807601 | N7: =N10+N14+N23+N37+N52+N57+N75+N81+N98+N103+N115+N124+N138+N151+N162+N175+N188+N202+N206+N218+N227+N234+N247+N260+N274+N282+N292+N303+N313+N322+N331+N341+N355+N366+N375+N384+N397+N406 -> 1973365.2 | O7: =O10+O14+O23+O37+O52+O57+O75+O81+O98+O103+O115+O124+O138+O151+O162+O175+O188+O202+O206+O218+O227+O234+O247+O260+O274+O282+O292+O303+O313+O322+O331+O341+O355+O366+O375+O384+O397+O406 -> 856340.76 | P7: =O7/N7*100 -> 43.394946
A8: Муниципальные районы области (собственный): | B8: =E8+H8+K8+N8 -> 23798117 | C8: =F8+I8+L8+O8 -> 11820124 | D8: =C8/B8*100 -> 49.668315 | E8: =E11+E15+E24+E38+E53+E58+E76+E82+E99+E104+E116+E125+E139+E152+E163+E176+E189+E203+E207+E219+E228+E235+E248+E261+E275+E283+E293+E304+E314+E323+E332+E342+E356+E367+E376+E385+E398+E407 -> 4530979.7 | F8: =F11+F15+F24+F38+F53+F58+F76+F82+F99+F104+F116+F125+F139+F152+F163+F176+F189+F203+F207+F219+F228+F235+F248+F261+F275+F283+F293+F304+F314+F323+F332+F342+F356+F367+F376+F385+F398+F407 -> 2139974 | G8: =F8/E8*100 -> 47.22983 | H8: =H11+H15+H24+H38+H53+H58+H76+H82+H99+H104+H116+H125+H139+H152+H163+H176+H189+H203+H207+H219+H228+H235+H248+H261+H275+H283+H293+H304+H314+H323+H332+H342+H356+H367+H376+H385+H398+H407 -> 3192792.7 | I8: =I11+I15+I24+I38+I53+I58+I76+I82+I99+I104+I116+I125+I139+I152+I163+I176+I189+I203+I207+I219+I228+I235+I248+I261+I275+I283+I293+I304+I314+I323+I332+I342+I356+I367+I376+I385+I398+I407 -> 889090.48 | J8: =I8/H8*100 -> 27.846797 | K8: =K11+K15+K24+K38+K53+K58+K76+K82+K99+K104+K116+K125+K139+K152+K163+K176+K189+K203+K207+K219+K228+K235+K248+K261+K275+K283+K293+K304+K314+K323+K332+K342+K356+K367+K376+K385+K398+K407 -> 15064693 | L8: =L11+L15+L24+L38+L53+L58+L76+L82+L99+L104+L116+L125+L139+L152+L163+L176+L189+L203+L207+L219+L228+L235+L248+L261+L275+L283+L293+L304+L314+L323+L332+L342+L356+L367+L376+L385+L398+L407 -> 8265091.1 | M8: =L8/K8*100 -> 54.863986 | N8: =N11+N15+N24+N38+N53+N58+N76+N82+N99+N104+N116+N125+N139+N152+N163+N176+N189+N203+N207+N219+N228+N235+N248+N261+N275+N283+N293+N304+N314+N323+N332+N342+N356+N367+N376+N385+N398+N407 -> 1009651.1 | O8: =O11+O15+O24+O38+O53+O58+O76+O82+O99+O104+O116+O125+O139+O152+O163+O176+O189+O203+O207+O219+O228+O235+O248+O261+O275+O283+O293+O304+O314+O323+O332+O342+O356+O367+O376+O385+O398+O407 -> 525967.92 | P8: =O8/N8*100 -> 52.094028
A9: Поселения: | B9: =E9+H9+K9+N9 -> 2213579 | C9: =F9+I9+L9+O9 -> 552901.43 | D9: =C9/B9*100 -> 24.977714 | E9: =SUM(E12:E13)+SUM(E16:E22)+SUM(E25:E36)+SUM(E39:E51)+SUM(E54:E56)+SUM(E59:E74)+SUM(E77:E80)+SUM(E83:E97)+SUM(E100:E102)+SUM(E105:E114)+SUM(E117:E123)+SUM(E126:E137)+SUM(E140:E150)+SUM(E153:E161)+SUM(E164:E174)+SUM(E177:E187)+SUM(E190:E201)+SUM(E204:E205)+SUM(E208:E217)+SUM(E220:E226)+SUM(E229:E233)+SUM(E236:E246)+SUM(E249:E259)+SUM(E262:E273)+SUM(E276:E281)+SUM(E284:E291)+SUM(E294:E302)+SUM(E305:E312)+SUM(E315:E321)+SUM(E324:E330)+SUM(E333:E340)+SUM(E343:E354)+SUM(E357:E365)+SUM(E368:E374)+SUM(E377:E383)+SUM(E386:E396)+SUM(E399:E405)+SUM(E408:E412) -> 0 | F9: =SUM(F12:F13)+SUM(F16:F22)+SUM(F25:F36)+SUM(F39:F51)+SUM(F54:F56)+SUM(F59:F74)+SUM(F77:F80)+SUM(F83:F97)+SUM(F100:F102)+SUM(F105:F114)+SUM(F117:F123)+SUM(F126:F137)+SUM(F140:F150)+SUM(F153:F161)+SUM(F164:F174)+SUM(F177:F187)+SUM(F190:F201)+SUM(F204:F205)+SUM(F208:F217)+SUM(F220:F226)+SUM(F229:F233)+SUM(F236:F246)+SUM(F249:F259)+SUM(F262:F273)+SUM(F276:F281)+SUM(F284:F291)+SUM(F294:F302)+SUM(F305:F312)+SUM(F315:F321)+SUM(F324:F330)+SUM(F333:F340)+SUM(F343:F354)+SUM(F357:F365)+SUM(F368:F374)+SUM(F377:F383)+SUM(F386:F396)+SUM(F399:F405)+SUM(F408:F412) -> 0 | H9: =SUM(H12:H13)+SUM(H16:H22)+SUM(H25:H36)+SUM(H39:H51)+SUM(H54:H56)+SUM(H59:H74)+SUM(H77:H80)+SUM(H83:H97)+SUM(H100:H102)+SUM(H105:H114)+SUM(H117:H123)+SUM(H126:H137)+SUM(H140:H150)+SUM(H153:H161)+SUM(H164:H174)+SUM(H177:H187)+SUM(H190:H201)+SUM(H204:H205)+SUM(H208:H217)+SUM(H220:H226)+SUM(H229:H233)+SUM(H236:H246)+SUM(H249:H259)+SUM(H262:H273)+SUM(H276:H281)+SUM(H284:H291)+SUM(H294:H302)+SUM(H305:H312)+SUM(H315:H321)+SUM(H324:H330)+SUM(H333:H340)+SUM(H343:H354)+SUM(H357:H365)+SUM(H368:H374)+SUM(H377:H383)+SUM(H386:H396)+SUM(H399:H405)+SUM(H408:H412) -> 1198799.9 | I9: =SUM(I12:I13)+SUM(I16:I22)+SUM(I25:I36)+SUM(I39:I51)+SUM(I54:I56)+SUM(I59:I74)+SUM(I77:I80)+SUM(I83:I97)+SUM(I100:I102)+SUM(I105:I114)+SUM(I117:I123)+SUM(I126:I137)+SUM(I140:I150)+SUM(I153:I161)+SUM(I164:I174)+SUM(I177:I187)+SUM(I190:I201)+SUM(I204:I205)+SUM(I208:I217)+SUM(I220:I226)+SUM(I229:I233)+SUM(I236:I246)+SUM(I249:I259)+SUM(I262:I273)+SUM(I276:I281)+SUM(I284:I291)+SUM(I294:I302)+SUM(I305:I312)+SUM(I315:I321)+SUM(I324:I330)+SUM(I333:I340)+SUM(I343:I354)+SUM(I357:I365)+SUM(I368:I374)+SUM(I377:I383)+SUM(I386:I396)+SUM(I399:I405)+SUM(I408:I412) -> 203035.36 | J9: =I9/H9*100 -> 16.936551 | K9: =SUM(K12:K13)+SUM(K16:K22)+SUM(K25:K36)+SUM(K39:K51)+SUM(K54:K56)+SUM(K59:K74)+SUM(K77:K80)+SUM(K83:K97)+SUM(K100:K102)+SUM(K105:K114)+SUM(K117:K123)+SUM(K126:K137)+SUM(K140:K150)+SUM(K153:K161)+SUM(K164:K174)+SUM(K177:K187)+SUM(K190:K201)+SUM(K204:K205)+SUM(K208:K217)+SUM(K220:K226)+SUM(K229:K233)+SUM(K236:K246)+SUM(K249:K259)+SUM(K262:K273)+SUM(K276:K281)+SUM(K284:K291)+SUM(K294:K302)+SUM(K305:K312)+SUM(K315:K321)+SUM(K324:K330)+SUM(K333:K340)+SUM(K343:K354)+SUM(K357:K365)+SUM(K368:K374)+SUM(K377:K383)+SUM(K386:K396)+SUM(K399:K405)+SUM(K408:K412) -> 51064.9 | L9: =SUM(L12:L13)+SUM(L16:L22)+SUM(L25:L36)+SUM(L39:L51)+SUM(L54:L56)+SUM(L59:L74)+SUM(L77:L80)+SUM(L83:L97)+SUM(L100:L102)+SUM(L105:L114)+SUM(L117:L123)+SUM(L126:L137)+SUM(L140:L150)+SUM(L153:L161)+SUM(L164:L174)+SUM(L177:L187)+SUM(L190:L201)+SUM(L204:L205)+SUM(L208:L217)+SUM(L220:L226)+SUM(L229:L233)+SUM(L236:L246)+SUM(L249:L259)+SUM(L262:L273)+SUM(L276:L281)+SUM(L284:L291)+SUM(L294:L302)+SUM(L305:L312)+SUM(L315:L321)+SUM(L324:L330)+SUM(L333:L340)+SUM(L343:L354)+SUM(L357:L365)+SUM(L368:L374)+SUM(L377:L383)+SUM(L386:L396)+SUM(L399:L405)+SUM(L408:L412) -> 19493.231 | M9: =L9/K9*100 -> 38.173444 | N9: =SUM(N12:N13)+SUM(N16:N22)+SUM(N25:N36)+SUM(N39:N51)+SUM(N54:N56)+SUM(N59:N74)+SUM(N77:N80)+SUM(N83:N97)+SUM(N100:N102)+SUM(N105:N114)+SUM(N117:N123)+SUM(N126:N137)+SUM(N140:N150)+SUM(N153:N161)+SUM(N164:N174)+SUM(N177:N187)+SUM(N190:N201)+SUM(N204:N205)+SUM(N208:N217)+SUM(N220:N226)+SUM(N229:N233)+SUM(N236:N246)+SUM(N249:N259)+SUM(N262:N273)+SUM(N276:N281)+SUM(N284:N291)+SUM(N294:N302)+SUM(N305:N312)+SUM(N315:N321)+SUM(N324:N330)+SUM(N333:N340)+SUM(N343:N354)+SUM(N357:N365)+SUM(N368:N374)+SUM(N377:N383)+SUM(N386:N396)+SUM(N399:N405)+SUM(N408:N412) -> 963714.12 | O9: =SUM(O12:O13)+SUM(O16:O22)+SUM(O25:O36)+SUM(O39:O51)+SUM(O54:O56)+SUM(O59:O74)+SUM(O77:O80)+SUM(O83:O97)+SUM(O100:O102)+SUM(O105:O114)+SUM(O117:O123)+SUM(O126:O137)+SUM(O140:O150)+SUM(O153:O161)+SUM(O164:O174)+SUM(O177:O187)+SUM(O190:O201)+SUM(O204:O205)+SUM(O208:O217)+SUM(O220:O226)+SUM(O229:O233)+SUM(O236:O246)+SUM(O249:O259)+SUM(O262:O273)+SUM(O276:O281)+SUM(O284:O291)+SUM(O294:O302)+SUM(O305:O312)+SUM(O315:O321)+SUM(O324:O330)+SUM(O333:O340)+SUM(O343:O354)+SUM(O357:O365)+SUM(O368:O374)+SUM(O377:O383)+SUM(O386:O396)+SUM(O399:O405)+SUM(O408:O412) -> 330372.84 | P9: =O9/N9*100 -> 34.281207
A10: Александрово-Гайский район (консолидированный) | B10: =E10+H10+K10+N10 -> 457155.99 | C10: =F10+I10+L10+O10 -> 220880.7 | D10: =C10/B10*100 -> 48.316265 | E10: =E11+E12+E13 -> 142246.37 | F10: =F11+F12+F13 -> 57805.32 | G10: =F10/E10*100 -> 40.637466 | H10: =H11+H12+H13 -> 130737.86 | I10: =I11+I12+I13 -> 43789.954 | J10: =I10/H10*100 -> 33.494471 | K10: =K11+K12+K13 -> 172646.1 | L10: =L11+L12+L13 -> 111597.91 | M10: =L10/K10*100 -> 64.639693 | N10: =N11+N12+N13 -> 11525.664 | O10: =O11+O12+O13 -> 7687.5186 | P10: =O10/N10*100 -> 66.699139
A11: Александрово-Гайский район (собственный) | B11: =E11+H11+K11+N11 -> 452005.77 | C11: =F11+I11+L11+O11 -> 219466.74 | D11: =C11/B11*100 -> 48.553969 | E11: =Дотации!B8 -> 142246.37 | F11: =Дотации!C8 -> 57805.32 | G11: =F11/E11*100 -> 40.637466 | H11: =Субсидии!B12 -> 126664.14 | I11: =Субсидии!C12 -> 42748.051 | J11: =I11/H11*100 -> 33.749134 | K11: ='Субвенции '!B14 -> 171750.4 | L11: ='Субвенции '!C14 -> 111225.85 | M11: =L11/K11*100 -> 64.760172 | N11: =Иные!B12 -> 11344.864 | O11: =Иные!C12 -> 7687.5186 | P11: =O11/N11*100 -> 67.762105
A12: Александрово-Гайское МО | B12: =E12+H12+K12+N12 -> 4024.087 | C12: =F12+I12+L12+O12 -> 1379.6838 | D12: =C12/B12*100 -> 34.285636 | H12: =Субсидии!B13 -> 3233.787 | I12: =Субсидии!C13 -> 1041.9033 | J12: =I12/H12*100 -> 32.219293 | K12: ='Субвенции '!B15 -> 790.3 | L12: ='Субвенции '!C15 -> 337.78052 | M12: =L12/K12*100 -> 42.740797
A13: Новоалександровское МО | B13: =E13+H13+K13+N13 -> 1126.13 | C13: =F13+I13+L13+O13 -> 34.27455 | D13: =C13/B13*100 -> 3.0435696 | H13: =Субсидии!B14 -> 839.93 | I13: =Субсидии!C14 -> 0 | K13: ='Субвенции '!B16 -> 105.4 | L13: ='Субвенции '!C16 -> 34.27455 | M13: =L13/K13*100 -> 32.518548 | N13: =Иные!B14 -> 180.8 | O13: =Иные!C14 -> 0 | P13: =O13/N13*100 -> 0
A14: Аркадакский район (консолидированный) | B14: =E14+H14+K14+N14 -> 356965.82 | C14: =F14+I14+L14+O14 -> 202981.46 | D14: =C14/B14*100 -> 56.862995 | E14: =SUM(E15:E22) -> 83149.1 | F14: =SUM(F15:F22) -> 36751.6 | G14: =F14/E14*100 -> 44.199637 | H14: =SUM(H15:H22) -> 43081.22 | I14: =SUM(I15:I22) -> 12243.46 | J14: =I14/H14*100 -> 28.419483 | K14: =SUM(K15:K22) -> 223653.9 | L14: =SUM(L15:L22) -> 150511.51 | M14: =L14/K14*100 -> 67.296617 | N14: =SUM(N15:N22) -> 7081.6 | O14: =SUM(O15:O22) -> 3474.889 | P14: =O14/N14*100 -> 49.069264
A15: Аркадакский район (собственный) | B15: =E15+H15+K15+N15 -> 351510.12 | C15: =F15+I15+L15+O15 -> 200347.88 | D15: =C15/B15*100 -> 56.996332 | E15: =Дотации!B9 -> 83149.1 | F15: =Дотации!C9 -> 36751.6 | G15: =F15/E15*100 -> 44.199637 | H15: =Субсидии!B16 -> 39639.02 | I15: =Субсидии!C16 -> 10124.692 | J15: =I15/H15*100 -> 25.542236 | K15: ='Субвенции '!B18 -> 222389.1 | L15: ='Субвенции '!C18 -> 149996.7 | M15: =L15/K15*100 -> 67.447863 | N15: =Иные!B16 -> 6332.9 | O15: =Иные!C16 -> 3474.889 | P15: =O15/N15*100 -> 54.870422
A16: город Аркадак | B16: =E16+H16+K16+N16 -> 3085.8 | C16: =F16+I16+L16+O16 -> 2407.0681 | D16: =C16/B16*100 -> 78.00467 | H16: =Субсидии!B17 -> 2383.2 | I16: =Субсидии!C17 -> 2118.7678 | J16: =I16/H16*100 -> 88.904322 | K16: ='Субвенции '!B19 -> 702.6 | L16: ='Субвенции '!C19 -> 288.3003 | M16: =L16/K16*100 -> 41.033348 | N16: =Иные!B17 -> 0 | O16: =Иные!C17 -> 0 | P16: =O16/N16*100 -> #DIV/0!
A17: Большежуравское МО | B17: =E17+H17+K17+N17 -> 166.1 | C17: =F17+I17+L17+O17 -> 39.97242 | D17: =C17/B17*100 -> 24.065274 | H17: =Субсидии!B18 -> 0 | I17: =Субсидии!C18 -> 0 | K17: ='Субвенции '!B20 -> 93.7 | L17: ='Субвенции '!C20 -> 39.97242 | M17: =L17/K17*100 -> 42.66 | N17: =Иные!B18 -> 72.4 | O17: =Иные!C18 -> 0 | P17: =O17/N17*100 -> 0
A18: Краснознаменское МО | B18: =E18+H18+K18+N18 -> 911 | C18: =F18+I18+L18+O18 -> 33.31036 | D18: =C18/B18*100 -> 3.656461 | H18: =Субсидии!B19 -> 700 | I18: =Субсидии!C19 -> 0 | K18: ='Субвенции '!B21 -> 93.7 | L18: ='Субвенции '!C21 -> 33.31036 | M18: =L18/K18*100 -> 35.550011 | N18: =Иные!B19 -> 117.3 | O18: =Иные!C19 -> 0 | P18: =O18/N18*100 -> 0
A19: Львовское МО | B19: =E19+H19+K19+N19 -> 411 | C19: =F19+I19+L19+O19 -> 39.97241 | D19: =C19/B19*100 -> 9.7256472 | H19: =Субсидии!B20 -> 200 | I19: =Субсидии!C20 -> 0 | K19: ='Субвенции '!B22 -> 93.7 | L19: ='Субвенции '!C22 -> 39.97241 | M19: =L19/K19*100 -> 42.659989 | N19: =Иные!B20 -> 117.3 | O19: =Иные!C20 -> 0 | P19: =O19/N19*100 -> 0
A20: Малиновское МО | B20: =E20+H20+K20+N20 -> 370 | C20: =F20+I20+L20+O20 -> 39.97398 | D20: =C20/B20*100 -> 10.803778 | H20: =Субсидии!B21 -> 159 | I20: =Субсидии!C21 -> 0 | K20: ='Субвенции '!B23 -> 93.7 | L20: ='Субвенции '!C23 -> 39.97398 | M20: =L20/K20*100 -> 42.661665 | N20: =Иные!B21 -> 117.3 | O20: =Иные!C21 -> 0 | P20: =O20/N20*100 -> 0
A21: Росташовское МО | B21: =E21+H21+K21+N21 -> 300.8 | C21: =F21+I21+L21+O21 -> 39.97243 | D21: =C21/B21*100 -> 13.288707 | H21: =Субсидии!B22 -> 0 | I21: =Субсидии!C22 -> 0 | K21: ='Субвенции '!B24 -> 93.7 | L21: ='Субвенции '!C24 -> 39.97243 | M21: =L21/K21*100 -> 42.660011 | N21: =Иные!B22 -> 207.1 | O21: =Иные!C22 -> 0 | P21: =O21/N21*100 -> 0
A22: Семеновское МО | B22: =E22+H22+K22+N22 -> 211 | C22: =F22+I22+L22+O22 -> 33.31035 | D22: =C22/B22*100 -> 15.786896 | H22: =Субсидии!B23 -> 0 | I22: =Субсидии!C23 -> 0 | K22: ='Субвенции '!B25 -> 93.7 | L22: ='Субвенции '!C25 -> 33.31035 | M22: =L22/K22*100 -> 35.55 | N22: =Иные!B23 -> 117.3 | O22: =Иные!C23 -> 0 | P22: =O22/N22*100 -> 0
A23: Аткарский район (консолидированный) | B23: =E23+H23+K23+N23 -> 618570.28 | C23: =F23+I23+L23+O23 -> 307871.61 | D23: =C23/B23*100 -> 49.771485 | E23: =SUM(E24:E36) -> 128177.2 | F23: =SUM(F24:F36) -> 57741.8 | G23: =F23/E23*100 -> 45.048417 | H23: =SUM(H24:H36) -> 71301.791 | I23: =SUM(I24:I36) -> 17898.233 | J23: =I23/H23*100 -> 25.10208 | K23: =SUM(K24:K36) -> 406162.7 | L23: =SUM(L24:L36) -> 223773.39 | M23: =L23/K23*100 -> 55.09452 | N23: =SUM(N24:N36) -> 12928.592 | O23: =SUM(O24:O36) -> 8458.1926 | P23: =O23/N23*100 -> 65.422378
A24: Аткарский район (собственный) | B24: =E24+H24+K24+N24 -> 605441.04 | C24: =F24+I24+L24+O24 -> 302831.47 | D24: =C24/B24*100 -> 50.018325 | E24: =Дотации!B10 -> 128177.2 | F24: =Дотации!C10 -> 57741.8 | G24: =F24/E24*100 -> 45.048417 | H24: =Субсидии!B25 -> 64006.841 | I24: =Субсидии!C25 -> 16221.752 | J24: =I24/H24*100 -> 25.343778 | K24: ='Субвенции '!B27 -> 404148.4 | L24: ='Субвенции '!C27 -> 223263.11 | M24: =L24/K24*100 -> 55.242855 | N24: =Иные!B25 -> 9108.6 | O24: =Иные!C25 -> 5604.8002 | P24: =O24/N24*100 -> 61.533059
A25: город Аткарск | B25: =E25+H25+K25+N25 -> 7370.1924 | C25: =F25+I25+L25+O25 -> 3507.9347 | D25: =C25/B25*100 -> 47.596243 | H25: =Субсидии!B26 -> 3345.7 | I25: =Субсидии!C26 -> 468.181 | J25: =I25/H25*100 -> 13.993514 | K25: ='Субвенции '!B28 -> 1171.1 | L25: ='Субвенции '!C28 -> 186.36126 | N25: =Иные!B26 -> 2853.3924 | O25: =Иные!C26 -> 2853.3924
A26: Барановское МО | B26: =E26+H26+K26+N26 -> 586.2 | C26: =F26+I26+L26+O26 -> 370.47192 | D26: =C26/B26*100 -> 63.198895 | H26: =Субсидии!B27 -> 331.4 | I26: =Субсидии!C27 -> 331.4192 | J26: =I26/H26*100 -> 100.00579 | K26: ='Субвенции '!B29 -> 93.7 | L26: ='Субвенции '!C29 -> 39.05272 | M26: =L26/K26*100 -> 41.678463 | N26: =Иные!B27 -> 161.1 | O26: =Иные!C27 -> 0 | P26: =O26/N26*100 -> 0
A27: Большеекатериновское МО | B27: =E27+H27+K27+N27 -> 0 | C27: =F27+I27+L27+O27 -> 0 | H27: =Субсидии!B28 -> 0 | I27: =Субсидии!C28 -> 0 | K27: ='Субвенции '!B30 -> 0 | L27: ='Субвенции '!C30 -> 0
A28: Даниловское МО | B28: =E28+H28+K28+N28 -> 1395.3 | C28: =F28+I28+L28+O28 -> 96.12321 | D28: =C28/B28*100 -> 6.8890712 | H28: =Субсидии!B29 -> 1000 | I28: =Субсидии!C29 -> 0 | K28: ='Субвенции '!B31 -> 234.2 | L28: ='Субвенции '!C31 -> 96.12321 | M28: =L28/K28*100 -> 41.043215 | N28: =Иные!B28 -> 161.1 | O28: =Иные!C28 -> 0 | P28: =O28/N28*100 -> 0
A29: Ершовское МО | B29: =E29+H29+K29+N29 -> 1131.7 | C29: =F29+I29+L29+O29 -> 911.16374 | D29: =C29/B29*100 -> 80.512834 | H29: =Субсидии!B30 -> 876.9 | I29: =Субсидии!C30 -> 876.8808 | J29: =I29/H29*100 -> 99.99781 | K29: ='Субвенции '!B32 -> 93.7 | L29: ='Субвенции '!C32 -> 34.28294 | M29: =L29/K29*100 -> 36.587983 | N29: =Иные!B29 -> 161.1 | O29: =Иные!C29 -> 0 | P29: =O29/N29*100 -> 0
A30: Кочетовское МО | B30: =E30+H30+K30+N30 -> 1338.824 | C30: =F30+I30+L30+O30 -> 85.728 | D30: =C30/B30*100 -> 6.4032315 | H30: =Субсидии!B31 -> 943.524 | I30: =Субсидии!C31 -> 0 | K30: ='Субвенции '!B33 -> 234.2 | L30: ='Субвенции '!C33 -> 85.728 | M30: =L30/K30*100 -> 36.604611 | N30: =Иные!B30 -> 161.1 | O30: =Иные!C30 -> 0 | P30: =O30/N30*100 -> 0
A31: Лопуховское МО | B31: =E31+H31+K31+N31 -> 254.8 | C31: =F31+I31+L31+O31 -> 34.33094 | D31: =C31/B31*100 -> 13.473681 | H31: =Субсидии!B32 -> 0 | I31: =Субсидии!C32 -> 0 | K31: ='Субвенции '!B34 -> 93.7 | L31: ='Субвенции '!C34 -> 34.33094 | M31: =L31/K31*100 -> 36.63921 | N31: =Иные!B31 -> 161.1 | O31: =Иные!C31 -> 0 | P31: =O31/N31*100 -> 0
A32: Озерное МО | B32: =E32+H32+K32+N32 -> 1052.226 | C32: =F32+I32+L32+O32 -> 34.3958 | D32: =C32/B32*100 -> 3.2688605 | H32: =Субсидии!B33 -> 797.426 | I32: =Субсидии!C33 -> 0 | K32: ='Субвенции '!B35 -> 93.7 | L32: ='Субвенции '!C35 -> 34.3958 | M32: =L32/K32*100 -> 36.708431 | N32: =Иные!B32 -> 161.1 | O32: =Иные!C32 -> 0 | P32: =O32/N32*100 -> 0
A33: Песчанское МО | B33: =E33+H33+K33+N33 -> 0 | C33: =F33+I33+L33+O33 -> 0 | H33: =Субсидии!B34 -> 0 | I33: =Субсидии!C34 -> 0 | K33: ='Субвенции '!B36 -> 0 | L33: ='Субвенции '!C36 -> 0
A34: Петровское МО | B34: =E34+H34+K34+N34 -> 0 | C34: =F34+I34+L34+O34 -> 0 | H34: =Субсидии!B35 -> 0 | I34: =Субсидии!C35 -> 0 | K34: ='Субвенции '!B37 -> 0 | L34: ='Субвенции '!C37 -> 0
A35: Тургеневское МО | B35: =E35+H35+K35+N35 -> 0 | C35: =F35+I35+L35+O35 -> 0 | H35: =Субсидии!B36 -> 0 | I35: =Субсидии!C36 -> 0 | K35: ='Субвенции '!B38 -> 0 | L35: ='Субвенции '!C38 -> 0
A36: Языковское МО | B36: =E36+H36+K36+N36 -> 0 | C36: =F36+I36+L36+O36 -> 0 | H36: =Субсидии!B37 -> 0 | I36: =Субсидии!C37 -> 0 | K36: ='Субвенции '!B39 -> 0 | L36: ='Субвенции '!C39 -> 0
A37: Базарно-Карабулакский район (консолидированный) | B37: =E37+H37+K37+N37 -> 489382.54 | C37: =F37+I37+L37+O37 -> 238484.47 | D37: =C37/B37*100 -> 48.731708 | E37: =SUM(E38:E51) -> 113762.2 | F37: =SUM(F38:F51) -> 50288.55 | G37: =F37/E37*100 -> 44.204973 | H37: =SUM(H38:H51) -> 55970.637 | I37: =SUM(I38:I51) -> 14699.785 | J37: =I37/H37*100 -> 26.263386 | K37: =SUM(K38:K51) -> 301361.7 | L37: =SUM(L38:L51) -> 169209.97 | M37: =L37/K37*100 -> 56.148465 | N37: =SUM(N38:N51) -> 18288 | O37: =SUM(O38:O51) -> 4286.1658 | P37: =O37/N37*100 -> 23.43704
A38: Базарно-Карабулакский район (собственный) | B38: =E38+H38+K38+N38 -> 468896.74 | C38: =F38+I38+L38+O38 -> 234945.15 | D38: =C38/B38*100 -> 50.105946 | E38: =Дотации!B11 -> 113762.2 | F38: =Дотации!C11 -> 50288.55 | G38: =F38/E38*100 -> 44.204973 | H38: =Субсидии!B39 -> 48727.041 | I38: =Субсидии!C39 -> 11822.945 | J38: =I38/H38*100 -> 24.263621 | K38: ='Субвенции '!B41 -> 299675.4 | L38: ='Субвенции '!C41 -> 168547.49 | M38: =L38/K38*100 -> 56.243352 | N38: =Иные!B34 -> 6732.1 | O38: =Иные!C34 -> 4286.1658 | P38: =O38/N38*100 -> 63.66759
A39: Алексеевское МО | B39: =E39+H39+K39+N39 -> 1113.8323 | C39: =F39+I39+L39+O39 -> 94.43159 | D39: =C39/B39*100 -> 8.4780795 | H39: =Субсидии!B40 -> 644.63232 | I39: =Субсидии!C40 -> 0 | K39: ='Субвенции '!B42 -> 234.2 | L39: ='Субвенции '!C42 -> 94.43159 | M39: =L39/K39*100 -> 40.320918 | N39: =Иные!B35 -> 235 | O39: =Иные!C35 -> 0
A40: Базарно-Карабулакское МО | B40: =E40+H40+K40+N40 -> 11993.6 | C40: =F40+I40+L40+O40 -> 1993.64 | D40: =C40/B40*100 -> 16.622532 | H40: =Субсидии!B41 -> 1993.6 | I40: =Субсидии!C41 -> 1993.64 | J40: =I40/H40*100 -> 100.00201 | N40: =Иные!B36 -> 10000 | O40: =Иные!C36 -> 0 | P40: =Иные!D36 -> 0
A41: Большечечуйское МО | B41: =E41+H41+K41+N41 -> 894.3 | C41: =F41+I41+L41+O41 -> 35.74137 | D41: =C41/B41*100 -> 3.996575 | H41: =Субсидии!B42 -> 705.2 | I41: =Субсидии!C42 -> 0 | K41: ='Субвенции '!B43 -> 93.7 | L41: ='Субвенции '!C43 -> 35.74137 | M41: =L41/K41*100 -> 38.144472 | N41: =Иные!B37 -> 95.4 | O41: =Иные!C37 -> 0
A42: Вязовское МО | B42: =E42+H42+K42+N42 -> 0 | C42: =F42+I42+L42+O42 -> 0 | K42: ='Субвенции '!B44 -> 0 | L42: ='Субвенции '!C44 -> 0
A43: Липовское МО | B43: =E43+H43+K43+N43 -> 3403.5 | C43: =F43+I43+L43+O43 -> 976.13015 | D43: =C43/B43*100 -> 28.680187 | H43: =Субсидии!B43 -> 2944.1 | I43: =Субсидии!C43 -> 883.2 | J43: =I43/H43*100 -> 29.998981 | K43: ='Субвенции '!B45 -> 234.2 | L43: ='Субвенции '!C45 -> 92.93015 | M43: =L43/K43*100 -> 39.679825 | N43: =Иные!B38 -> 225.2 | O43: =Иные!C38 -> 0
A44: Максимовское МО | B44: =E44+H44+K44+N44 -> 1319.2637 | C44: =F44+I44+L44+O44 -> 103.81791 | D44: =C44/B44*100 -> 7.8693827 | H44: =Субсидии!B44 -> 956.0637 | I44: =Субсидии!C44 -> 0 | K44: ='Субвенции '!B46 -> 234.2 | L44: ='Субвенции '!C46 -> 103.81791 | M44: =L44/K44*100 -> 44.32874 | N44: =Иные!B39 -> 129 | O44: =Иные!C39 -> 0
A45: Свободинское МО | B45: =E45+H45+K45+N45 -> 542.8 | C45: =F45+I45+L45+O45 -> 75.67352 | D45: =C45/B45*100 -> 13.941326 | H45: =Субсидии!B45 -> 0 | I45: =Субсидии!C45 -> 0 | K45: ='Субвенции '!B47 -> 234.2 | L45: ='Субвенции '!C47 -> 75.67352 | M45: =L45/K45*100 -> 32.311494 | N45: =Иные!B40 -> 308.6 | O45: =Иные!C40 -> 0 | P45: =Иные!D40 -> 0
A46: Старобурасское МО | B46: =E46+H46+K46+N46 -> 192.3 | C46: =F46+I46+L46+O46 -> 35.74136 | D46: =C46/B46*100 -> 18.586251 | H46: =Субсидии!B46 -> 0 | I46: =Субсидии!C46 -> 0 | K46: ='Субвенции '!B48 -> 93.7 | L46: ='Субвенции '!C48 -> 35.74136 | M46: =L46/K46*100 -> 38.144461 | N46: =Иные!B41 -> 98.6 | O46: =Иные!C41 -> 0
A47: Старожуковское МО | B47: =E47+H47+K47+N47 -> 467.5 | C47: =F47+I47+L47+O47 -> 97.75399 | D47: =C47/B47*100 -> 20.909944 | H47: =Субсидии!B47 -> 0 | I47: =Субсидии!C47 -> 0 | K47: ='Субвенции '!B49 -> 234.2 | L47: ='Субвенции '!C49 -> 97.75399 | M47: =L47/K47*100 -> 41.739535 | N47: =Иные!B42 -> 233.3 | O47: =Иные!C42 -> 0
A48: Тепляковское МО | B48: =E48+H48+K48+N48 -> 0 | C48: =F48+I48+L48+O48 -> 0 | K48: ='Субвенции '!B50 -> 0 | L48: ='Субвенции '!C50 -> 0
A49: Хватовское МО | B49: =E49+H49+K49+N49 -> 0 | C49: =F49+I49+L49+O49 -> 0 | K49: ='Субвенции '!B51 -> 0 | L49: ='Субвенции '!C51 -> 0
A50: Шняевское МО | B50: =E50+H50+K50+N50 -> 184.2 | C50: =F50+I50+L50+O50 -> 37.08704 | D50: =C50/B50*100 -> 20.134115 | K50: ='Субвенции '!B52 -> 93.7 | L50: ='Субвенции '!C52 -> 37.08704 | M50: =L50/K50*100 -> 39.580619 | N50: =Иные!B43 -> 90.5 | O50: =Иные!C43 -> 0
A51: Яковлевское МО | B51: =E51+H51+K51+N51 -> 374.5 | C51: =F51+I51+L51+O51 -> 89.30335 | D51: =C51/B51*100 -> 23.846021 | H51: =Субсидии!B48 -> 0 | I51: =Субсидии!C48 -> 0 | K51: ='Субвенции '!B53 -> 234.2 | L51: ='Субвенции '!C53 -> 89.30335 | M51: =L51/K51*100 -> 38.131234 | N51: =Иные!B44 -> 140.3 | O51: =Иные!C44 -> 0
A52: Балаковский район (консолидированный) | B52: =E52+H52+K52+N52 -> 2762095.6 | C52: =F52+I52+L52+O52 -> 1086148.2 | D52: =C52/B52*100 -> 39.323338 | E52: =SUM(E53:E56) -> 3449 | F52: =SUM(F53:F56) -> 1724.5 | H52: =SUM(H53:H56) -> 553397.6 | I52: =SUM(I53:I56) -> 91904.206 | J52: =I52/H52*100 -> 16.607265 | K52: =SUM(K53:K56) -> 1855890.4 | L52: =SUM(L53:L56) -> 957349.57 | M52: =L52/K52*100 -> 51.584381 | N52: =SUM(N53:N56) -> 349358.65 | O52: =SUM(O53:O56) -> 35169.94 | P52: =O52/N52*100 -> 10.067001
A53: Балаковский район (собственный) | B53: =E53+H53+K53+N53 -> 2291498.5 | C53: =F53+I53+L53+O53 -> 1073105.9 | D53: =C53/B53*100 -> 46.829875 | E53: =Дотации!B12 -> 3449 | F53: =Дотации!C12 -> 1724.5 | H53: =Субсидии!B50 -> 209939.9 | I53: =Субсидии!C50 -> 79139.423 | J53: =I53/H53*100 -> 37.696228 | K53: ='Субвенции '!B55 -> 1855187.8 | L53: ='Субвенции '!C55 -> 957072.03 | M53: =L53/K53*100 -> 51.588957 | N53: =Иные!B46 -> 222921.82 | O53: =Иные!C46 -> 35169.94 | P53: =O53/N53*100 -> 15.776805
A54: город Балаково | B54: =E54+H54+K54+N54 -> 280725.03 | C54: =F54+I54+L54+O54 -> 6923.9864 | D54: =C54/B54*100 -> 2.4664656 | H54: =Субсидии!B51 -> 154288.2 | I54: =Субсидии!C51 -> 6923.9864 | J54: =I54/H54*100 -> 4.4876966 | N54: =Иные!B47 -> 126436.83 | O54: =Иные!C47 -> 0
A55: Быково-Отрогское МО | B55: =E55+H55+K55+N55 -> 2179.4 | C55: =F55+I55+L55+O55 -> 186.71279 | D55: =C55/B55*100 -> 8.5671648 | H55: =Субсидии!B53 -> 1711 | I55: =Субсидии!C53 -> 0 | K55: ='Субвенции '!B56 -> 468.4 | L55: ='Субвенции '!C56 -> 186.71279 | M55: =L55/K55*100 -> 39.861825
A56: Натальинское МО | B56: =E56+H56+K56+N56 -> 187692.7 | C56: =F56+I56+L56+O56 -> 5931.6182 | D56: =C56/B56*100 -> 3.1602819 | H56: =Субсидии!B52 -> 187458.5 | I56: =Субсидии!C52 -> 5840.7971 | J56: =I56/H56*100 -> 3.1157815 | K56: ='Субвенции '!B57 -> 234.2 | L56: ='Субвенции '!C57 -> 90.82111 | M56: =L56/K56*100 -> 38.779295 | N56: =Иные!B48 -> 0
A57: Балашовский район (консолидированный) | B57: =E57+H57+K57+N57 -> 1524180.8 | C57: =F57+I57+L57+O57 -> 722120.45 | D57: =C57/B57*100 -> 47.377612 | E57: =SUM(E58:E74) -> 166405.7 | F57: =SUM(F58:F74) -> 75115.95 | G57: =F57/E57*100 -> 45.140251 | H57: =SUM(H58:H74) -> 348452.56 | I57: =SUM(I58:I74) -> 93354.908 | J57: =I57/H57*100 -> 26.791282 | K57: =SUM(K58:K74) -> 856036.4 | L57: =SUM(L58:L74) -> 465769.41 | M57: =L57/K57*100 -> 54.410001 | N57: =SUM(N58:N74) -> 153286.1 | O57: =SUM(O58:O74) -> 87880.177 | P57: =O57/N57*100 -> 57.330819
A58: Балашовский район (собственный) | B58: =E58+H58+K58+N58 -> 1321084.1 | C58: =F58+I58+L58+O58 -> 625278.92 | D58: =C58/B58*100 -> 47.330744 | E58: =Дотации!B13 -> 166405.7 | F58: =Дотации!C13 -> 75115.95 | G58: =F58/E58*100 -> 45.140251 | H58: =Субсидии!B55 -> 274134.16 | I58: =Субсидии!C55 -> 73286.085 | J58: =I58/H58*100 -> 26.733656 | K58: ='Субвенции '!B59 -> 853647.4 | L58: ='Субвенции '!C59 -> 464874.24 | M58: =L58/K58*100 -> 54.457407 | N58: =Иные!B50 -> 26896.8 | O58: =Иные!C50 -> 12002.645 | P58: =O58/N58*100 -> 44.624809
A59: город Балашов | B59: =E59+H59+K59+N59 -> 147127.4 | C59: =F59+I59+L59+O59 -> 87979.209 | D59: =C59/B59*100 -> 59.797977 | H59: =Субсидии!B56 -> 23027.4 | I59: =Субсидии!C56 -> 12101.677 | J59: =I59/H59*100 -> 52.553381 | N59: =Иные!B51 -> 124100 | O59: =Иные!C51 -> 75877.532 | P59: =O59/N59*100 -> 61.14225
A60: Барковское МО | B60: =E60+H60+K60+N60 -> 191.5 | C60: =F60+I60+L60+O60 -> 42.31757 | D60: =C60/B60*100 -> 22.097948 | H60: =Субсидии!B57 -> 0 | I60: =Субсидии!C57 -> 0 | K60: ='Субвенции '!B60 -> 93.7 | L60: ='Субвенции '!C60 -> 42.31757 | M60: =L60/K60*100 -> 45.162828 | N60: =Иные!B52 -> 97.8 | O60: =Иные!C52 -> 0
A61: Большемеликское МО | B61: =E61+H61+K61+N61 -> 444.2 | C61: =F61+I61+L61+O61 -> 101.81858 | D61: =C61/B61*100 -> 22.921787 | H61: =Субсидии!B58 -> 0 | I61: =Субсидии!C58 -> 0 | K61: ='Субвенции '!B61 -> 234.2 | L61: ='Субвенции '!C61 -> 101.81858 | M61: =L61/K61*100 -> 43.475056 | N61: =Иные!B53 -> 210 | O61: =Иные!C53 -> 0
A62: Лесновское МО | B62: =E62+H62+K62+N62 -> 182 | C62: =F62+I62+L62+O62 -> 42.71621 | D62: =C62/B62*100 -> 23.470445 | H62: =Субсидии!B59 -> 0 | I62: =Субсидии!C59 -> 0 | K62: ='Субвенции '!B62 -> 93.7 | L62: ='Субвенции '!C62 -> 42.71621 | M62: =L62/K62*100 -> 45.588271 | N62: =Иные!B54 -> 88.3 | O62: =Иные!C54 -> 0
A63: Малосеменовское МО | B63: =E63+H63+K63+N63 -> 226.9 | C63: =F63+I63+L63+O63 -> 36.22023 | D63: =C63/B63*100 -> 15.963081 | K63: ='Субвенции '!B63 -> 93.7 | L63: ='Субвенции '!C63 -> 36.22023 | M63: =L63/K63*100 -> 38.655528 | N63: =Иные!B55 -> 133.2 | O63: =Иные!C55 -> 0
A64: Новопокровское МО | B64: =E64+H64+K64+N64 -> 226.9 | C64: =F64+I64+L64+O64 -> 41.61323 | D64: =C64/B64*100 -> 18.339899 | H64: =Субсидии!B60 -> 0 | I64: =Субсидии!C60 -> 0 | K64: ='Субвенции '!B64 -> 93.7 | L64: ='Субвенции '!C64 -> 41.61323 | M64: =L64/K64*100 -> 44.411131 | N64: =Иные!B56 -> 133.2 | O64: =Иные!C56 -> 0
A65: Октябрьское МО | B65: =E65+H65+K65+N65 -> 235.1 | C65: =F65+I65+L65+O65 -> 35.3589 | D65: =C65/B65*100 -> 15.03994 | H65: =Субсидии!B61 -> 0 | I65: =Субсидии!C61 -> 0 | K65: ='Субвенции '!B65 -> 93.7 | L65: ='Субвенции '!C65 -> 35.3589 | M65: =L65/K65*100 -> 37.736286 | N65: =Иные!B66 -> 141.4 | O65: =Иные!C66 -> 0
A66: Пинеровское МО | B66: =E66+H66+K66+N66 -> 294.5 | C66: =F66+I66+L66+O66 -> 89.48629 | D66: =C66/B66*100 -> 30.385837 | H66: =Субсидии!B63 -> 0 | I66: =Субсидии!C63 -> 0 | K66: ='Субвенции '!B67 -> 234.2 | L66: ='Субвенции '!C67 -> 89.48629 | M66: =L66/K66*100 -> 38.209347 | N66: =Иные!B59 -> 60.3 | O66: =Иные!C59 -> 0 | P66: =Иные!D59 -> 0
A67: Первомайское МО | B67: =E67+H67+K67+N67 -> 367.4 | C67: =F67+I67+L67+O67 -> 92.13101 | D67: =C67/B67*100 -> 25.076486 | H67: =Субсидии!B62 -> 0 | I67: =Субсидии!C62 -> 0 | K67: ='Субвенции '!B66 -> 234.2 | L67: ='Субвенции '!C66 -> 92.13101 | M67: =L67/K67*100 -> 39.338604 | N67: =Иные!B57 -> 133.2 | O67: =Иные!C57 -> 0
A68: Репинское МО | B68: =E68+H68+K68+N68 -> 49671.7 | C68: =F68+I68+L68+O68 -> 8053.7349 | D68: =C68/B68*100 -> 16.21393 | H68: =Субсидии!B64 -> 49291 | I68: =Субсидии!C64 -> 7967.146 | K68: ='Субвенции '!B68 -> 234.2 | L68: ='Субвенции '!C68 -> 86.5889 | M68: =L68/K68*100 -> 36.972203 | N68: =Иные!B58 -> 146.5 | O68: =Иные!C58 -> 0
A69: Родничковское МО | B69: =E69+H69+K69+N69 -> 243.2 | C69: =F69+I69+L69+O69 -> 36.19585 | D69: =C69/B69*100 -> 14.883162 | H69: =Субсидии!B65 -> 0 | I69: =Субсидии!C65 -> 0 | K69: ='Субвенции '!B69 -> 93.7 | L69: ='Субвенции '!C69 -> 36.19585 | M69: =L69/K69*100 -> 38.629509 | N69: =Иные!B60 -> 149.5 | O69: =Иные!C60 -> 0
A70: Соцземледельское МО | B70: =E70+H70+K70+N70 -> 226.9 | C70: =F70+I70+L70+O70 -> 35.33302 | D70: =C70/B70*100 -> 15.572067 | H70: =Субсидии!B66 -> 0 | I70: =Субсидии!C66 -> 0 | K70: ='Субвенции '!B70 -> 93.7 | L70: ='Субвенции '!C70 -> 35.33302 | M70: =L70/K70*100 -> 37.708666 | N70: =Иные!B61 -> 133.2 | O70: =Иные!C61 -> 0
A71: Старохоперское МО | B71: =E71+H71+K71+N71 -> 334.5 | C71: =F71+I71+L71+O71 -> 42.04902 | D71: =C71/B71*100 -> 12.570709 | H71: =Субсидии!B67 -> 0 | I71: =Субсидии!C67 -> 0 | K71: ='Субвенции '!B71 -> 93.7 | L71: ='Субвенции '!C71 -> 42.04902 | M71: =L71/K71*100 -> 44.876222 | N71: =Иные!B62 -> 240.8 | O71: =Иные!C62 -> 0
A72: Терновское МО | B72: =E72+H72+K72+N72 -> 1442.6 | C72: =F72+I72+L72+O72 -> 44.69365 | D72: =C72/B72*100 -> 3.0981318 | H72: =Субсидии!B68 -> 1000 | I72: =Субсидии!C68 -> 0 | K72: ='Субвенции '!B72 -> 234.2 | L72: ='Субвенции '!C72 -> 44.69365 | M72: =L72/K72*100 -> 19.08354 | N72: =Иные!B63 -> 208.4 | O72: =Иные!C63 -> 0
A73: Тростянское МО | B73: =E73+H73+K73+N73 -> 480 | C73: =F73+I73+L73+O73 -> 79.26241 | D73: =C73/B73*100 -> 16.513002 | H73: =Субсидии!B69 -> 0 | I73: =Субсидии!C69 -> 0 | K73: ='Субвенции '!B73 -> 234.2 | L73: ='Субвенции '!C73 -> 79.26241 | M73: =L73/K73*100 -> 33.843898 | N73: =Иные!B64 -> 245.8 | O73: =Иные!C64 -> 0
A74: Хоперское МО | B74: =E74+H74+K74+N74 -> 1401.9 | C74: =F74+I74+L74+O74 -> 89.38729 | D74: =C74/B74*100 -> 6.3761531 | H74: =Субсидии!B70 -> 1000 | I74: =Субсидии!C70 -> 0 | K74: ='Субвенции '!B74 -> 234.2 | L74: ='Субвенции '!C74 -> 89.38729 | M74: =L74/K74*100 -> 38.167075 | N74: =Иные!B65 -> 167.7 | O74: =Иные!C65 -> 0
A75: Балтайский район (консолидированный) | B75: =E75+H75+K75+N75 -> 257826.35 | C75: =F75+I75+L75+O75 -> 130711.65 | D75: =C75/B75*100 -> 50.697553 | E75: =SUM(E76:E80) -> 81930.5 | F75: =SUM(F76:F80) -> 30558.55 | G75: =F75/E75*100 -> 37.298137 | H75: =SUM(H76:H80) -> 30704.453 | I75: =SUM(I76:I80) -> 8096.3032 | J75: =I75/H75*100 -> 26.368499 | K75: =SUM(K76:K80) -> 130703.7 | L75: =SUM(L76:L80) -> 79864.997 | M75: =L75/K75*100 -> 61.103854 | N75: =SUM(N76:N80) -> 14487.7 | O75: =SUM(O76:O80) -> 12191.8 | P75: =O75/N75*100 -> 84.152764
A76: Балтайский район (собственный) | B76: =E76+H76+K76+N76 -> 255063 | C76: =F76+I76+L76+O76 -> 129711.06 | D76: =C76/B76*100 -> 50.854517 | E76: =Дотации!B14 -> 81930.5 | F76: =Дотации!C14 -> 30558.55 | G76: =F76/E76*100 -> 37.298137 | H76: =Субсидии!B72 -> 28975.9 | I76: =Субсидии!C72 -> 7355.0095 | J76: =I76/H76*100 -> 25.383196 | K76: ='Субвенции '!B76 -> 130047.9 | L76: ='Субвенции '!C76 -> 79605.696 | M76: =L76/K76*100 -> 61.212597 | N76: =Иные!B68 -> 14108.7 | O76: =Иные!C68 -> 12191.8 | P76: =O76/N76*100 -> 86.413348
A77: Балтайское МО | B77: =E77+H77+K77+N77 -> 1962.7525 | C77: =F77+I77+L77+O77 -> 837.15605 | D77: =C77/B77*100 -> 42.652145 | H77: =Субсидии!B73 -> 1728.5525 | I77: =Субсидии!C73 -> 741.29369 | J77: =I77/H77*100 -> 42.885228 | K77: ='Субвенции '!B77 -> 234.2 | L77: ='Субвенции '!C77 -> 95.86236 | M77: =L77/K77*100 -> 40.931836
A78: Барнуковское МО | B78: =E78+H78+K78+N78 -> 190.1 | C78: =F78+I78+L78+O78 -> 33.37674 | D78: =C78/B78*100 -> 17.557464 | H78: =Субсидии!B74 -> 0 | I78: =Субсидии!C74 -> 0 | K78: ='Субвенции '!B78 -> 93.7 | L78: ='Субвенции '!C78 -> 33.37674 | M78: =L78/K78*100 -> 35.620854 | N78: =Иные!B70 -> 96.4 | O78: =Иные!C70 -> 0
A79: Большеозерское МО | B79: =E79+H79+K79+N79 -> 190.1 | C79: =F79+I79+L79+O79 -> 35.6133 | D79: =C79/B79*100 -> 18.733982 | H79: =Субсидии!B75 -> 0 | I79: =Субсидии!C75 -> 0 | K79: ='Субвенции '!B79 -> 93.7 | L79: ='Субвенции '!C79 -> 35.6133 | M79: =L79/K79*100 -> 38.007791 | N79: =Иные!B71 -> 96.4 | O79: =Иные!C71 -> 0
A80: Царевщинское МО | B80: =E80+H80+K80+N80 -> 420.4 | C80: =F80+I80+L80+O80 -> 94.44857 | D80: =C80/B80*100 -> 22.466358 | H80: =Субсидии!B76 -> 0 | I80: =Субсидии!C76 -> 0 | K80: ='Субвенции '!B80 -> 234.2 | L80: ='Субвенции '!C80 -> 94.44857 | M80: =L80/K80*100 -> 40.328168 | N80: =Иные!B72 -> 186.2 | O80: =Иные!C72 -> 0
A81: Вольский район (консолидированный) | B81: =E81+H81+K81+N81 -> 1223011.5 | C81: =F81+I81+L81+O81 -> 621740.48 | D81: =C81/B81*100 -> 50.836845 | E81: =SUM(E82:E97) -> 135212 | F81: =SUM(F82:F97) -> 82396.8 | G81: =F81/E81*100 -> 60.93897 | H81: =SUM(H82:H97) -> 208702.74 | I81: =SUM(I82:I97) -> 58090.095 | J81: =I81/H81*100 -> 27.833892 | K81: =SUM(K82:K97) -> 771116.9 | L81: =SUM(L82:L97) -> 438707.23 | M81: =L81/K81*100 -> 56.892441 | N81: =SUM(N82:N97) -> 107979.9 | O81: =SUM(O82:O97) -> 42546.359 | P81: =O81/N81*100 -> 39.40211
A82: Вольский район (собственный) | B82: =E82+H82+K82+N82 -> 1051957.1 | C82: =F82+I82+L82+O82 -> 594170.8 | D82: =C82/B82*100 -> 56.482419 | E82: =Дотации!B15 -> 135212 | F82: =Дотации!C15 -> 82396.8 | G82: =F82/E82*100 -> 60.93897 | H82: =Субсидии!B78 -> 92880.961 | I82: =Субсидии!C78 -> 31252.5 | J82: =I82/H82*100 -> 33.647907 | K82: ='Субвенции '!B82 -> 769243.1 | L82: ='Субвенции '!C82 -> 437975.14 | M82: =L82/K82*100 -> 56.935856 | N82: =Иные!B74 -> 54621 | O82: =Иные!C74 -> 42546.359 | P82: =O82/N82*100 -> 77.893776
A83: город Вольск | B83: =E83+H83+K83+N83 -> 131573.8 | C83: =F83+I83+L83+O83 -> 26663.61 | D83: =C83/B83*100 -> 20.265136 | H83: =Субсидии!B79 -> 79544 | I83: =Субсидии!C79 -> 26663.61 | J83: =I83/H83*100 -> 33.520579 | N83: =Иные!B75 -> 52029.8 | O83: =Иные!C75 -> 0 | P83: =O83/N83*100 -> 0
A84: Барановское МО | B84: =E84+H84+K84+N84 -> 1077.685 | C84: =F84+I84+L84+O84 -> 31.89417 | D84: =C84/B84*100 -> 2.9595076 | H84: =Субсидии!B80 -> 886.785 | I84: =Субсидии!C80 -> 0 | K84: ='Субвенции '!B83 -> 93.7 | L84: ='Субвенции '!C83 -> 31.89417 | M84: =L84/K84*100 -> 34.038602 | N84: =Иные!B76 -> 97.2 | O84: =Иные!C76 -> 0
A85: Белогорновское МО | B85: =E85+H85+K85+N85 -> 146 | C85: =F85+I85+L85+O85 -> 41.19228 | D85: =C85/B85*100 -> 28.21389 | H85: =Субсидии!B81 -> 0 | I85: =Субсидии!C81 -> 0 | K85: ='Субвенции '!B84 -> 93.7 | L85: ='Субвенции '!C84 -> 41.19228 | M85: =L85/K85*100 -> 43.961878 | N85: =Иные!B77 -> 52.3 | O85: =Иные!C77 -> 0
A86: Верхнечернавское МО | B86: =E86+H86+K86+N86 -> 190.9 | C86: =F86+I86+L86+O86 -> 40.33915 | D86: =C86/B86*100 -> 21.131037 | H86: =Субсидии!B82 -> 0 | I86: =Субсидии!C82 -> 0 | K86: ='Субвенции '!B85 -> 93.7 | L86: ='Субвенции '!C85 -> 40.33915 | M86: =L86/K86*100 -> 43.051387 | N86: =Иные!B78 -> 97.2 | O86: =Иные!C78 -> 0
A87: Колоярское МО | B87: =E87+H87+K87+N87 -> 1016 | C87: =F87+I87+L87+O87 -> 38.22687 | D87: =C87/B87*100 -> 3.7624872 | H87: =Субсидии!B84 -> 870 | I87: =Субсидии!C84 -> 0 | K87: ='Субвенции '!B86 -> 93.7 | L87: ='Субвенции '!C86 -> 38.22687 | M87: =L87/K87*100 -> 40.797086 | N87: =Иные!B80 -> 52.3 | O87: =Иные!C80 -> 0
A88: Кряжимское МО | B88: =E88+H88+K88+N88 -> 969.102 | C88: =F88+I88+L88+O88 -> 35.11036 | D88: =C88/B88*100 -> 3.6229788 | H88: =Субсидии!B83 -> 823.102 | I88: =Субсидии!C83 -> 0 | K88: ='Субвенции '!B87 -> 93.7 | L88: ='Субвенции '!C87 -> 35.11036 | M88: =L88/K88*100 -> 37.471035 | N88: =Иные!B79 -> 52.3 | O88: =Иные!C79 -> 0
A89: Куриловское МО | B89: =E89+H89+K89+N89 -> 647.6 | C89: =F89+I89+L89+O89 -> 32.21919 | D89: =C89/B89*100 -> 4.9751683 | H89: =Субсидии!B85 -> 456.7 | I89: =Субсидии!C85 -> 0 | K89: ='Субвенции '!B88 -> 93.7 | L89: ='Субвенции '!C88 -> 32.21919 | M89: =L89/K89*100 -> 34.385475 | N89: =Иные!B81 -> 97.2 | O89: =Иные!C81 -> 0
A90: Междуреченское МО | B90: =E90+H90+K90+N90 -> 1145.578 | C90: =F90+I90+L90+O90 -> 35.11044 | D90: =C90/B90*100 -> 3.0648668 | H90: =Субсидии!B86 -> 999.578 | I90: =Субсидии!C86 -> 0 | K90: ='Субвенции '!B89 -> 93.7 | L90: ='Субвенции '!C89 -> 35.11044 | M90: =L90/K90*100 -> 37.471121 | N90: =Иные!B82 -> 52.3 | O90: =Иные!C82 -> 0
A91: Нижнечернавское МО | B91: =E91+H91+K91+N91 -> 897.4134 | C91: =F91+I91+L91+O91 -> 35.11035 | D91: =C91/B91*100 -> 3.9123942 | H91: =Субсидии!B87 -> 751.4134 | I91: =Субсидии!C87 -> 0 | K91: ='Субвенции '!B90 -> 93.7 | L91: ='Субвенции '!C90 -> 35.11035 | M91: =L91/K91*100 -> 37.471025 | N91: =Иные!B83 -> 52.3 | O91: =Иные!C83 -> 0
A92: Покровское МО | B92: =E92+H92+K92+N92 -> 146 | C92: =F92+I92+L92+O92 -> 38.01565 | D92: =C92/B92*100 -> 26.038116 | H92: =Субсидии!B88 -> 0 | I92: =Субсидии!C88 -> 0 | K92: ='Субвенции '!B91 -> 93.7 | L92: ='Субвенции '!C91 -> 38.01565 | M92: =L92/K92*100 -> 40.571665 | N92: =Иные!B84 -> 52.3 | O92: =Иные!C84 -> 0
A93: Сенное МО | B93: =E93+H93+K93+N93 -> 1482.2 | C93: =F93+I93+L93+O93 -> 87.97591 | D93: =C93/B93*100 -> 5.9354952 | H93: =Субсидии!B89 -> 970 | I93: =Субсидии!C89 -> 0 | K93: ='Субвенции '!B92 -> 234.2 | L93: ='Субвенции '!C92 -> 87.97591 | M93: =L93/K93*100 -> 37.564436 | N93: =Иные!B85 -> 278 | O93: =Иные!C85 -> 0 | P93: =Иные!D85 -> 0
A94: Талалихинское МО | B94: =E94+H94+K94+N94 -> 146 | C94: =F94+I94+L94+O94 -> 38.97442 | D94: =C94/B94*100 -> 26.694808 | H94: =Субсидии!B90 -> 0 | I94: =Субсидии!C90 -> 0 | K94: ='Субвенции '!B93 -> 93.7 | L94: ='Субвенции '!C93 -> 38.97442 | M94: =L94/K94*100 -> 41.594899 | N94: =Иные!B86 -> 52.3 | O94: =Иные!C86 -> 0
A95: Терсинское МО | B95: =E95+H95+K95+N95 -> 30189.8 | C95: =F95+I95+L95+O95 -> 261.96165 | D95: =C95/B95*100 -> 0.86771575 | H95: =Субсидии!B91 -> 29768.6 | I95: =Субсидии!C91 -> 173.98574 | J95: =I95/H95*100 -> 0.58446061 | K95: ='Субвенции '!B94 -> 234.2 | L95: ='Субвенции '!C94 -> 87.97591 | M95: =L95/K95*100 -> 37.564436 | N95: =Иные!B87 -> 187 | O95: =Иные!C87 -> 0
A96: Черкасское МО | B96: =E96+H96+K96+N96 -> 1095 | C96: =F96+I96+L96+O96 -> 89.74357 | D96: =C96/B96*100 -> 8.1957598 | H96: =Субсидии!B92 -> 751.6 | I96: =Субсидии!C92 -> 0 | K96: ='Субвенции '!B95 -> 234.2 | L96: ='Субвенции '!C95 -> 89.74357 | M96: =L96/K96*100 -> 38.319202 | N96: =Иные!B88 -> 109.2 | O96: =Иные!C88 -> 0
A97: Широкобуеракское МО | B97: =E97+H97+K97+N97 -> 331.4 | C97: =F97+I97+L97+O97 -> 100.20043 | D97: =C97/B97*100 -> 30.235495 | H97: =Субсидии!B93 -> 0 | I97: =Субсидии!C93 -> 0 | K97: ='Субвенции '!B96 -> 234.2 | L97: ='Субвенции '!C96 -> 100.20043 | M97: =L97/K97*100 -> 42.784129 | N97: =Иные!B89 -> 97.2 | O97: =Иные!C89 -> 0
A98: Воскресенский район (консолидированный) | B98: =E98+H98+K98+N98 -> 229541.45 | C98: =F98+I98+L98+O98 -> 127863.7 | D98: =C98/B98*100 -> 55.703971 | E98: =SUM(E99:E102) -> 65290.1 | F98: =SUM(F99:F102) -> 29517.5 | G98: =F98/E98*100 -> 45.209764 | H98: =SUM(H99:H102) -> 27352.747 | I98: =SUM(I99:I102) -> 6633.0554 | J98: =I98/H98*100 -> 24.250052 | K98: =SUM(K99:K102) -> 130094.5 | L98: =SUM(L99:L102) -> 88778.117 | M98: =L98/K98*100 -> 68.241253 | N98: =SUM(N99:N102) -> 6804.1 | O98: =SUM(O99:O102) -> 2935.0277 | P98: =O98/N98*100 -> 43.136163
A99: Воскресенский район (собственный) | B99: =E99+H99+K99+N99 -> 224236.5 | C99: =F99+I99+L99+O99 -> 127608.8 | D99: =C99/B99*100 -> 56.908129 | E99: =Дотации!B16 -> 65290.1 | F99: =Дотации!C16 -> 29517.5 | G99: =F99/E99*100 -> 45.209764 | H99: =Субсидии!B95 -> 23214.4 | I99: =Субсидии!C95 -> 6633.0554 | J99: =I99/H99*100 -> 28.573021 | K99: ='Субвенции '!B98 -> 129391.9 | L99: ='Субвенции '!C98 -> 88523.214 | M99: =L99/K99*100 -> 68.414803 | N99: =Иные!B91 -> 6340.1 | O99: =Иные!C91 -> 2935.0277 | P99: =O99/N99*100 -> 46.293082
A100: Воскресенское МО | B100: =E100+H100+K100+N100 -> 1998.4 | C100: =F100+I100+L100+O100 -> 52.08 | D100: =C100/B100*100 -> 2.6060849 | H100: =Субсидии!B96 -> 1764.2 | I100: =Субсидии!C96 -> 0 | J100: =I100/H100*100 -> 0 | K100: ='Субвенции '!B99 -> 234.2 | L100: ='Субвенции '!C99 -> 52.08 | M100: =L100/K100*100 -> 22.237404
A101: Елшанское МО | B101: =E101+H101+K101+N101 -> 2158.9 | C101: =F101+I101+L101+O101 -> 111.14121 | D101: =C101/B101*100 -> 5.1480481 | H101: =Субсидии!B97 -> 1724.5 | I101: =Субсидии!C97 -> 0 | J101: =I101/H101*100 -> 0 | K101: ='Субвенции '!B100 -> 234.2 | L101: ='Субвенции '!C100 -> 111.14121 | M101: =L101/K101*100 -> 47.455683 | N101: =Иные!B93 -> 200.2 | O101: =Иные!C93 -> 0
...

Sheet Дотации
A1: Сведения о предоставлении из бюджета Саратовской области межбюджетных трансфертов местным бюджетам за 1 полугодие 2021 года
S3: тыс.рублей
A4: Наименование муниципальных образований | B4: Дотации, всего | E4: в том числе
E5: бюджетам городских округов области, связанные с особым режимом безопасного функционирования закрытых административно-территориальных образований | H5: на выравнивание бюджетной обеспеченности муниципальных районов (городских округов) области | K5: на поддержку мер по обеспечению сбалансированности бюджетов | N5: бюджетам муниципальных районов области на обеспечение финансовой устойчивости местных бюджетов в условиях нестабильной ситуации, связанной с пандемией новой коронавирусной инфекции | Q5: бюджетам муниципальных районов и городских округов области на компенсацию дополнительных расходов на повышение оплаты труда некоторых категорий работников муниципальных учреждений в связи с увеличением минимального размера оплаты труда с 1 января 2021 года
B6: утвержденные бюджетные назначения * | C6: исполнено | D6: % исполнения | E6: утвержденные бюджетные назначения * | F6: исполнено | G6: % исполнения | H6: утвержденные бюджетные назначения * | I6: исполнено | J6: % исполнения | K6: утвержденные бюджетные назначения * | L6: исполнено | M6: % исполнения | N6: утвержденные бюджетные назначения * | O6: исполнено | P6: % исполнения | Q6: утвержденные бюджетные назначения * | R6: исполнено | S6: % исполнения
A7: Муниципальные районы области: | B7: =SUM(B8:B45) -> 4530979.7 | C7: =SUM(C8:C45) -> 2139974 | D7: =C7/B7*100 -> 47.22983 | H7: =SUM(H8:H45) -> 3291115.5 | I7: =SUM(I8:I45) -> 1491602.4 | J7: =I7/H7*100 -> 45.322092 | K7: =SUM(K8:K45) -> 797452.6 | L7: =SUM(L8:L45) -> 239237.4 | M7: =L7/K7*100 -> 30.000203 | N7: =SUM(N8:N45) -> 375856.86 | O7: =SUM(O8:O45) -> 375856.86 | P7: =O7/N7*100 -> 100 | Q7: =SUM(Q8:Q45) -> 66554.7 | R7: =SUM(R8:R45) -> 33277.35 | S7: =R7/Q7*100 -> 50
A8: Александрово-Гайский | B8: =E8+H8+K8+N8+Q8 -> 142246.37 | C8: =F8+I8+L8+O8+R8 -> 57805.32 | D8: =C8/B8*100 -> 40.637466 | H8: 61074.5 | I8: 27483.6 | J8: =I8/H8*100 -> 45.000123 | K8: 72311.8 | L8: 21693.6 | M8: =L8/K8*100 -> 30.000083 | N8: 8396.17 | O8: 8396.17 | P8: =O8/N8*100 -> 100 | Q8: 463.9 | R8: 231.95 | S8: =R8/Q8*100 -> 50
A9: Аркадакский | B9: =E9+H9+K9+N9+Q9 -> 83149.1 | C9: =F9+I9+L9+O9+R9 -> 36751.6 | D9: =C9/B9*100 -> 44.199637 | H9: 77073.4 | I9: 34683 | J9: =I9/H9*100 -> 44.999961 | K9: 4844.9 | L9: 1453.2 | M9: =L9/K9*100 -> 29.994427 | Q9: 1230.8 | R9: 615.4 | S9: =R9/Q9*100 -> 50
A10: Аткарский | B10: =E10+H10+K10+N10+Q10 -> 128177.2 | C10: =F10+I10+L10+O10+R10 -> 57741.8 | D10: =C10/B10*100 -> 45.048417 | H10: 126936 | I10: 57121.2 | J10: =I10/H10*100 -> 45 | Q10: 1241.2 | R10: 620.6 | S10: =R10/Q10*100 -> 50
A11: Базарно-Карабулакский | B11: =E11+H11+K11+N11+Q11 -> 113762.2 | C11: =F11+I11+L11+O11+R11 -> 50288.55 | D11: =C11/B11*100 -> 44.204973 | H11: 107702.3 | I11: 48466.2 | J11: =I11/H11*100 -> 45.000153 | K11: 6039.2 | L11: 1812 | M11: =L11/K11*100 -> 30.003974 | Q11: 20.7 | R11: 10.35 | S11: =R11/Q11*100 -> 50
A12: Балаковский | B12: =E12+H12+K12+N12+Q12 -> 3449 | C12: =F12+I12+L12+O12+R12 -> 1724.5 | D12: =C12/B12*100 -> 50 | Q12: 3449 | R12: 1724.5 | S12: =R12/Q12*100 -> 50
A13: Балашовский | B13: =E13+H13+K13+N13+Q13 -> 166405.7 | C13: =F13+I13+L13+O13+R13 -> 75115.95 | D13: =C13/B13*100 -> 45.140251 | H13: 161741 | I13: 72783.6 | J13: =I13/H13*100 -> 45.000093 | Q13: 4664.7 | R13: 2332.35 | S13: =R13/Q13*100 -> 50
A14: Балтайский | B14: =E14+H14+K14+N14+Q14 -> 81930.5 | C14: =F14+I14+L14+O14+R14 -> 30558.55 | D14: =C14/B14*100 -> 37.298137 | H14: 38803.1 | I14: 17461.2 | J14: =I14/H14*100 -> 44.999497 | K14: 42333.1 | L14: 12700.2 | M14: =L14/K14*100 -> 30.000638 | Q14: 794.3 | R14: 397.15 | S14: =R14/Q14*100 -> 50
A15: Вольский | B15: =E15+H15+K15+N15+Q15 -> 135212 | C15: =F15+I15+L15+O15+R15 -> 82396.8 | D15: =C15/B15*100 -> 60.93897 | H15: 92184 | I15: 41482.8 | J15: =I15/H15*100 -> 45 | N15: 38800 | O15: 38800 | P15: =O15/N15*100 -> 100 | Q15: 4228 | R15: 2114 | S15: =R15/Q15*100 -> 50
A16: Воскресенский | B16: =E16+H16+K16+N16+Q16 -> 65290.1 | C16: =F16+I16+L16+O16+R16 -> 29517.5 | D16: =C16/B16*100 -> 45.209764 | H16: 42234.4 | I16: 19005.6 | J16: =I16/H16*100 -> 45.000284 | K16: 17579.9 | L16: 5274 | M16: =L16/K16*100 -> 30.000171 | N16: 5000 | O16: 5000 | P16: =O16/N16*100 -> 100 | Q16: 475.8 | R16: 237.9 | S16: =R16/Q16*100 -> 50
A17: Дергачевский | B17: =E17+H17+K17+N17+Q17 -> 137225.5 | C17: =F17+I17+L17+O17+R17 -> 59088.65 | D17: =C17/B17*100 -> 43.059526 | H17: 108718.5 | I17: 48923.4 | J17: =I17/H17*100 -> 45.000069 | K17: 25441.7 | L17: 7632.6 | M17: =L17/K17*100 -> 30.000354 | N17: 2000 | O17: 2000 | P17: =O17/N17*100 -> 100 | Q17: 1065.3 | R17: 532.65 | S17: =R17/Q17*100 -> 50
A18: Духовницкий | B18: =E18+H18+K18+N18+Q18 -> 66315.6 | C18: =F18+I18+L18+O18+R18 -> 32514.05 | D18: =C18/B18*100 -> 49.029263 | H18: 27277.9 | I18: 14274.9 | J18: =I18/H18*100 -> 52.331374 | K18: 28899.4 | L18: 8670 | M18: =L18/K18*100 -> 30.000623 | N18: 9000 | O18: 9000 | P18: =O18/N18*100 -> 100 | Q18: 1138.3 | R18: 569.15 | S18: =R18/Q18*100 -> 50
A19: Екатериновский | B19: =E19+H19+K19+N19+Q19 -> 86124.9 | C19: =F19+I19+L19+O19+R19 -> 39125.45 | D19: =C19/B19*100 -> 45.428732 | H19: 24736.9 | I19: 11131.8 | J19: =I19/H19*100 -> 45.000788 | K19: 47251.9 | L19: 14175.6 | M19: =L19/K19*100 -> 30.000063 | N19: 13500 | O19: 13500 | P19: =O19/N19*100 -> 100 | Q19: 636.1 | R19: 318.05 | S19: =R19/Q19*100 -> 50
A20: Ершовский | B20: =E20+H20+K20+N20+Q20 -> 180034.76 | C20: =F20+I20+L20+O20+R20 -> 77884.76 | D20: =C20/B20*100 -> 43.260957 | H20: 86679.4 | I20: 39006 | J20: =I20/H20*100 -> 45.000311 | K20: 76872.1 | L20: 23061.6 | M20: =L20/K20*100 -> 29.999961 | N20: 15151.06 | O20: 15151.06 | P20: =O20/N20*100 -> 100 | Q20: 1332.2 | R20: 666.1 | S20: =R20/Q20*100 -> 50
A21: Ивантеевский | B21: =E21+H21+K21+N21+Q21 -> 88824.7 | C21: =F21+I21+L21+O21+R21 -> 31678 | D21: =C21/B21*100 -> 35.663504 | H21: 8687 | I21: 3909 | J21: =I21/H21*100 -> 44.998273 | K21: 73998.5 | L21: 22199.4 | M21: =L21/K21*100 -> 29.999797 | N21: 5000 | O21: 5000 | P21: =O21/N21*100 -> 100 | Q21: 1139.2 | R21: 569.6 | S21: =R21/Q21*100 -> 50
A22: Калининский | B22: =E22+H22+K22+N22+Q22 -> 89478.3 | C22: =F22+I22+L22+O22+R22 -> 46154.15 | D22: =C22/B22*100 -> 51.581389 | H22: 70295.9 | I22: 31633.2 | J22: =I22/H22*100 -> 45.000064 | K22: 5351.7 | L22: 1605.6 | M22: =L22/K22*100 -> 30.001682 | N22: 12000 | O22: 12000 | P22: =O22/N22*100 -> 100 | Q22: 1830.7 | R22: 915.35 | S22: =R22/Q22*100 -> 50
A23: Красноармейский | B23: =E23+H23+K23+N23+Q23 -> 189107.8 | C23: =F23+I23+L23+O23+R23 -> 93985.7 | D23: =C23/B23*100 -> 49.699536 | H23: 164533.8 | I23: 74040 | J23: =I23/H23*100 -> 44.999872 | K23: 5457.4 | L23: 1637.4 | M23: =L23/K23*100 -> 30.003298 | N23: 17500 | O23: 17500 | P23: =O23/N23*100 -> 100 | Q23: 1616.6 | R23: 808.3 | S23: =R23/Q23*100 -> 50
A24: Краснокутский | B24: =E24+H24+K24+N24+Q24 -> 126202.8 | C24: =F24+I24+L24+O24+R24 -> 55200.35 | D24: =C24/B24*100 -> 43.739402 | H24: 93921.1 | I24: 42264.6 | J24: =I24/H24*100 -> 45.000112 | K24: 26027 | L24: 7808.4 | M24: =L24/K24*100 -> 30.001153 | N24: 4000 | O24: 4000 | P24: =O24/N24*100 -> 100 | Q24: 2254.7 | R24: 1127.35 | S24: =R24/Q24*100 -> 50
A25: Краснопартизанский | B25: =E25+H25+K25+N25+Q25 -> 82978.6 | C25: =F25+I25+L25+O25+R25 -> 37107.55 | D25: =C25/B25*100 -> 44.719422 | H25: 60569.6 | I25: 27256.2 | J25: =I25/H25*100 -> 44.999802 | K25: 17038.1 | L25: 5111.4 | M25: =L25/K25*100 -> 29.999824 | N25: 4109 | O25: 4109 | P25: =O25/N25*100 -> 100 | Q25: 1261.9 | R25: 630.95 | S25: =R25/Q25*100 -> 50
A26: Лысогорский | B26: =E26+H26+K26+N26+Q26 -> 114997.4 | C26: =F26+I26+L26+O26+R26 -> 53519.4 | D26: =C26/B26*100 -> 46.539661 | H26: 83351.5 | I26: 37508.4 | J26: =I26/H26*100 -> 45.00027 | K26: 21559.9 | L26: 6468 | M26: =L26/K26*100 -> 30.000139 | N26: 9000 | O26: 9000 | P26: =O26/N26*100 -> 100 | Q26: 1086 | R26: 543 | S26: =R26/Q26*100 -> 50
A27: Марксовский | B27: =E27+H27+K27+N27+Q27 -> 202909.6 | C27: =F27+I27+L27+O27+R27 -> 91379.5 | D27: =C27/B27*100 -> 45.034587 | H27: 201511.4 | I27: 90680.4 | J27: =I27/H27*100 -> 45.000134 | Q27: 1398.2 | R27: 699.1 | S27: =R27/Q27*100 -> 50
A28: Новобурасский | B28: =E28+H28+K28+N28+Q28 -> 98033.9 | C28: =F28+I28+L28+O28+R28 -> 56098.55 | D28: =C28/B28*100 -> 57.223624 | H28: 81437.8 | I28: 45246.9 | J28: =I28/H28*100 -> 55.560072 | K28: 7230.8 | L28: 2169 | M28: =L28/K28*100 -> 29.996681 | N28: 8000 | O28: 8000 | P28: =O28/N28*100 -> 100 | Q28: 1365.3 | R28: 682.65 | S28: =R28/Q28*100 -> 50
A29: Новоузенский | B29: =E29+H29+K29+N29+Q29 -> 213799.09 | C29: =F29+I29+L29+O29+R29 -> 100597.94 | D29: =C29/B29*100 -> 47.052557 | H29: 177089.2 | I29: 79690.2 | J29: =I29/H29*100 -> 45.000034 | K29: 20849.1 | L29: 6255 | M29: =L29/K29*100 -> 30.001295 | N29: 13444.689 | O29: 13444.689 | P29: =O29/N29*100 -> 100 | Q29: 2416.1 | R29: 1208.05 | S29: =R29/Q29*100 -> 50
A30: Озинский | B30: =E30+H30+K30+N30+Q30 -> 158554 | C30: =F30+I30+L30+O30+R30 -> 64282.2 | D30: =C30/B30*100 -> 40.54278 | H30: 99776.4 | I30: 44899.2 | J30: =I30/H30*100 -> 44.99982 | K30: 55029.6 | L30: 16509 | M30: =L30/K30*100 -> 30.000218 | N30: 2000 | O30: 2000 | P30: =O30/N30*100 -> 100 | Q30: 1748 | R30: 874 | S30: =R30/Q30*100 -> 50
A31: Перелюбский | B31: =E31+H31+K31+N31+Q31 -> 87011.9 | C31: =F31+I31+L31+O31+R31 -> 38927.25 | D31: =C31/B31*100 -> 44.737846 | H31: 43886.1 | I31: 19749 | J31: =I31/H31*100 -> 45.000581 | K31: 33545.9 | L31: 10063.8 | M31: =L31/K31*100 -> 30.000089 | N31: 8649 | O31: 8649 | P31: =O31/N31*100 -> 100 | Q31: 930.9 | R31: 465.45 | S31: =R31/Q31*100 -> 50
A32: Петровский | B32: =E32+H32+K32+N32+Q32 -> 207078.3 | C32: =F32+I32+L32+O32+R32 -> 110113.6 | D32: =C32/B32*100 -> 53.174862 | H32: 174513.1 | I32: 78531 | J32: =I32/H32*100 -> 45.00006 | N32: 30600 | O32: 30600 | P32: =O32/N32*100 -> 100 | Q32: 1965.2 | R32: 982.6 | S32: =R32/Q32*100 -> 50
A33: Питерский | B33: =E33+H33+K33+N33+Q33 -> 130350 | C33: =F33+I33+L33+O33+R33 -> 53192.85 | D33: =C33/B33*100 -> 40.80771 | H33: 71097.1 | I33: 31993.8 | J33: =I33/H33*100 -> 45.000148 | K33: 53387.6 | L33: 16016.4 | M33: =L33/K33*100 -> 30.000225 | N33: 4500 | O33: 4500 | P33: =O33/N33*100 -> 100 | Q33: 1365.3 | R33: 682.65 | S33: =R33/Q33*100 -> 50
A34: Пугачевский | B34: =E34+H34+K34+N34+Q34 -> 216403.3 | C34: =F34+I34+L34+O34+R34 -> 114014.95 | D34: =C34/B34*100 -> 52.686327 | H34: 183734.6 | I34: 82680.6 | J34: =I34/H34*100 -> 45.000016 | N34: 30000 | O34: 30000 | P34: =O34/N34*100 -> 100 | Q34: 2668.7 | R34: 1334.35 | S34: =R34/Q34*100 -> 50
A35: Ровенский | B35: =E35+H35+K35+N35+Q35 -> 100344.3 | C35: =F35+I35+L35+O35+R35 -> 45192.35 | D35: =C35/B35*100 -> 45.037287 | H35: 99599.6 | I35: 44820 | J35: =I35/H35*100 -> 45.000181 | Q35: 744.7 | R35: 372.35 | S35: =R35/Q35*100 -> 50
A36: Романовский | B36: =E36+H36+K36+N36+Q36 -> 71932.482 | C36: =F36+I36+L36+O36+R36 -> 32463.032 | D36: =C36/B36*100 -> 45.129865 | H36: 54719.2 | I36: 24623.4 | J36: =I36/H36*100 -> 44.999561 | K36: 13243.4 | L36: 3973.2 | M36: =L36/K36*100 -> 30.001359 | N36: 3762.982 | O36: 3762.982 | P36: =O36/N36*100 -> 100 | Q36: 206.9 | R36: 103.45 | S36: =R36/Q36*100 -> 50
A37: Ртищевский | B37: =E37+H37+K37+N37+Q37 -> 134474.9 | C37: =F37+I37+L37+O37+R37 -> 57138.2 | D37: =C37/B37*100 -> 42.489862 | H37: 107612.3 | I37: 48425.4 | J37: =I37/H37*100 -> 44.999875 | K37: 23592.2 | L37: 7077.6 | M37: =L37/K37*100 -> 29.999746 | Q37: 3270.4 | R37: 1635.2 | S37: =R37/Q37*100 -> 50
A38: Самойловский | B38: =E38+H38+K38+N38+Q38 -> 52613.46 | C38: =F38+I38+L38+O38+R38 -> 24598.16 | D38: =C38/B38*100 -> 46.752599 | H38: 35688.5 | I38: 16059.6 | J38: =I38/H38*100 -> 44.99937 | K38: 11981 | L38: 3594.6 | M38: =L38/K38*100 -> 30.002504 | N38: 4943.96 | O38: 4943.96 | P38: =O38/N38*100 -> 100
A39: Саратовский | B39: =E39+H39+K39+N39+Q39 -> 0 | C39: =F39+I39+L39+O39+R39 -> 0
A40: Советский | B40: =E40+H40+K40+N40+Q40 -> 71326.9 | C40: =F40+I40+L40+O40+R40 -> 32450.85 | D40: =C40/B40*100 -> 45.495949 | H40: 49497.7 | I40: 22273.8 | J40: =I40/H40*100 -> 44.999667 | K40: 16187.9 | L40: 4856.4 | M40: =L40/K40*100 -> 30.000185 | N40: 5000 | O40: 5000 | P40: =O40/N40*100 -> 100 | Q40: 641.3 | R40: 320.65 | S40: =R40/Q40*100 -> 50
A41: Татищевский | B41: =E41+H41+K41+N41+Q41 -> 87429.5 | C41: =F41+I41+L41+O41+R41 -> 40268.35 | D41: =C41/B41*100 -> 46.058081 | H41: 33524.3 | I41: 15085.8 | J41: =I41/H41*100 -> 44.999597 | K41: 40098.9 | L41: 12029.4 | M41: =L41/K41*100 -> 29.999327 | N41: 12500 | O41: 12500 | P41: =O41/N41*100 -> 100 | Q41: 1306.3 | R41: 653.15 | S41: =R41/Q41*100 -> 50
A42: Турковский | B42: =E42+H42+K42+N42+Q42 -> 64120.5 | C42: =F42+I42+L42+O42+R42 -> 28312.2 | D42: =C42/B42*100 -> 44.154678 | H42: 50000.1 | I42: 22500 | J42: =I42/H42*100 -> 44.99991 | K42: 11241.2 | L42: 3372.6 | M42: =L42/K42*100 -> 30.002135 | N42: 2000 | O42: 2000 | P42: =O42/N42*100 -> 100 | Q42: 879.2 | R42: 439.6 | S42: =R42/Q42*100 -> 50
A43: Федоровский | B43: =E43+H43+K43+N43+Q43 -> 123275 | C43: =F43+I43+L43+O43+R43 -> 53346.15 | D43: =C43/B43*100 -> 43.274103 | H43: 75585.9 | I43: 34013.4 | J43: =I43/H43*100 -> 44.999663 | K43: 40058.4 | L43: 12017.4 | M43: =L43/K43*100 -> 29.9997 | N43: 7000 | O43: 7000 | P43: =O43/N43*100 -> 100 | Q43: 630.7 | R43: 315.35 | S43: =R43/Q43*100 -> 50
A44: Хвалынский | B44: =E44+H44+K44+N44+Q44 -> 193536.6 | C44: =F44+I44+L44+O44+R44 -> 142148.7 | D44: =C44/B44*100 -> 73.447968 | H44: 92396.8 | I44: 41578.8 | J44: =I44/H44*100 -> 45.00026 | N44: 100000 | O44: 100000 | P44: =O44/N44*100 -> 100 | Q44: 1139.8 | R44: 569.9 | S44: =R44/Q44*100 -> 50
A45: Энгельсский | B45: =E45+H45+K45+N45+Q45 -> 236873.4 | C45: =F45+I45+L45+O45+R45 -> 107290.55 | D45: =C45/B45*100 -> 45.29447 | H45: 222925.1 | I45: 100316.4 | J45: =I45/H45*100 -> 45.000047 | Q45: 13948.3 | R45: 6974.15 | S45: =R45/Q45*100 -> 50
A46: Городские округа области: | B46: =SUM(B47:B50) -> 236183.8 | C46: =SUM(C47:C50) -> 107466.35 | D46: =C46/B46*100 -> 45.501152 | E46: =SUM(E47:E50) -> 41928 | F46: =SUM(F47:F50) -> 20964 | G46: =F46/E46*100 -> 50 | H46: =SUM(H47:H50) -> 139458.8 | I46: =SUM(I47:I50) -> 62756.4 | J46: =I46/H46*100 -> 44.999957 | K46: =SUM(K47:K50) -> 18264.7 | L46: =SUM(L47:L50) -> 5479.8 | M46: =L46/K46*100 -> 30.002135 | N46: =SUM(N47:N50) -> 0 | O46: =SUM(O47:O50) -> 0 | Q46: =SUM(Q47:Q50) -> 36532.3 | R46: =SUM(R47:R50) -> 18266.15 | S46: =R46/Q46*100 -> 50
A47: г. Саратов | B47: =E47+H47+K47+N47+Q47 -> 35489.2 | C47: =F47+I47+L47+O47+R47 -> 17744.6 | D47: =C47/B47*100 -> 50 | I47: 0 | L47: 0 | Q47: 35489.2 | R47: 17744.6 | S47: =R47/Q47*100 -> 50
A48: п. Михайловский | B48: =E48+H48+K48+N48+Q48 -> 30213.6 | C48: =F48+I48+L48+O48+R48 -> 12306 | D48: =C48/B48*100 -> 40.730002 | H48: 21437.7 | I48: 9646.8 | J48: =I48/H48*100 -> 44.99923 | K48: 8645.1 | L48: 2593.8 | M48: =L48/K48*100 -> 30.003123 | Q48: 130.8 | R48: 65.4 | S48: =R48/Q48*100 -> 50
A49: ЗАТО Светлый | B49: =E49+H49+K49+N49+Q49 -> 129990.7 | C49: =F49+I49+L49+O49+R49 -> 59168.15 | D49: =C49/B49*100 -> 45.517218 | E49: 41928 | F49: 20964 | G49: =F49/E49*100 -> 50 | H49: 78072.8 | I49: 35133 | J49: =I49/H49*100 -> 45.000307 | K49: 9619.6 | L49: 2886 | M49: =L49/K49*100 -> 30.001247 | Q49: 370.3 | R49: 185.15 | S49: =R49/Q49*100 -> 50
A50: г. Шиханы | B50: =E50+H50+K50+N50+Q50 -> 40490.3 | C50: =F50+I50+L50+O50+R50 -> 18247.6 | D50: =C50/B50*100 -> 45.066596 | H50: 39948.3 | I50: 17976.6 | J50: =I50/H50*100 -> 44.999662 | Q50: 542 | R50: 271 | S50: =R50/Q50*100 -> 50
A51: Остаток средств к распределению * | B51: =E51+H51+K51+N51+Q51 -> 0 | C51: =F51+I51+L51+O51+R51 -> 0
A52: ИТОГО | B52: =E52+H52+K52+N52+Q52 -> 4767163.5 | C52: =F52+I52+L52+O52+R52 -> 2247440.4 | D52: =C52/B52*100 -> 47.144185 | E52: =E7+E46+E51 -> 41928 | F52: =F7+F46+F51 -> 20964 | G52: =F52/E52*100 -> 50 | H52: =H46+H7+H51 -> 3430574.3 | I52: =I46+I7+I51 -> 1554358.8 | J52: =I52/H52*100 -> 45.308997 | K52: =K46+K7+K51 -> 815717.3 | L52: =L46+L7+L51 -> 244717.2 | M52: =L52/K52*100 -> 30.000246 | N52: =N7+N46+N51 -> 375856.86 | O52: =O7+O46+O51 -> 375856.86 | P52: =O52/N52*100 -> 100 | Q52: =Q7+Q46+Q51 -> 103087 | R52: =R7+R46+R51 -> 51543.5 | S52: =R52/Q52*100 -> 50
A54: * в соответствии с Законом Саратовской области «Об областном бюджете на 2021 год и на плановый период 2022 и 2023 годов» в редакции от 23.06.2021 года
A55: 2* заполняется, если в законе о бюджете утверждена общая сумма межбюджетного трансферта, но отсутствует распределение по муниципальным образованиям

Sheet Субсидии
BE1: Продолжение таблицы | CI1: Продолжение таблицы | DG1: Продолжение таблицы
B2: Сведения о предоставлении из бюджета Саратовской области межбюджетных трансфертов местным бюджетам за 1 полугодие 2021 года | AC2: Сведения о предоставлении из бюджета Саратовской области межбюджетных трансфертов местным бюджетам за 1 полугодие 2021 года | BG2: Сведения о предоставлении из бюджета Саратовской области межбюджетных трансфертов местным бюджетам за 1 полугодие 2021 года | CK2: Сведения о предоставлении из бюджета Саратовской области межбюджетных трансфертов местным бюджетам за 1 полугодие 2021 года
AA4: тыс.рублей | BE4: тыс.рублей | CI4: тыс.рублей | DF4: тыс.рублей
A5: Наименование муниципальных образований | B5: Субсидии, всего | E5: в том числе | AC5: в том числе | BG5: в том числе | CK5: в том числе
E6: бюджетам муниципальных районов области на создание в общеобразователь-ных организациях, расположенных в сельской местности и малых городах, условий для занятий физической культурой и спортом | H6: бюджетам муниципальных районов и городских округов области на создание новых мест в общеобразовательных организациях | K6: бюджетам муниципальных районов и городских округов области на обеспечение жильем молодых семей | N6: бюджетам городских округов и поселений области на реализацию регионального проекта (программы) в целях выполнения задач федерального проекта «Жилье» (Стимулирование программ развития жилищного строительства) | Q6: бюджетам муниципальных районов и поселений области на поддержку творческой деятельности и укрепление материально-технической базы муниципальных театров в населенных пунктах с численностью населения до 300 тысяч человек | T6: бюджетам муниципальных районов и поселений области на обеспечение развития и укрепления материально-технической базы домов культуры в населенных пунктах с числом жителей до 50 тысяч человек | W6: бюджетам муниципальных районов и поселений области на поддержку отрасли культуры на государственную поддержку лучших сельских учреждений культуры | Z6: бюджетам муниципальных районов и поселений области на поддержку отрасли культуры на государственную поддержку лучших работников сельских учреждений культуры | AC6: бюджетам муниципальных районов области на обеспечение деятельности муниципальных бизнес-инкубаторов | AF6: бюджетам городских округов, городских и сельских поселений области на реализацию инициативных проектов | AI6: бюджетам городских округов и поселений области на поддержку муниципальных программ формирования современной городской среды | AL6: бюджетам муниципальных районов и городских округов области на обеспечение сохранения достигнутых показателей повышения оплаты труда отдельных категорий работников бюджетной сферы | AO6: бюджетам муниципальных районов и городских округов области на создание дополнительных мест для детей в возрасте от 1,5 до 3 лет в образовательных организациях, осуществляющих образовательную деятельность по образовательным программам дошкольного образования | AR6: бюджетам муниципальных районов области на государственную поддержку отрасли культуры (создание и модернизация учреждений культурно-досугового типа в сельской местности) | AU6: бюджетам муниципальных районов, городских округов и поселений области на обеспечение мероприятий по переселению граждан из аварийного жилищного фонда, в том числе переселению граждан из аварийного жилищного фонда с учетом необходимости развития малоэтажного жилищного строительства (за счет средств Фонда содействия реформированию жилищно-коммунального хозяйства) | AX6: бюджетам муниципальных районов, городских округов и поселений области на обеспечение мероприятий по переселению граждан из аварийного жилищного фонда, в том числе переселению граждан из аварийного жилищного фонда с учетом необходимости развития малоэтажного жилищного строительства (за счет средств областного бюджета) | BA6: бюджетам муниципальных районов и городских округов области на обеспечение условий для создания центров образования цифрового и гуманитарного профиле | BD6: бюджетам городских округов и поселений области на реализацию мероприятий по строительству и реконструкции (модернизации) объектов питьевого водоснабжения | BG6: бюджетам поселений области на реализацию мероприятий по сокращению доли загрязненных сточных вод | BJ6: бюджетам городских округов и поселений области на обустройство и восстановление воинских захоронений, находящихся в государственной (муниципальной) собственности | BM6: бюджетам городских округов области на осуществление дорожной деятельности в отношении автомобильных дорог общего пользования местного значения Саратовской агломерации в границах городских округов области в рамках достижения соответствующих задач национального проекта «Безопасные и качественные автомобильные дороги» за счет средств областного дорожного фонда | BP6: бюджетам муниципальных районов и поселений области на развитие инженерной инфраструктуры на сельских территориях (развитие водоснабжения (локальные водоводы) на сельских территориях) | BS6: бюджетам поселений области на обустройство объектами инженерной инфраструктуры и благоустройство площадок, расположенных на сельских территориях, под компактную жилищную застройку | BV6: бюджетам муниципальных районов области на реализацию мероприятий по благоустройству сельских территорий | BY6: бюджетам муниципальных районов области на благоустройство зданий муниципальных общеобразовательных организаций в целях соблюдения требований к воздушно-тепловому режиму, водоснабжению и канализации | CB6: бюджетам муниципальных районов и городских округов области на обеспечение условий для внедрения цифровой образовательной среды в общеобразовательных организациях | CE6: бюджетам муниципальных районов и городских округов области на обеспечение образовательных организаций материально-технической базой для внедрения цифровой образовательной среды | CH6: бюджетам муниципальных районов и городских округов области на модернизацию (капитальный ремонт, реконструкция) муниципальных детских школ искусств по видам искусств | CK6: бюджетам муниципальных районов области на обеспечение функционирования центров цифрового образования детей «IT-куб» | CN6: бюджетам муниципальных районов и городских округов области на организацию бесплатного горячего питания обучающихся, получающих начальное общее образование в муниципальных образовательных организациях | CQ6: бюджетам поселений области на выполнение мероприятий по ремонту автомобильных дорог общего пользования местного значения в границах городских поселений области за счет средств областного дорожного фонда | CT6: бюджетам городских округов области на выполнение мероприятий по ремонту автомобильных дорог общего пользования местного значения в границах городских округов области за счет средств областного дорожного фонда | CW6: бюджетам муниципальных районов и городских округов области на выравнивание возможностей местных бюджетов по обеспечению образовательной деятельности муниципальных общеобразовательных учреждений | CZ6: бюджетам поселений области на создание, реконструкцию (модернизацию), капитальный ремонт объектов социальной и культурной сферы | DC6: бюджетам муниципальных районов и городских округов области на обеспечение условий для функционирования центров образования естественно-научной и технологической направленностей в общеобразовательных организациях | DF6: бюджетам муниципальных районов и городских округов области на создание и обеспечение функционирования центров образования естественно-научной и технологической направленностей в общеобразовательных организациях, расположенных в сельской местности и малых городах
B7: утвержденные бюджетные назначения | C7: исполнено | D7: % исполнения | E7: утвержденные бюджетные назначения* | F7: исполнено | G7: % исполнения | H7: утвержденные бюджетные назначения* | I7: исполнено | J7: % исполнения | K7: утвержденные бюджетные назначения* | L7: исполнено | M7: % исполнения | N7: утвержденные бюджетные назначения* | O7: исполнено | P7: % исполнения | Q7: утвержденные бюджетные назначения* | R7: исполнено | S7: % исполнения | T7: утвержденные бюджетные назначения* | U7: исполнено | V7: % исполнения | W7: утвержденные бюджетные назначения* | X7: исполнено | Y7: % исполнения | Z7: утвержденные бюджетные назначения* | AA7: исполнено | AB7: % исполнения | AC7: утвержденные бюджетные назначения* | AD7: исполнено | AE7: % исполнения | AF7: утвержденные бюджетные назначения 3* | AG7: исполнено | AH7: % исполнения | AI7: утвержденные бюджетные назначения* | AJ7: исполнено | AK7: % исполнения | AL7: утвержденные бюджетные назначения* | AM7: исполнено | AN7: % исполнения | AO7: утвержденные бюджетные назначения* | AP7: исполнено | AQ7: % исполнения | AR7: утвержденные бюджетные назначения* | AS7: исполнено | AT7: % исполнения | AU7: утвержденные бюджетные назначения* | AV7: исполнено | AW7: % исполнения | AX7: утвержденные бюджетные назначения* | AY7: исполнено | AZ7: % исполнения | BA7: утвержденные бюджетные назначения* | BB7: исполнено | BC7: % исполнения | BD7: утвержденные бюджетные назначения * | BE7: исполнено | BF7: % исполнения | BG7: утвержденные бюджетные назначения* | BH7: исполнено | BI7: % исполнения | BJ7: утвержденные бюджетные назначения* | BK7: исполнено | BL7: % исполнения | BM7: утвержденные бюджетные назначения* | BN7: исполнено | BO7: % исполнения | BP7: утвержденные бюджетные назначения* | BQ7: исполнено | BR7: % исполнения | BS7: утвержденные бюджетные назначения* | BT7: исполнено | BU7: % исполнения | BV7: утвержденные бюджетные назначения 2* | BW7: исполнено | BX7: % исполнения | BY7: утвержденные бюджетные назначения* | BZ7: исполнено | CA7: % исполнения | CB7: утвержденные бюджетные назначения* | CC7: исполнено | CD7: % исполнения | CE7: утвержденные бюджетные назначения* | CF7: исполнено | CG7: % исполнения | CH7: утвержденные бюджетные назначения* | CI7: исполнено | CJ7: % исполнения | CK7: утвержденные бюджетные назначения* | CL7: исполнено | CM7: % исполнения | CN7: утвержденные бюджетные назначения* | CO7: исполнено | CP7: % исполнения | CQ7: утвержденные бюджетные назначения* | CR7: исполнено | CS7: % исполнения | CT7: утвержденные бюджетные назначения* | CU7: исполнено | CV7: % исполнения | CW7: утвержденные бюджетные назначения* | CX7: исполнено | CY7: % исполнения | CZ7: утвержденные бюджетные назначения* | DA7: исполнено | DB7: % исполнения | DC7: утвержденные бюджетные назначения* | DD7: исполнено | DE7: % исполнения | DF7: утвержденные бюджетные назначения* | DG7: исполнено | DH7: % исполнения
A8: Муниципальные районы области (консолидированный) | B8: =E8+H8+K8+N8+Q8+T8+W8+Z8+AC8+AF8+AI8+AL8+AO8+AR8+AU8+AX8+BA8+BD8+BG8+BJ8+BM8+BP8+BS8+BV8+BY8+CB8+CE8+CH8+CK8+CN8+CQ8+CT8+CW8+CZ8+DC8+DF8 -> 4391592.6 | C8: =F8+I8+L8+O8+R8+U8+X8+AA8+AD8+AG8+AJ8+AM8+AP8+AS8+AV8+AY8+BB8+BE8+BH8+BK8+BN8+BQ8+BT8+BW8+BZ8+CC8+CF8+CI8+CL8+CO8+CR8+CU8+CX8+DA8+DD8+DG8 -> 1092125.8 | D8: =C8/B8*100 -> 24.86856 | E8: =E11+E15+E24+E38+E49+E54+E71+E77+E94+E99+E111+E120+E132+E143+E154+E166+E178+E192+E196+E208+E217+E224+E237+E250+E262+E270+E279+E290+E300+E307+E316+E326+E340+E349+E358+E365+E377+E386 -> 16624.9 | F8: =F11+F15+F24+F38+F49+F54+F71+F77+F94+F99+F111+F120+F132+F143+F154+F166+F178+F192+F196+F208+F217+F224+F237+F250+F262+F270+F279+F290+F300+F307+F316+F326+F340+F349+F358+F365+F377+F386 -> 4035.1131 | G8: =F8/E8*100 -> 24.271503 | H8: =H11+H15+H24+H38+H49+H54+H71+H77+H94+H99+H111+H120+H132+H143+H154+H166+H178+H192+H196+H208+H217+H224+H237+H250+H262+H270+H279+H290+H300+H307+H316+H326+H340+H349+H358+H365+H377+H386 -> 99643 | I8: =I11+I15+I24+I38+I49+I54+I71+I77+I94+I99+I111+I120+I132+I143+I154+I166+I178+I192+I196+I208+I217+I224+I237+I250+I262+I270+I279+I290+I300+I307+I316+I326+I340+I349+I358+I365+I377+I386 -> 0 | J8: =I8/H8*100 -> 0 | K8: =K11+K15+K24+K38+K49+K54+K71+K77+K94+K99+K111+K120+K132+K143+K154+K166+K178+K192+K196+K208+K217+K224+K237+K250+K262+K270+K279+K290+K300+K307+K316+K326+K340+K349+K358+K365+K377+K386 -> 54023.1 | L8: =L11+L15+L24+L38+L49+L54+L71+L77+L94+L99+L111+L120+L132+L143+L154+L166+L178+L192+L196+L208+L217+L224+L237+L250+L262+L270+L279+L290+L300+L307+L316+L326+L340+L349+L358+L365+L377+L386 -> 46030.116 | M8: =L8/K8*100 -> 85.204507 | N8: =N11+N15+N24+N38+N49+N54+N71+N77+N94+N99+N111+N120+N132+N143+N154+N166+N178+N192+N196+N208+N217+N224+N237+N250+N262+N270+N279+N290+N300+N307+N316+N326+N340+N349+N358+N365+N377+N386 -> 0 | O8: =O11+O15+O24+O38+O49+O54+O71+O77+O94+O99+O111+O120+O132+O143+O154+O166+O178+O192+O196+O208+O217+O224+O237+O250+O262+O270+O279+O290+O300+O307+O316+O326+O340+O349+O358+O365+O377+O386 -> 0 | Q8: =Q11+Q15+Q24+Q38+Q49+Q54+Q71+Q77+Q94+Q99+Q111+Q120+Q132+Q143+Q154+Q166+Q178+Q192+Q196+Q208+Q217+Q224+Q237+Q250+Q262+Q270+Q279+Q290+Q300+Q307+Q316+Q326+Q340+Q349+Q358+Q365+Q377+Q386 -> 10058.4 | R8: =R11+R15+R24+R38+R49+R54+R71+R77+R94+R99+R111+R120+R132+R143+R154+R166+R178+R192+R196+R208+R217+R224+R237+R250+R262+R270+R279+R290+R300+R307+R316+R326+R340+R349+R358+R365+R377+R386 -> 10058.4 | S8: =R8/Q8*100 -> 100 | T8: =T11+T15+T24+T38+T49+T54+T71+T77+T94+T99+T111+T120+T132+T143+T154+T166+T178+T192+T196+T208+T217+T224+T237+T250+T262+T270+T279+T290+T300+T307+T316+T326+T340+T349+T358+T365+T377+T386 -> 40836.1 | U8: =U11+U15+U24+U38+U49+U54+U71+U77+U94+U99+U111+U120+U132+U143+U154+U166+U178+U192+U196+U208+U217+U224+U237+U250+U262+U270+U279+U290+U300+U307+U316+U326+U340+U349+U358+U365+U377+U386 -> 21298.963 | V8: =U8/T8*100 -> 52.157191 | W8: =W11+W15+W24+W38+W49+W54+W71+W77+W94+W99+W111+W120+W132+W143+W154+W166+W178+W192+W196+W208+W217+W224+W237+W250+W262+W270+W279+W290+W300+W307+W316+W326+W340+W349+W358+W365+W377+W386 -> 2346.9389 | X8: =X11+X15+X24+X38+X49+X54+X71+X77+X94+X99+X111+X120+X132+X143+X154+X166+X178+X192+X196+X208+X217+X224+X237+X250+X262+X270+X279+X290+X300+X307+X316+X326+X340+X349+X358+X365+X377+X386 -> 2142.8573 | Y8: =X8/W8*100 -> 91.304353 | Z8: =Z11+Z15+Z24+Z38+Z49+Z54+Z71+Z77+Z94+Z99+Z111+Z120+Z132+Z143+Z154+Z166+Z178+Z192+Z196+Z208+Z217+Z224+Z237+Z250+Z262+Z270+Z279+Z290+Z300+Z307+Z316+Z326+Z340+Z349+Z358+Z365+Z377+Z386 -> 867.347 | AA8: =AA11+AA15+AA24+AA38+AA49+AA54+AA71+AA77+AA94+AA99+AA111+AA120+AA132+AA143+AA154+AA166+AA178+AA192+AA196+AA208+AA217+AA224+AA237+AA250+AA262+AA270+AA279+AA290+AA300+AA307+AA316+AA326+AA340+AA349+AA358+AA365+AA377+AA386 -> 867.347 | AB8: =AA8/Z8*100 -> 100 | AC8: =AC11+AC15+AC24+AC38+AC49+AC54+AC71+AC77+AC94+AC99+AC111+AC120+AC132+AC143+AC154+AC166+AC178+AC192+AC196+AC208+AC217+AC224+AC237+AC250+AC262+AC270+AC279+AC290+AC300+AC307+AC316+AC326+AC340+AC349+AC358+AC365+AC377+AC386 -> 5300 | AD8: =AD11+AD15+AD24+AD38+AD49+AD54+AD71+AD77+AD94+AD99+AD111+AD120+AD132+AD143+AD154+AD166+AD178+AD192+AD196+AD208+AD217+AD224+AD237+AD250+AD262+AD270+AD279+AD290+AD300+AD307+AD316+AD326+AD340+AD349+AD358+AD365+AD377+AD386 -> 2650 | AE8: =AD8/AC8*100 -> 50 | AF8: =AF11+AF15+AF24+AF38+AF49+AF54+AF71+AF77+AF94+AF99+AF111+AF120+AF132+AF143+AF154+AF166+AF178+AF192+AF196+AF208+AF217+AF224+AF237+AF250+AF262+AF270+AF279+AF290+AF300+AF307+AF316+AF326+AF340+AF349+AF358+AF365+AF377+AF386 -> 116801.23 | AG8: =AG11+AG15+AG24+AG38+AG49+AG54+AG71+AG77+AG94+AG99+AG111+AG120+AG132+AG143+AG154+AG166+AG178+AG192+AG196+AG208+AG217+AG224+AG237+AG250+AG262+AG270+AG279+AG290+AG300+AG307+AG316+AG326+AG340+AG349+AG358+AG365+AG377+AG386 -> 1347.9051 | AH8: =AG8/AF8*100 -> 1.1540162 | AI8: =AI11+AI15+AI24+AI38+AI49+AI54+AI71+AI77+AI94+AI99+AI111+AI120+AI132+AI143+AI154+AI166+AI178+AI192+AI196+AI208+AI217+AI224+AI237+AI250+AI262+AI270+AI279+AI290+AI300+AI307+AI316+AI326+AI340+AI349+AI358+AI365+AI377+AI386 -> 165975.1 | AJ8: =AJ11+AJ15+AJ24+AJ38+AJ49+AJ54+AJ71+AJ77+AJ94+AJ99+AJ111+AJ120+AJ132+AJ143+AJ154+AJ166+AJ178+AJ192+AJ196+AJ208+AJ217+AJ224+AJ237+AJ250+AJ262+AJ270+AJ279+AJ290+AJ300+AJ307+AJ316+AJ326+AJ340+AJ349+AJ358+AJ365+AJ377+AJ386 -> 77283.192 | AK8: =AJ8/AI8*100 -> 46.563124 | AL8: =AL11+AL15+AL24+AL38+AL49+AL54+AL71+AL77+AL94+AL99+AL111+AL120+AL132+AL143+AL154+AL166+AL178+AL192+AL196+AL208+AL217+AL224+AL237+AL250+AL262+AL270+AL279+AL290+AL300+AL307+AL316+AL326+AL340+AL349+AL358+AL365+AL377+AL386 -> 933937.8 | AM8: =AM11+AM15+AM24+AM38+AM49+AM54+AM71+AM77+AM94+AM99+AM111+AM120+AM132+AM143+AM154+AM166+AM178+AM192+AM196+AM208+AM217+AM224+AM237+AM250+AM262+AM270+AM279+AM290+AM300+AM307+AM316+AM326+AM340+AM349+AM358+AM365+AM377+AM386 -> 319632.13 | AN8: =AM8/AL8*100 -> 34.224134 | AO8: =AO11+AO15+AO24+AO38+AO49+AO54+AO71+AO77+AO94+AO99+AO111+AO120+AO132+AO143+AO154+AO166+AO178+AO192+AO196+AO208+AO217+AO224+AO237+AO250+AO262+AO270+AO279+AO290+AO300+AO307+AO316+AO326+AO340+AO349+AO358+AO365+AO377+AO386 -> 485652.2 | AP8: =AP11+AP15+AP24+AP38+AP49+AP54+AP71+AP77+AP94+AP99+AP111+AP120+AP132+AP143+AP154+AP166+AP178+AP192+AP196+AP208+AP217+AP224+AP237+AP250+AP262+AP270+AP279+AP290+AP300+AP307+AP316+AP326+AP340+AP349+AP358+AP365+AP377+AP386 -> 126283.69 | AQ8: =AP8/AO8*100 -> 26.002906 | AR8: =AR11+AR15+AR24+AR38+AR49+AR54+AR71+AR77+AR94+AR99+AR111+AR120+AR132+AR143+AR154+AR166+AR178+AR192+AR196+AR208+AR217+AR224+AR237+AR250+AR262+AR270+AR279+AR290+AR300+AR307+AR316+AR326+AR340+AR349+AR358+AR365+AR377+AR386 -> 30468 | AS8: =AS11+AS15+AS24+AS38+AS49+AS54+AS71+AS77+AS94+AS99+AS111+AS120+AS132+AS143+AS154+AS166+AS178+AS192+AS196+AS208+AS217+AS224+AS237+AS250+AS262+AS270+AS279+AS290+AS300+AS307+AS316+AS326+AS340+AS349+AS358+AS365+AS377+AS386 -> 11336.387 | AT8: =AS8/AR8*100 -> 37.207518 | AU8: =AU11+AU15+AU24+AU38+AU49+AU54+AU71+AU77+AU94+AU99+AU111+AU120+AU132+AU143+AU154+AU166+AU178+AU192+AU196+AU208+AU217+AU224+AU237+AU250+AU262+AU270+AU279+AU290+AU300+AU307+AU316+AU326+AU340+AU349+AU358+AU365+AU377+AU386 -> 87281.9 | AV8: =AV11+AV15+AV24+AV38+AV49+AV54+AV71+AV77+AV94+AV99+AV111+AV120+AV132+AV143+AV154+AV166+AV178+AV192+AV196+AV208+AV217+AV224+AV237+AV250+AV262+AV270+AV279+AV290+AV300+AV307+AV316+AV326+AV340+AV349+AV358+AV365+AV377+AV386 -> 26033.208 | AW8: =AV8/AU8*100 -> 29.826583 | AX8: =AX11+AX15+AX24+AX38+AX49+AX54+AX71+AX77+AX94+AX99+AX111+AX120+AX132+AX143+AX154+AX166+AX178+AX192+AX196+AX208+AX217+AX224+AX237+AX250+AX262+AX270+AX279+AX290+AX300+AX307+AX316+AX326+AX340+AX349+AX358+AX365+AX377+AX386 -> 1778.7 | AY8: =AY11+AY15+AY24+AY38+AY49+AY54+AY71+AY77+AY94+AY99+AY111+AY120+AY132+AY143+AY154+AY166+AY178+AY192+AY196+AY208+AY217+AY224+AY237+AY250+AY262+AY270+AY279+AY290+AY300+AY307+AY316+AY326+AY340+AY349+AY358+AY365+AY377+AY386 -> 528.68777 | AZ8: =AY8/AX8*100 -> 29.723268 | BA8: =BA11+BA15+BA24+BA38+BA49+BA54+BA71+BA77+BA94+BA99+BA111+BA120+BA132+BA143+BA154+BA166+BA178+BA192+BA196+BA208+BA217+BA224+BA237+BA250+BA262+BA270+BA279+BA290+BA300+BA307+BA316+BA326+BA340+BA349+BA358+BA365+BA377+BA386 -> 179821.2 | BB8: =BB11+BB15+BB24+BB38+BB49+BB54+BB71+BB77+BB94+BB99+BB111+BB120+BB132+BB143+BB154+BB166+BB178+BB192+BB196+BB208+BB217+BB224+BB237+BB250+BB262+BB270+BB279+BB290+BB300+BB307+BB316+BB326+BB340+BB349+BB358+BB365+BB377+BB386 -> 68990.918 | BC8: =BB8/BA8*100 -> 38.366399 | BD8: =BD11+BD15+BD24+BD38+BD49+BD54+BD71+BD77+BD94+BD99+BD111+BD120+BD132+BD143+BD154+BD166+BD178+BD192+BD196+BD208+BD217+BD224+BD237+BD250+BD262+BD270+BD279+BD290+BD300+BD307+BD316+BD326+BD340+BD349+BD358+BD365+BD377+BD386 -> 385498.59 | BE8: =BE11+BE15+BE24+BE38+BE49+BE54+BE71+BE77+BE94+BE99+BE111+BE120+BE132+BE143+BE154+BE166+BE178+BE192+BE196+BE208+BE217+BE224+BE237+BE250+BE262+BE270+BE279+BE290+BE300+BE307+BE316+BE326+BE340+BE349+BE358+BE365+BE377+BE386 -> 44408.23 | BF8: =BE8/BD8*100 -> 11.519687 | BG8: =BG11+BG15+BG24+BG38+BG49+BG54+BG71+BG77+BG94+BG99+BG111+BG120+BG132+BG143+BG154+BG166+BG178+BG192+BG196+BG208+BG217+BG224+BG237+BG250+BG262+BG270+BG279+BG290+BG300+BG307+BG316+BG326+BG340+BG349+BG358+BG365+BG377+BG386 -> 34078.7 | BH8: =BH11+BH15+BH24+BH38+BH49+BH54+BH71+BH77+BH94+BH99+BH111+BH120+BH132+BH143+BH154+BH166+BH178+BH192+BH196+BH208+BH217+BH224+BH237+BH250+BH262+BH270+BH279+BH290+BH300+BH307+BH316+BH326+BH340+BH349+BH358+BH365+BH377+BH386 -> 1109.9273 | BI8: =BH8/BG8*100 -> 3.2569532 | BJ8: =BJ11+BJ15+BJ24+BJ38+BJ49+BJ54+BJ71+BJ77+BJ94+BJ99+BJ111+BJ120+BJ132+BJ143+BJ154+BJ166+BJ178+BJ192+BJ196+BJ208+BJ217+BJ224+BJ237+BJ250+BJ262+BJ270+BJ279+BJ290+BJ300+BJ307+BJ316+BJ326+BJ340+BJ349+BJ358+BJ365+BJ377+BJ386 -> 16769.4 | BK8: =BK11+BK15+BK24+BK38+BK49+BK54+BK71+BK77+BK94+BK99+BK111+BK120+BK132+BK143+BK154+BK166+BK178+BK192+BK196+BK208+BK217+BK224+BK237+BK250+BK262+BK270+BK279+BK290+BK300+BK307+BK316+BK326+BK340+BK349+BK358+BK365+BK377+BK386 -> 9585.2992 | BL8: =BK8/BJ8*100 -> 57.159464 | BM8: =BM11+BM15+BM24+BM38+BM49+BM54+BM71+BM77+BM94+BM99+BM111+BM120+BM132+BM143+BM154+BM166+BM178+BM192+BM196+BM208+BM217+BM224+BM237+BM250+BM262+BM270+BM279+BM290+BM300+BM307+BM316+BM326+BM340+BM349+BM358+BM365+BM377+BM386 -> 0 | BN8: =BN11+BN15+BN24+BN38+BN49+BN54+BN71+BN77+BN94+BN99+BN111+BN120+BN132+BN143+BN154+BN166+BN178+BN192+BN196+BN208+BN217+BN224+BN237+BN250+BN262+BN270+BN279+BN290+BN300+BN307+BN316+BN326+BN340+BN349+BN358+BN365+BN377+BN386 -> 0 | BO8: =BO11+BO15+BO24+BO38+BO49+BO54+BO71+BO77+BO94+BO99+BO111+BO120+BO132+BO143+BO154+BO166+BO178+BO192+BO196+BO208+BO217+BO224+BO237+BO250+BO262+BO270+BO279+BO290+BO300+BO307+BO316+BO326+BO340+BO349+BO358+BO365+BO377+BO386 -> 0 | BP8: =BP11+BP15+BP24+BP38+BP49+BP54+BP71+BP77+BP94+BP99+BP111+BP120+BP132+BP143+BP154+BP166+BP178+BP192+BP196+BP208+BP217+BP224+BP237+BP250+BP262+BP270+BP279+BP290+BP300+BP307+BP316+BP326+BP340+BP349+BP358+BP365+BP377+BP386 -> 82719.8 | BQ8: =BQ11+BQ15+BQ24+BQ38+BQ49+BQ54+BQ71+BQ77+BQ94+BQ99+BQ111+BQ120+BQ132+BQ143+BQ154+BQ166+BQ178+BQ192+BQ196+BQ208+BQ217+BQ224+BQ237+BQ250+BQ262+BQ270+BQ279+BQ290+BQ300+BQ307+BQ316+BQ326+BQ340+BQ349+BQ358+BQ365+BQ377+BQ386 -> 14158.027 | BR8: =BQ8/BP8*100 -> 17.115645 | BS8: =BS11+BS15+BS24+BS38+BS49+BS54+BS71+BS77+BS94+BS99+BS111+BS120+BS132+BS143+BS154+BS166+BS178+BS192+BS196+BS208+BS217+BS224+BS237+BS250+BS262+BS270+BS279+BS290+BS300+BS307+BS316+BS326+BS340+BS349+BS358+BS365+BS377+BS386 -> 65541.5 | BT8: =BT11+BT15+BT24+BT38+BT49+BT54+BT71+BT77+BT94+BT99+BT111+BT120+BT132+BT143+BT154+BT166+BT178+BT192+BT196+BT208+BT217+BT224+BT237+BT250+BT262+BT270+BT279+BT290+BT300+BT307+BT316+BT326+BT340+BT349+BT358+BT365+BT377+BT386 -> 5203.31 | BU8: =BT8/BS8*100 -> 7.9389547 | BV8: =BV11+BV15+BV24+BV38+BV49+BV54+BV71+BV77+BV94+BV99+BV111+BV120+BV132+BV143+BV154+BV166+BV178+BV192+BV196+BV208+BV217+BV224+BV237+BV250+BV262+BV270+BV279+BV290+BV300+BV307+BV316+BV326+BV340+BV349+BV358+BV365+BV377+BV386 -> 24694.1 | BW8: =BW11+BW15+BW24+BW38+BW49+BW54+BW71+BW77+BW94+BW99+BW111+BW120+BW132+BW143+BW154+BW166+BW178+BW192+BW196+BW208+BW217+BW224+BW237+BW250+BW262+BW270+BW279+BW290+BW300+BW307+BW316+BW326+BW340+BW349+BW358+BW365+BW377+BW386 -> 2772.4286 | BX8: =BW8/BV8*100 -> 11.227089 | BY8: =BY11+BY15+BY24+BY38+BY49+BY54+BY71+BY77+BY94+BY99+BY111+BY120+BY132+BY143+BY154+BY166+BY178+BY192+BY196+BY208+BY217+BY224+BY237+BY250+BY262+BY270+BY279+BY290+BY300+BY307+BY316+BY326+BY340+BY349+BY358+BY365+BY377+BY386 -> 85511.9 | BZ8: =BZ11+BZ15+BZ24+BZ38+BZ49+BZ54+BZ71+BZ77+BZ94+BZ99+BZ111+BZ120+BZ132+BZ143+BZ154+BZ166+BZ178+BZ192+BZ196+BZ208+BZ217+BZ224+BZ237+BZ250+BZ262+BZ270+BZ279+BZ290+BZ300+BZ307+BZ316+BZ326+BZ340+BZ349+BZ358+BZ365+BZ377+BZ386 -> 13713.582 | CA8: =BZ8/BY8*100 -> 16.037045 | CB8: =CB11+CB15+CB24+CB38+CB49+CB54+CB71+CB77+CB94+CB99+CB111+CB120+CB132+CB143+CB154+CB166+CB178+CB192+CB196+CB208+CB217+CB224+CB237+CB250+CB262+CB270+CB279+CB290+CB300+CB307+CB316+CB326+CB340+CB349+CB358+CB365+CB377+CB386 -> 8369.3 | CC8: =CC11+CC15+CC24+CC38+CC49+CC54+CC71+CC77+CC94+CC99+CC111+CC120+CC132+CC143+CC154+CC166+CC178+CC192+CC196+CC208+CC217+CC224+CC237+CC250+CC262+CC270+CC279+CC290+CC300+CC307+CC316+CC326+CC340+CC349+CC358+CC365+CC377+CC386 -> 0 | CD8: =CD11+CD15+CD24+CD38+CD49+CD54+CD71+CD77+CD94+CD99+CD111+CD120+CD132+CD143+CD154+CD166+CD178+CD192+CD196+CD208+CD217+CD224+CD237+CD250+CD262+CD270+CD279+CD290+CD300+CD307+CD316+CD326+CD340+CD349+CD358+CD365+CD377+CD386 -> 0 | CE8: =CE11+CE15+CE24+CE38+CE49+CE54+CE71+CE77+CE94+CE99+CE111+CE120+CE132+CE143+CE154+CE166+CE178+CE192+CE196+CE208+CE217+CE224+CE237+CE250+CE262+CE270+CE279+CE290+CE300+CE307+CE316+CE326+CE340+CE349+CE358+CE365+CE377+CE386 -> 204901.1 | CF8: =CF11+CF15+CF24+CF38+CF49+CF54+CF71+CF77+CF94+CF99+CF111+CF120+CF132+CF143+CF154+CF166+CF178+CF192+CF196+CF208+CF217+CF224+CF237+CF250+CF262+CF270+CF279+CF290+CF300+CF307+CF316+CF326+CF340+CF349+CF358+CF365+CF377+CF386 -> 404.50427 | CG8: =CF8/CE8*100 -> 0.1974144 | CH8: =CH11+CH15+CH24+CH38+CH49+CH54+CH71+CH77+CH94+CH99+CH111+CH120+CH132+CH143+CH154+CH166+CH178+CH192+CH196+CH208+CH217+CH224+CH237+CH250+CH262+CH270+CH279+CH290+CH300+CH307+CH316+CH326+CH340+CH349+CH358+CH365+CH377+CH386 -> 6197.6 | CI8: =CI11+CI15+CI24+CI38+CI49+CI54+CI71+CI77+CI94+CI99+CI111+CI120+CI132+CI143+CI154+CI166+CI178+CI192+CI196+CI208+CI217+CI224+CI237+CI250+CI262+CI270+CI279+CI290+CI300+CI307+CI316+CI326+CI340+CI349+CI358+CI365+CI377+CI386 -> 2581.0868 | CJ8: =CI8/CH8*100 -> 41.646553 | CK8: =CK11+CK15+CK24+CK38+CK49+CK54+CK71+CK77+CK94+CK99+CK111+CK120+CK132+CK143+CK154+CK166+CK178+CK192+CK196+CK208+CK217+CK224+CK237+CK250+CK262+CK270+CK279+CK290+CK300+CK307+CK316+CK326+CK340+CK349+CK358+CK365+CK377+CK386 -> 16618.3 | CL8: =CL11+CL15+CL24+CL38+CL49+CL54+CL71+CL77+CL94+CL99+CL111+CL120+CL132+CL143+CL154+CL166+CL178+CL192+CL196+CL208+CL217+CL224+CL237+CL250+CL262+CL270+CL279+CL290+CL300+CL307+CL316+CL326+CL340+CL349+CL358+CL365+CL377+CL386 -> 4756.2716 | CM8: =CL8/CK8*100 -> 28.620687 | CN8: =CN11+CN15+CN24+CN38+CN49+CN54+CN71+CN77+CN94+CN99+CN111+CN120+CN132+CN143+CN154+CN166+CN178+CN192+CN196+CN208+CN217+CN224+CN237+CN250+CN262+CN270+CN279+CN290+CN300+CN307+CN316+CN326+CN340+CN349+CN358+CN365+CN377+CN386 -> 586404.6 | CO8: =CO11+CO15+CO24+CO38+CO49+CO54+CO71+CO77+CO94+CO99+CO111+CO120+CO132+CO143+CO154+CO166+CO178+CO192+CO196+CO208+CO217+CO224+CO237+CO250+CO262+CO270+CO279+CO290+CO300+CO307+CO316+CO326+CO340+CO349+CO358+CO365+CO377+CO386 -> 252337.09 | CP8: =CO8/CN8*100 -> 43.031226 | CQ8: =CQ11+CQ15+CQ24+CQ38+CQ49+CQ54+CQ71+CQ77+CQ94+CQ99+CQ111+CQ120+CQ132+CQ143+CQ154+CQ166+CQ178+CQ192+CQ196+CQ208+CQ217+CQ224+CQ237+CQ250+CQ262+CQ270+CQ279+CQ290+CQ300+CQ307+CQ316+CQ326+CQ340+CQ349+CQ358+CQ365+CQ377+CQ386 -> 200000 | CR8: =CR11+CR15+CR24+CR38+CR49+CR54+CR71+CR77+CR94+CR99+CR111+CR120+CR132+CR143+CR154+CR166+CR178+CR192+CR196+CR208+CR217+CR224+CR237+CR250+CR262+CR270+CR279+CR290+CR300+CR307+CR316+CR326+CR340+CR349+CR358+CR365+CR377+CR386 -> 9800.2068 | CS8: =CR8/CQ8*100 -> 4.9001034 | CT8: =CT11+CT15+CT24+CT38+CT49+CT54+CT71+CT77+CT94+CT99+CT111+CT120+CT132+CT143+CT154+CT166+CT178+CT192+CT196+CT208+CT217+CT224+CT237+CT250+CT262+CT270+CT279+CT290+CT300+CT307+CT316+CT326+CT340+CT349+CT358+CT365+CT377+CT386 -> 0 | CU8: =CU11+CU15+CU24+CU38+CU49+CU54+CU71+CU77+CU94+CU99+CU111+CU120+CU132+CU143+CU154+CU166+CU178+CU192+CU196+CU208+CU217+CU224+CU237+CU250+CU262+CU270+CU279+CU290+CU300+CU307+CU316+CU326+CU340+CU349+CU358+CU365+CU377+CU386 -> 0 | CV8: =CV11+CV15+CV24+CV38+CV49+CV54+CV71+CV77+CV94+CV99+CV111+CV120+CV132+CV143+CV154+CV166+CV178+CV192+CV196+CV208+CV217+CV224+CV237+CV250+CV262+CV270+CV279+CV290+CV300+CV307+CV316+CV326+CV340+CV349+CV358+CV365+CV377+CV386 -> 0 | CW8: =CW11+CW15+CW24+CW38+CW49+CW54+CW71+CW77+CW94+CW99+CW111+CW120+CW132+CW143+CW154+CW166+CW178+CW192+CW196+CW208+CW217+CW224+CW237+CW250+CW262+CW270+CW279+CW290+CW300+CW307+CW316+CW326+CW340+CW349+CW358+CW365+CW377+CW386 -> 245270.6 | CX8: =CX11+CX15+CX24+CX38+CX49+CX54+CX71+CX77+CX94+CX99+CX111+CX120+CX132+CX143+CX154+CX166+CX178+CX192+CX196+CX208+CX217+CX224+CX237+CX250+CX262+CX270+CX279+CX290+CX300+CX307+CX316+CX326+CX340+CX349+CX358+CX365+CX377+CX386 -> 0 | CY8: =CX8/CW8*100 -> 0 | CZ8: =CZ11+CZ15+CZ24+CZ38+CZ49+CZ54+CZ71+CZ77+CZ94+CZ99+CZ111+CZ120+CZ132+CZ143+CZ154+CZ166+CZ178+CZ192+CZ196+CZ208+CZ217+CZ224+CZ237+CZ250+CZ262+CZ270+CZ279+CZ290+CZ300+CZ307+CZ316+CZ326+CZ340+CZ349+CZ358+CZ365+CZ377+CZ386 -> 48007.1 | DA8: =DA11+DA15+DA24+DA38+DA49+DA54+DA71+DA77+DA94+DA99+DA111+DA120+DA132+DA143+DA154+DA166+DA178+DA192+DA196+DA208+DA217+DA224+DA237+DA250+DA262+DA270+DA279+DA290+DA300+DA307+DA316+DA326+DA340+DA349+DA358+DA365+DA377+DA386 -> 7967.146 | DB8: =DA8/CZ8*100 -> 16.595766 | DC8: =DC11+DC15+DC24+DC38+DC49+DC54+DC71+DC77+DC94+DC99+DC111+DC120+DC132+DC143+DC154+DC166+DC178+DC192+DC196+DC208+DC217+DC224+DC237+DC250+DC262+DC270+DC279+DC290+DC300+DC307+DC316+DC326+DC340+DC349+DC358+DC365+DC377+DC386 -> 42920.1 | DD8: =DD11+DD15+DD24+DD38+DD49+DD54+DD71+DD77+DD94+DD99+DD111+DD120+DD132+DD143+DD154+DD166+DD178+DD192+DD196+DD208+DD217+DD224+DD237+DD250+DD262+DD270+DD279+DD290+DD300+DD307+DD316+DD326+DD340+DD349+DD358+DD365+DD377+DD386 -> 0 | DE8: =DD8/DC8*100 -> 0 | DF8: =DF11+DF15+DF24+DF38+DF49+DF54+DF71+DF77+DF94+DF99+DF111+DF120+DF132+DF143+DF154+DF166+DF178+DF192+DF196+DF208+DF217+DF224+DF237+DF250+DF262+DF270+DF279+DF290+DF300+DF307+DF316+DF326+DF340+DF349+DF358+DF365+DF377+DF386 -> 106674 | DG8: =DG11+DG15+DG24+DG38+DG49+DG54+DG71+DG77+DG94+DG99+DG111+DG120+DG132+DG143+DG154+DG166+DG178+DG192+DG196+DG208+DG217+DG224+DG237+DG250+DG262+DG270+DG279+DG290+DG300+DG307+DG316+DG326+DG340+DG349+DG358+DG365+DG377+DG386 -> 4809.8234 | DH8: =DG8/DF8*100 -> 4.5088994
A9: Муниципальные районы области (собственный): | B9: =E9+H9+K9+N9+Q9+T9+W9+Z9+AC9+AF9+AI9+AL9+AO9+AR9+AU9+AX9+BA9+BD9+BG9+BJ9+BM9+BP9+BS9+BV9+BY9+CB9+CE9+CH9+CK9+CN9+CQ9+CT9+CW9+CZ9+DC9+DF9 -> 3192792.7 | C9: =F9+I9+L9+O9+R9+U9+X9+AA9+AD9+AG9+AJ9+AM9+AP9+AS9+AV9+AY9+BB9+BE9+BH9+BK9+BN9+BQ9+BT9+BW9+BZ9+CC9+CF9+CI9+CL9+CO9+CR9+CU9+CX9+DA9+DD9+DG9 -> 889090.48 | D9: =C9/B9*100 -> 27.846797 | E9: =E12+E16+E25+E39+E50+E55+E72+E78+E95+E100+E112+E121+E133+E144+E155+E167+E179+E193+E197+E209+E218+E225+E238+E251+E263+E271+E280+E291+E301+E308+E317+E327+E341+E350+E359+E366+E378+E387 -> 16624.9 | F9: =F12+F16+F25+F39+F50+F55+F72+F78+F95+F100+F112+F121+F133+F144+F155+F167+F179+F193+F197+F209+F218+F225+F238+F251+F263+F271+F280+F291+F301+F308+F317+F327+F341+F350+F359+F366+F378+F387 -> 4035.1131 | G9: =F9/E9*100 -> 24.271503 | H9: =H12+H16+H25+H39+H50+H55+H72+H78+H95+H100+H112+H121+H133+H144+H155+H167+H179+H193+H197+H209+H218+H225+H238+H251+H263+H271+H280+H291+H301+H308+H317+H327+H341+H350+H359+H366+H378+H387 -> 99643 | I9: =I12+I16+I25+I39+I50+I55+I72+I78+I95+I100+I112+I121+I133+I144+I155+I167+I179+I193+I197+I209+I218+I225+I238+I251+I263+I271+I280+I291+I301+I308+I317+I327+I341+I350+I359+I366+I378+I387 -> 0 | J9: =I9/H9*100 -> 0 | K9: =K12+K16+K25+K39+K50+K55+K72+K78+K95+K100+K112+K121+K133+K144+K155+K167+K179+K193+K197+K209+K218+K225+K238+K251+K263+K271+K280+K291+K301+K308+K317+K327+K341+K350+K359+K366+K378+K387 -> 54023.1 | L9: =L12+L16+L25+L39+L50+L55+L72+L78+L95+L100+L112+L121+L133+L144+L155+L167+L179+L193+L197+L209+L218+L225+L238+L251+L263+L271+L280+L291+L301+L308+L317+L327+L341+L350+L359+L366+L378+L387 -> 46030.116 | M9: =L9/K9*100 -> 85.204507 | N9: =N12+N16+N25+N39+N50+N55+N72+N78+N95+N100+N112+N121+N133+N144+N155+N167+N179+N193+N197+N209+N218+N225+N238+N251+N263+N271+N280+N291+N301+N308+N317+N327+N341+N350+N359+N366+N378+N387 -> 0 | O9: =O12+O16+O25+O39+O50+O55+O72+O78+O95+O100+O112+O121+O133+O144+O155+O167+O179+O193+O197+O209+O218+O225+O238+O251+O263+O271+O280+O291+O301+O308+O317+O327+O341+O350+O359+O366+O378+O387 -> 0 | Q9: =Q12+Q16+Q25+Q39+Q50+Q55+Q72+Q78+Q95+Q100+Q112+Q121+Q133+Q144+Q155+Q167+Q179+Q193+Q197+Q209+Q218+Q225+Q238+Q251+Q263+Q271+Q280+Q291+Q301+Q308+Q317+Q327+Q341+Q350+Q359+Q366+Q378+Q387 -> 5029.2 | R9: =R12+R16+R25+R39+R50+R55+R72+R78+R95+R100+R112+R121+R133+R144+R155+R167+R179+R193+R197+R209+R218+R225+R238+R251+R263+R271+R280+R291+R301+R308+R317+R327+R341+R350+R359+R366+R378+R387 -> 5029.2 | S9: =R9/Q9*100 -> 100 | T9: =T12+T16+T25+T39+T50+T55+T72+T78+T95+T100+T112+T121+T133+T144+T155+T167+T179+T193+T197+T209+T218+T225+T238+T251+T263+T271+T280+T291+T301+T308+T317+T327+T341+T350+T359+T366+T378+T387 -> 37892 | U9: =U12+U16+U25+U39+U50+U55+U72+U78+U95+U100+U112+U121+U133+U144+U155+U167+U179+U193+U197+U209+U218+U225+U238+U251+U263+U271+U280+U291+U301+U308+U317+U327+U341+U350+U359+U366+U378+U387 -> 20415.763 | V9: =U9/T9*100 -> 53.878821 | W9: =W12+W16+W25+W39+W50+W55+W72+W78+W95+W100+W112+W121+W133+W144+W155+W167+W179+W193+W197+W209+W218+W225+W238+W251+W263+W271+W280+W291+W301+W308+W317+W327+W341+W350+W359+W366+W378+W387 -> 2346.9389 | X9: =X12+X16+X25+X39+X50+X55+X72+X78+X95+X100+X112+X121+X133+X144+X155+X167+X179+X193+X197+X209+X218+X225+X238+X251+X263+X271+X280+X291+X301+X308+X317+X327+X341+X350+X359+X366+X378+X387 -> 2142.8573 | Y9: =X9/W9*100 -> 91.304353 | Z9: =Z12+Z16+Z25+Z39+Z50+Z55+Z72+Z78+Z95+Z100+Z112+Z121+Z133+Z144+Z155+Z167+Z179+Z193+Z197+Z209+Z218+Z225+Z238+Z251+Z263+Z271+Z280+Z291+Z301+Z308+Z317+Z327+Z341+Z350+Z359+Z366+Z378+Z387 -> 816.32658 | AA9: =AA12+AA16+AA25+AA39+AA50+AA55+AA72+AA78+AA95+AA100+AA112+AA121+AA133+AA144+AA155+AA167+AA179+AA193+AA197+AA209+AA218+AA225+AA238+AA251+AA263+AA271+AA280+AA291+AA301+AA308+AA317+AA327+AA341+AA350+AA359+AA366+AA378+AA387 -> 816.32658 | AB9: =AA9/Z9*100 -> 100 | AC9: =AC12+AC16+AC25+AC39+AC50+AC55+AC72+AC78+AC95+AC100+AC112+AC121+AC133+AC144+AC155+AC167+AC179+AC193+AC197+AC209+AC218+AC225+AC238+AC251+AC263+AC271+AC280+AC291+AC301+AC308+AC317+AC327+AC341+AC350+AC359+AC366+AC378+AC387 -> 5300 | AD9: =AD12+AD16+AD25+AD39+AD50+AD55+AD72+AD78+AD95+AD100+AD112+AD121+AD133+AD144+AD155+AD167+AD179+AD193+AD197+AD209+AD218+AD225+AD238+AD251+AD263+AD271+AD280+AD291+AD301+AD308+AD317+AD327+AD341+AD350+AD359+AD366+AD378+AD387 -> 2650 | AE9: =AD9/AC9*100 -> 50 | AF9: =AF12+AF16+AF25+AF39+AF50+AF55+AF72+AF78+AF95+AF100+AF112+AF121+AF133+AF144+AF155+AF167+AF179+AF193+AF197+AF209+AF218+AF225+AF238+AF251+AF263+AF271+AF280+AF291+AF301+AF308+AF317+AF327+AF341+AF350+AF359+AF366+AF378+AF387 -> 0 | AG9: =AG12+AG16+AG25+AG39+AG50+AG55+AG72+AG78+AG95+AG100+AG112+AG121+AG133+AG144+AG155+AG167+AG179+AG193+AG197+AG209+AG218+AG225+AG238+AG251+AG263+AG271+AG280+AG291+AG301+AG308+AG317+AG327+AG341+AG350+AG359+AG366+AG378+AG387 -> 0 | AI9: =AI12+AI16+AI25+AI39+AI50+AI55+AI72+AI78+AI95+AI100+AI112+AI121+AI133+AI144+AI155+AI167+AI179+AI193+AI197+AI209+AI218+AI225+AI238+AI251+AI263+AI271+AI280+AI291+AI301+AI308+AI317+AI327+AI341+AI350+AI359+AI366+AI378+AI387 -> 0 | AJ9: =AJ12+AJ16+AJ25+AJ39+AJ50+AJ55+AJ72+AJ78+AJ95+AJ100+AJ112+AJ121+AJ133+AJ144+AJ155+AJ167+AJ179+AJ193+AJ197+AJ209+AJ218+AJ225+AJ238+AJ251+AJ263+AJ271+AJ280+AJ291+AJ301+AJ308+AJ317+AJ327+AJ341+AJ350+AJ359+AJ366+AJ378+AJ387 -> 0 | AL9: =AL12+AL16+AL25+AL39+AL50+AL55+AL72+AL78+AL95+AL100+AL112+AL121+AL133+AL144+AL155+AL167+AL179+AL193+AL197+AL209+AL218+AL225+AL238+AL251+AL263+AL271+AL280+AL291+AL301+AL308+AL317+AL327+AL341+AL350+AL359+AL366+AL378+AL387 -> 933937.8 | AM9: =AM12+AM16+AM25+AM39+AM50+AM55+AM72+AM78+AM95+AM100+AM112+AM121+AM133+AM144+AM155+AM167+AM179+AM193+AM197+AM209+AM218+AM225+AM238+AM251+AM263+AM271+AM280+AM291+AM301+AM308+AM317+AM327+AM341+AM350+AM359+AM366+AM378+AM387 -> 319632.13 | AN9: =AM9/AL9*100 -> 34.224134 | AO9: =AO12+AO16+AO25+AO39+AO50+AO55+AO72+AO78+AO95+AO100+AO112+AO121+AO133+AO144+AO155+AO167+AO179+AO193+AO197+AO209+AO218+AO225+AO238+AO251+AO263+AO271+AO280+AO291+AO301+AO308+AO317+AO327+AO341+AO350+AO359+AO366+AO378+AO387 -> 485652.2 | AP9: =AP12+AP16+AP25+AP39+AP50+AP55+AP72+AP78+AP95+AP100+AP112+AP121+AP133+AP144+AP155+AP167+AP179+AP193+AP197+AP209+AP218+AP225+AP238+AP251+AP263+AP271+AP280+AP291+AP301+AP308+AP317+AP327+AP341+AP350+AP359+AP366+AP378+AP387 -> 126283.69 | AQ9: =AP9/AO9*100 -> 26.002906 | AR9: =AR12+AR16+AR25+AR39+AR50+AR55+AR72+AR78+AR95+AR100+AR112+AR121+AR133+AR144+AR155+AR167+AR179+AR193+AR197+AR209+AR218+AR225+AR238+AR251+AR263+AR271+AR280+AR291+AR301+AR308+AR317+AR327+AR341+AR350+AR359+AR366+AR378+AR387 -> 30468 | AS9: =AS12+AS16+AS25+AS39+AS50+AS55+AS72+AS78+AS95+AS100+AS112+AS121+AS133+AS144+AS155+AS167+AS179+AS193+AS197+AS209+AS218+AS225+AS238+AS251+AS263+AS271+AS280+AS291+AS301+AS308+AS317+AS327+AS341+AS350+AS359+AS366+AS378+AS387 -> 11336.387 | AT9: =AS9/AR9*100 -> 37.207518 | AU9: =AU12+AU16+AU25+AU39+AU50+AU55+AU72+AU78+AU95+AU100+AU112+AU121+AU133+AU144+AU155+AU167+AU179+AU193+AU197+AU209+AU218+AU225+AU238+AU251+AU263+AU271+AU280+AU291+AU301+AU308+AU317+AU327+AU341+AU350+AU359+AU366+AU378+AU387 -> 3969.8 | AV9: =AV12+AV16+AV25+AV39+AV50+AV55+AV72+AV78+AV95+AV100+AV112+AV121+AV133+AV144+AV155+AV167+AV179+AV193+AV197+AV209+AV218+AV225+AV238+AV251+AV263+AV271+AV280+AV291+AV301+AV308+AV317+AV327+AV341+AV350+AV359+AV366+AV378+AV387 -> 125.6298 | AW9: =AV9/AU9*100 -> 3.164638 | AX9: =AX12+AX16+AX25+AX39+AX50+AX55+AX72+AX78+AX95+AX100+AX112+AX121+AX133+AX144+AX155+AX167+AX179+AX193+AX197+AX209+AX218+AX225+AX238+AX251+AX263+AX271+AX280+AX291+AX301+AX308+AX317+AX327+AX341+AX350+AX359+AX366+AX378+AX387 -> 78.5 | AY9: =AY12+AY16+AY25+AY39+AY50+AY55+AY72+AY78+AY95+AY100+AY112+AY121+AY133+AY144+AY155+AY167+AY179+AY193+AY197+AY209+AY218+AY225+AY238+AY251+AY263+AY271+AY280+AY291+AY301+AY308+AY317+AY327+AY341+AY350+AY359+AY366+AY378+AY387 -> 0 | AZ9: =AY9/AX9*100 -> 0 | BA9: =BA12+BA16+BA25+BA39+BA50+BA55+BA72+BA78+BA95+BA100+BA112+BA121+BA133+BA144+BA155+BA167+BA179+BA193+BA197+BA209+BA218+BA225+BA238+BA251+BA263+BA271+BA280+BA291+BA301+BA308+BA317+BA327+BA341+BA350+BA359+BA366+BA378+BA387 -> 179821.2 | BB9: =BB12+BB16+BB25+BB39+BB50+BB55+BB72+BB78+BB95+BB100+BB112+BB121+BB133+BB144+BB155+BB167+BB179+BB193+BB197+BB209+BB218+BB225+BB238+BB251+BB263+BB271+BB280+BB291+BB301+BB308+BB317+BB327+BB341+BB350+BB359+BB366+BB378+BB387 -> 68990.918 | BC9: =BB9/BA9*100 -> 38.366399 | BD9: =BD12+BD16+BD25+BD39+BD50+BD55+BD72+BD78+BD95+BD100+BD112+BD121+BD133+BD144+BD155+BD167+BD179+BD193+BD197+BD209+BD218+BD225+BD238+BD251+BD263+BD271+BD280+BD291+BD301+BD308+BD317+BD327+BD341+BD350+BD359+BD366+BD378+BD387 -> 0 | BE9: =BE12+BE16+BE25+BE39+BE50+BE55+BE72+BE78+BE95+BE100+BE112+BE121+BE133+BE144+BE155+BE167+BE179+BE193+BE197+BE209+BE218+BE225+BE238+BE251+BE263+BE271+BE280+BE291+BE301+BE308+BE317+BE327+BE341+BE350+BE359+BE366+BE378+BE387 -> 0 | BG9: =BG12+BG16+BG25+BG39+BG50+BG55+BG72+BG78+BG95+BG100+BG112+BG121+BG133+BG144+BG155+BG167+BG179+BG193+BG197+BG209+BG218+BG225+BG238+BG251+BG263+BG271+BG280+BG291+BG301+BG308+BG317+BG327+BG341+BG350+BG359+BG366+BG378+BG387 -> 0 | BH9: =BH12+BH16+BH25+BH39+BH50+BH55+BH72+BH78+BH95+BH100+BH112+BH121+BH133+BH144+BH155+BH167+BH179+BH193+BH197+BH209+BH218+BH225+BH238+BH251+BH263+BH271+BH280+BH291+BH301+BH308+BH317+BH327+BH341+BH350+BH359+BH366+BH378+BH387 -> 0 | BJ9: =BJ12+BJ16+BJ25+BJ39+BJ50+BJ55+BJ72+BJ78+BJ95+BJ100+BJ112+BJ121+BJ133+BJ144+BJ155+BJ167+BJ179+BJ193+BJ197+BJ209+BJ218+BJ225+BJ238+BJ251+BJ263+BJ271+BJ280+BJ291+BJ301+BJ308+BJ317+BJ327+BJ341+BJ350+BJ359+BJ366+BJ378+BJ387 -> 0 | BK9: =BK12+BK16+BK25+BK39+BK50+BK55+BK72+BK78+BK95+BK100+BK112+BK121+BK133+BK144+BK155+BK167+BK179+BK193+BK197+BK209+BK218+BK225+BK238+BK251+BK263+BK271+BK280+BK291+BK301+BK308+BK317+BK327+BK341+BK350+BK359+BK366+BK378+BK387 -> 0 | BM9: =BM12+BM16+BM25+BM39+BM50+BM55+BM72+BM78+BM95+BM100+BM112+BM121+BM133+BM144+BM155+BM167+BM179+BM193+BM197+BM209+BM218+BM225+BM238+BM251+BM263+BM271+BM280+BM291+BM301+BM308+BM317+BM327+BM341+BM350+BM359+BM366+BM378+BM387 -> 0 | BN9: =BN12+BN16+BN25+BN39+BN50+BN55+BN72+BN78+BN95+BN100+BN112+BN121+BN133+BN144+BN155+BN167+BN179+BN193+BN197+BN209+BN218+BN225+BN238+BN251+BN263+BN271+BN280+BN291+BN301+BN308+BN317+BN327+BN341+BN350+BN359+BN366+BN378+BN387 -> 0 | BO9: =BO12+BO16+BO25+BO39+BO50+BO55+BO72+BO78+BO95+BO100+BO112+BO121+BO133+BO144+BO155+BO167+BO179+BO193+BO197+BO209+BO218+BO225+BO238+BO251+BO263+BO271+BO280+BO291+BO301+BO308+BO317+BO327+BO341+BO350+BO359+BO366+BO378+BO387 -> 0 | BP9: =BP12+BP16+BP25+BP39+BP50+BP55+BP72+BP78+BP95+BP100+BP112+BP121+BP133+BP144+BP155+BP167+BP179+BP193+BP197+BP209+BP218+BP225+BP238+BP251+BP263+BP271+BP280+BP291+BP301+BP308+BP317+BP327+BP341+BP350+BP359+BP366+BP378+BP387 -> 34322.2 | BQ9: =BQ12+BQ16+BQ25+BQ39+BQ50+BQ55+BQ72+BQ78+BQ95+BQ100+BQ112+BQ121+BQ133+BQ144+BQ155+BQ167+BQ179+BQ193+BQ197+BQ209+BQ218+BQ225+BQ238+BQ251+BQ263+BQ271+BQ280+BQ291+BQ301+BQ308+BQ317+BQ327+BQ341+BQ350+BQ359+BQ366+BQ378+BQ387 -> 3000 | BR9: =BQ9/BP9*100 -> 8.7406984 | BS9: =BS12+BS16+BS25+BS39+BS50+BS55+BS72+BS78+BS95+BS100+BS112+BS121+BS133+BS144+BS155+BS167+BS179+BS193+BS197+BS209+BS218+BS225+BS238+BS251+BS263+BS271+BS280+BS291+BS301+BS308+BS317+BS327+BS341+BS350+BS359+BS366+BS378+BS387 -> 0 | BT9: =BT12+BT16+BT25+BT39+BT50+BT55+BT72+BT78+BT95+BT100+BT112+BT121+BT133+BT144+BT155+BT167+BT179+BT193+BT197+BT209+BT218+BT225+BT238+BT251+BT263+BT271+BT280+BT291+BT301+BT308+BT317+BT327+BT341+BT350+BT359+BT366+BT378+BT387 -> 0 | BV9: =BV12+BV16+BV25+BV39+BV50+BV55+BV72+BV78+BV95+BV100+BV112+BV121+BV133+BV144+BV155+BV167+BV179+BV193+BV197+BV209+BV218+BV225+BV238+BV251+BV263+BV271+BV280+BV291+BV301+BV308+BV317+BV327+BV341+BV350+BV359+BV366+BV378+BV387 -> 0 | BW9: =BW12+BW16+BW25+BW39+BW50+BW55+BW72+BW78+BW95+BW100+BW112+BW121+BW133+BW144+BW155+BW167+BW179+BW193+BW197+BW209+BW218+BW225+BW238+BW251+BW263+BW271+BW280+BW291+BW301+BW308+BW317+BW327+BW341+BW350+BW359+BW366+BW378+BW387 -> 0 | BY9: =BY12+BY16+BY25+BY39+BY50+BY55+BY72+BY78+BY95+BY100+BY112+BY121+BY133+BY144+BY155+BY167+BY179+BY193+BY197+BY209+BY218+BY225+BY238+BY251+BY263+BY271+BY280+BY291+BY301+BY308+BY317+BY327+BY341+BY350+BY359+BY366+BY378+BY387 -> 85511.9 | BZ9: =BZ12+BZ16+BZ25+BZ39+BZ50+BZ55+BZ72+BZ78+BZ95+BZ100+BZ112+BZ121+BZ133+BZ144+BZ155+BZ167+BZ179+BZ193+BZ197+BZ209+BZ218+BZ225+BZ238+BZ251+BZ263+BZ271+BZ280+BZ291+BZ301+BZ308+BZ317+BZ327+BZ341+BZ350+BZ359+BZ366+BZ378+BZ387 -> 13713.582 | CA9: =BZ9/BY9*100 -> 16.037045 | CB9: =CB12+CB16+CB25+CB39+CB50+CB55+CB72+CB78+CB95+CB100+CB112+CB121+CB133+CB144+CB155+CB167+CB179+CB193+CB197+CB209+CB218+CB225+CB238+CB251+CB263+CB271+CB280+CB291+CB301+CB308+CB317+CB327+CB341+CB350+CB359+CB366+CB378+CB387 -> 8369.3 | CC9: =CC12+CC16+CC25+CC39+CC50+CC55+CC72+CC78+CC95+CC100+CC112+CC121+CC133+CC144+CC155+CC167+CC179+CC193+CC197+CC209+CC218+CC225+CC238+CC251+CC263+CC271+CC280+CC291+CC301+CC308+CC317+CC327+CC341+CC350+CC359+CC366+CC378+CC387 -> 0 | CD9: =CD12+CD16+CD25+CD39+CD50+CD55+CD72+CD78+CD95+CD100+CD112+CD121+CD133+CD144+CD155+CD167+CD179+CD193+CD197+CD209+CD218+CD225+CD238+CD251+CD263+CD271+CD280+CD291+CD301+CD308+CD317+CD327+CD341+CD350+CD359+CD366+CD378+CD387 -> 0 | CE9: =CE12+CE16+CE25+CE39+CE50+CE55+CE72+CE78+CE95+CE100+CE112+CE121+CE133+CE144+CE155+CE167+CE179+CE193+CE197+CE209+CE218+CE225+CE238+CE251+CE263+CE271+CE280+CE291+CE301+CE308+CE317+CE327+CE341+CE350+CE359+CE366+CE378+CE387 -> 204901.1 | CF9: =CF12+CF16+CF25+CF39+CF50+CF55+CF72+CF78+CF95+CF100+CF112+CF121+CF133+CF144+CF155+CF167+CF179+CF193+CF197+CF209+CF218+CF225+CF238+CF251+CF263+CF271+CF280+CF291+CF301+CF308+CF317+CF327+CF341+CF350+CF359+CF366+CF378+CF387 -> 404.50427 | CG9: =CF9/CE9*100 -> 0.1974144 | CH9: =CH12+CH16+CH25+CH39+CH50+CH55+CH72+CH78+CH95+CH100+CH112+CH121+CH133+CH144+CH155+CH167+CH179+CH193+CH197+CH209+CH218+CH225+CH238+CH251+CH263+CH271+CH280+CH291+CH301+CH308+CH317+CH327+CH341+CH350+CH359+CH366+CH378+CH387 -> 6197.6 | CI9: =CI12+CI16+CI25+CI39+CI50+CI55+CI72+CI78+CI95+CI100+CI112+CI121+CI133+CI144+CI155+CI167+CI179+CI193+CI197+CI209+CI218+CI225+CI238+CI251+CI263+CI271+CI280+CI291+CI301+CI308+CI317+CI327+CI341+CI350+CI359+CI366+CI378+CI387 -> 2581.0868 | CJ9: =CI9/CH9*100 -> 41.646553 | CK9: =CK12+CK16+CK25+CK39+CK50+CK55+CK72+CK78+CK95+CK100+CK112+CK121+CK133+CK144+CK155+CK167+CK179+CK193+CK197+CK209+CK218+CK225+CK238+CK251+CK263+CK271+CK280+CK291+CK301+CK308+CK317+CK327+CK341+CK350+CK359+CK366+CK378+CK387 -> 16618.3 | CL9: =CL12+CL16+CL25+CL39+CL50+CL55+CL72+CL78+CL95+CL100+CL112+CL121+CL133+CL144+CL155+CL167+CL179+CL193+CL197+CL209+CL218+CL225+CL238+CL251+CL263+CL271+CL280+CL291+CL301+CL308+CL317+CL327+CL341+CL350+CL359+CL366+CL378+CL387 -> 4756.2716 | CM9: =CL9/CK9*100 -> 28.620687 | CN9: =CN12+CN16+CN25+CN39+CN50+CN55+CN72+CN78+CN95+CN100+CN112+CN121+CN133+CN144+CN155+CN167+CN179+CN193+CN197+CN209+CN218+CN225+CN238+CN251+CN263+CN271+CN280+CN291+CN301+CN308+CN317+CN327+CN341+CN350+CN359+CN366+CN378+CN387 -> 586404.6 | CO9: =CO12+CO16+CO25+CO39+CO50+CO55+CO72+CO78+CO95+CO100+CO112+CO121+CO133+CO144+CO155+CO167+CO179+CO193+CO197+CO209+CO218+CO225+CO238+CO251+CO263+CO271+CO280+CO291+CO301+CO308+CO317+CO327+CO341+CO350+CO359+CO366+CO378+CO387 -> 252337.09 | CP9: =CO9/CN9*100 -> 43.031226 | CQ9: =CQ12+CQ16+CQ25+CQ39+CQ50+CQ55+CQ72+CQ78+CQ95+CQ100+CQ112+CQ121+CQ133+CQ144+CQ155+CQ167+CQ179+CQ193+CQ197+CQ209+CQ218+CQ225+CQ238+CQ251+CQ263+CQ271+CQ280+CQ291+CQ301+CQ308+CQ317+CQ327+CQ341+CQ350+CQ359+CQ366+CQ378+CQ387 -> 0 | CR9: =CR12+CR16+CR25+CR39+CR50+CR55+CR72+CR78+CR95+CR100+CR112+CR121+CR133+CR144+CR155+CR167+CR179+CR193+CR197+CR209+CR218+CR225+CR238+CR251+CR263+CR271+CR280+CR291+CR301+CR308+CR317+CR327+CR341+CR350+CR359+CR366+CR378+CR387 -> 0 | CT9: =CT12+CT16+CT25+CT39+CT50+CT55+CT72+CT78+CT95+CT100+CT112+CT121+CT133+CT144+CT155+CT167+CT179+CT193+CT197+CT209+CT218+CT225+CT238+CT251+CT263+CT271+CT280+CT291+CT301+CT308+CT317+CT327+CT341+CT350+CT359+CT366+CT378+CT387 -> 0 | CU9: =CU12+CU16+CU25+CU39+CU50+CU55+CU72+CU78+CU95+CU100+CU112+CU121+CU133+CU144+CU155+CU167+CU179+CU193+CU197+CU209+CU218+CU225+CU238+CU251+CU263+CU271+CU280+CU291+CU301+CU308+CU317+CU327+CU341+CU350+CU359+CU366+CU378+CU387 -> 0 | CV9: =CV12+CV16+CV25+CV39+CV50+CV55+CV72+CV78+CV95+CV100+CV112+CV121+CV133+CV144+CV155+CV167+CV179+CV193+CV197+CV209+CV218+CV225+CV238+CV251+CV263+CV271+CV280+CV291+CV301+CV308+CV317+CV327+CV341+CV350+CV359+CV366+CV378+CV387 -> 0 | CW9: =CW12+CW16+CW25+CW39+CW50+CW55+CW72+CW78+CW95+CW100+CW112+CW121+CW133+CW144+CW155+CW167+CW179+CW193+CW197+CW209+CW218+CW225+CW238+CW251+CW263+CW271+CW280+CW291+CW301+CW308+CW317+CW327+CW341+CW350+CW359+CW366+CW378+CW387 -> 245270.6 | CX9: =CX12+CX16+CX25+CX39+CX50+CX55+CX72+CX78+CX95+CX100+CX112+CX121+CX133+CX144+CX155+CX167+CX179+CX193+CX197+CX209+CX218+CX225+CX238+CX251+CX263+CX271+CX280+CX291+CX301+CX308+CX317+CX327+CX341+CX350+CX359+CX366+CX378+CX387 -> 0 | CZ9: =CZ12+CZ16+CZ25+CZ39+CZ50+CZ55+CZ72+CZ78+CZ95+CZ100+CZ112+CZ121+CZ133+CZ144+CZ155+CZ167+CZ179+CZ193+CZ197+CZ209+CZ218+CZ225+CZ238+CZ251+CZ263+CZ271+CZ280+CZ291+CZ301+CZ308+CZ317+CZ327+CZ341+CZ350+CZ359+CZ366+CZ378+CZ387 -> 0 | DA9: =DA12+DA16+DA25+DA39+DA50+DA55+DA72+DA78+DA95+DA100+DA112+DA121+DA133+DA144+DA155+DA167+DA179+DA193+DA197+DA209+DA218+DA225+DA238+DA251+DA263+DA271+DA280+DA291+DA301+DA308+DA317+DA327+DA341+DA350+DA359+DA366+DA378+DA387 -> 0 | DC9: =DC12+DC16+DC25+DC39+DC50+DC55+DC72+DC78+DC95+DC100+DC112+DC121+DC133+DC144+DC155+DC167+DC179+DC193+DC197+DC209+DC218+DC225+DC238+DC251+DC263+DC271+DC280+DC291+DC301+DC308+DC317+DC327+DC341+DC350+DC359+DC366+DC378+DC387 -> 42920.1 | DD9: =DD12+DD16+DD25+DD39+DD50+DD55+DD72+DD78+DD95+DD100+DD112+DD121+DD133+DD144+DD155+DD167+DD179+DD193+DD197+DD209+DD218+DD225+DD238+DD251+DD263+DD271+DD280+DD291+DD301+DD308+DD317+DD327+DD341+DD350+DD359+DD366+DD378+DD387 -> 0 | DF9: =DF12+DF16+DF25+DF39+DF50+DF55+DF72+DF78+DF95+DF100+DF112+DF121+DF133+DF144+DF155+DF167+DF179+DF193+DF197+DF209+DF218+DF225+DF238+DF251+DF263+DF271+DF280+DF291+DF301+DF308+DF317+DF327+DF341+DF350+DF359+DF366+DF378+DF387 -> 106674 | DG9: =DG12+DG16+DG25+DG39+DG50+DG55+DG72+DG78+DG95+DG100+DG112+DG121+DG133+DG144+DG155+DG167+DG179+DG193+DG197+DG209+DG218+DG225+DG238+DG251+DG263+DG271+DG280+DG291+DG301+DG308+DG317+DG327+DG341+DG350+DG359+DG366+DG378+DG387 -> 4809.8234
A10: Поселения: | B10: =E10+H10+K10+N10+Q10+T10+W10+Z10+AC10+AF10+AI10+AL10+AO10+AR10+AU10+AX10+BA10+BD10+BG10+BJ10+BM10+BP10+BS10+BV10+BY10+CB10+CE10+CH10+CK10+CN10+CQ10+CT10+CW10+CZ10+DC10+DF10 -> 1198799.9 | C10: =F10+I10+L10+O10+R10+U10+X10+AA10+AD10+AG10+AJ10+AM10+AP10+AS10+AV10+AY10+BB10+BE10+BH10+BK10+BN10+BQ10+BT10+BW10+BZ10+CC10+CF10+CI10+CL10+CO10+CR10+CU10+CX10+DA10+DD10+DG10 -> 203035.36 | D10: =C10/B10*100 -> 16.936551 | E10: =SUM(E13:E14)+SUM(E17:E23)+SUM(E26:E37)+SUM(E40:E48)+SUM(E51:E53)+SUM(E56:E70)+SUM(E73:E76)+SUM(E79:E93)+SUM(E96:E98)+SUM(E101:E110)+SUM(E113:E119)+SUM(E122:E131)+SUM(E134:E142)+SUM(E145:E153)+SUM(E156:E165)+SUM(E168:E177)+SUM(E180:E191)+SUM(E194:E195)+SUM(E198:E207)+SUM(E210:E216)+SUM(E219:E223)+SUM(E226:E236)+SUM(E226:E236)+SUM(E239:E249)+SUM(E252:E261)+SUM(E264:E269)+SUM(E272:E278)+SUM(E281:E289)+SUM(E292:E299)+SUM(E302:E306)+SUM(E309:E315)+SUM(E318:E325)+SUM(E328:E339)+SUM(E342:E348)+SUM(E351:E357)+SUM(E360:E364)+SUM(E367:E376)+SUM(E379:E385)+SUM(E388:E392) -> 0 | F10: =SUM(F13:F14)+SUM(F17:F23)+SUM(F26:F37)+SUM(F40:F48)+SUM(F51:F53)+SUM(F56:F70)+SUM(F73:F76)+SUM(F79:F93)+SUM(F96:F98)+SUM(F101:F110)+SUM(F113:F119)+SUM(F122:F131)+SUM(F134:F142)+SUM(F145:F153)+SUM(F156:F165)+SUM(F168:F177)+SUM(F180:F191)+SUM(F194:F195)+SUM(F198:F207)+SUM(F210:F216)+SUM(F219:F223)+SUM(F226:F236)+SUM(F226:F236)+SUM(F239:F249)+SUM(F252:F261)+SUM(F264:F269)+SUM(F272:F278)+SUM(F281:F289)+SUM(F292:F299)+SUM(F302:F306)+SUM(F309:F315)+SUM(F318:F325)+SUM(F328:F339)+SUM(F342:F348)+SUM(F351:F357)+SUM(F360:F364)+SUM(F367:F376)+SUM(F379:F385)+SUM(F388:F392) -> 0 | H10: =SUM(H13:H14)+SUM(H17:H23)+SUM(H26:H37)+SUM(H40:H48)+SUM(H51:H53)+SUM(H56:H70)+SUM(H73:H76)+SUM(H79:H93)+SUM(H96:H98)+SUM(H101:H110)+SUM(H113:H119)+SUM(H122:H131)+SUM(H134:H142)+SUM(H145:H153)+SUM(H156:H165)+SUM(H168:H177)+SUM(H180:H191)+SUM(H194:H195)+SUM(H198:H207)+SUM(H210:H216)+SUM(H219:H223)+SUM(H226:H236)+SUM(H226:H236)+SUM(H239:H249)+SUM(H252:H261)+SUM(H264:H269)+SUM(H272:H278)+SUM(H281:H289)+SUM(H292:H299)+SUM(H302:H306)+SUM(H309:H315)+SUM(H318:H325)+SUM(H328:H339)+SUM(H342:H348)+SUM(H351:H357)+SUM(H360:H364)+SUM(H367:H376)+SUM(H379:H385)+SUM(H388:H392) -> 0 | I10: =SUM(I13:I14)+SUM(I17:I23)+SUM(I26:I37)+SUM(I40:I48)+SUM(I51:I53)+SUM(I56:I70)+SUM(I73:I76)+SUM(I79:I93)+SUM(I96:I98)+SUM(I101:I110)+SUM(I113:I119)+SUM(I122:I131)+SUM(I134:I142)+SUM(I145:I153)+SUM(I156:I165)+SUM(I168:I177)+SUM(I180:I191)+SUM(I194:I195)+SUM(I198:I207)+SUM(I210:I216)+SUM(I219:I223)+SUM(I226:I236)+SUM(I226:I236)+SUM(I239:I249)+SUM(I252:I261)+SUM(I264:I269)+SUM(I272:I278)+SUM(I281:I289)+SUM(I292:I299)+SUM(I302:I306)+SUM(I309:I315)+SUM(I318:I325)+SUM(I328:I339)+SUM(I342:I348)+SUM(I351:I357)+SUM(I360:I364)+SUM(I367:I376)+SUM(I379:I385)+SUM(I388:I392) -> 0 | J10: =SUM(J13:J14)+SUM(J17:J23)+SUM(J26:J37)+SUM(J40:J48)+SUM(J51:J53)+SUM(J56:J70)+SUM(J73:J76)+SUM(J79:J93)+SUM(J96:J98)+SUM(J101:J110)+SUM(J113:J119)+SUM(J122:J131)+SUM(J134:J142)+SUM(J145:J153)+SUM(J156:J165)+SUM(J168:J177)+SUM(J180:J191)+SUM(J194:J195)+SUM(J198:J207)+SUM(J210:J216)+SUM(J219:J223)+SUM(J226:J236)+SUM(J226:J236)+SUM(J239:J249)+SUM(J252:J261)+SUM(J264:J269)+SUM(J272:J278)+SUM(J281:J289)+SUM(J292:J299)+SUM(J302:J306)+SUM(J309:J315)+SUM(J318:J325)+SUM(J328:J339)+SUM(J342:J348)+SUM(J351:J357)+SUM(J360:J364)+SUM(J367:J376)+SUM(J379:J385)+SUM(J388:J392) -> 0 | K10: =SUM(K13:K14)+SUM(K17:K23)+SUM(K26:K37)+SUM(K40:K48)+SUM(K51:K53)+SUM(K56:K70)+SUM(K73:K76)+SUM(K79:K93)+SUM(K96:K98)+SUM(K101:K110)+SUM(K113:K119)+SUM(K122:K131)+SUM(K134:K142)+SUM(K145:K153)+SUM(K156:K165)+SUM(K168:K177)+SUM(K180:K191)+SUM(K194:K195)+SUM(K198:K207)+SUM(K210:K216)+SUM(K219:K223)+SUM(K226:K236)+SUM(K226:K236)+SUM(K239:K249)+SUM(K252:K261)+SUM(K264:K269)+SUM(K272:K278)+SUM(K281:K289)+SUM(K292:K299)+SUM(K302:K306)+SUM(K309:K315)+SUM(K318:K325)+SUM(K328:K339)+SUM(K342:K348)+SUM(K351:K357)+SUM(K360:K364)+SUM(K367:K376)+SUM(K379:K385)+SUM(K388:K392) -> 0 | L10: =SUM(L13:L14)+SUM(L17:L23)+SUM(L26:L37)+SUM(L40:L48)+SUM(L51:L53)+SUM(L56:L70)+SUM(L73:L76)+SUM(L79:L93)+SUM(L96:L98)+SUM(L101:L110)+SUM(L113:L119)+SUM(L122:L131)+SUM(L134:L142)+SUM(L145:L153)+SUM(L156:L165)+SUM(L168:L177)+SUM(L180:L191)+SUM(L194:L195)+SUM(L198:L207)+SUM(L210:L216)+SUM(L219:L223)+SUM(L226:L236)+SUM(L226:L236)+SUM(L239:L249)+SUM(L252:L261)+SUM(L264:L269)+SUM(L272:L278)+SUM(L281:L289)+SUM(L292:L299)+SUM(L302:L306)+SUM(L309:L315)+SUM(L318:L325)+SUM(L328:L339)+SUM(L342:L348)+SUM(L351:L357)+SUM(L360:L364)+SUM(L367:L376)+SUM(L379:L385)+SUM(L388:L392) -> 0 | M10: =SUM(M13:M14)+SUM(M17:M23)+SUM(M26:M37)+SUM(M40:M48)+SUM(M51:M53)+SUM(M56:M70)+SUM(M73:M76)+SUM(M79:M93)+SUM(M96:M98)+SUM(M101:M110)+SUM(M113:M119)+SUM(M122:M131)+SUM(M134:M142)+SUM(M145:M153)+SUM(M156:M165)+SUM(M168:M177)+SUM(M180:M191)+SUM(M194:M195)+SUM(M198:M207)+SUM(M210:M216)+SUM(M219:M223)+SUM(M226:M236)+SUM(M226:M236)+SUM(M239:M249)+SUM(M252:M261)+SUM(M264:M269)+SUM(M272:M278)+SUM(M281:M289)+SUM(M292:M299)+SUM(M302:M306)+SUM(M309:M315)+SUM(M318:M325)+SUM(M328:M339)+SUM(M342:M348)+SUM(M351:M357)+SUM(M360:M364)+SUM(M367:M376)+SUM(M379:M385)+SUM(M388:M392) -> 0 | N10: =SUM(N13:N14)+SUM(N17:N23)+SUM(N26:N37)+SUM(N40:N48)+SUM(N51:N53)+SUM(N56:N70)+SUM(N73:N76)+SUM(N79:N93)+SUM(N96:N98)+SUM(N101:N110)+SUM(N113:N119)+SUM(N122:N131)+SUM(N134:N142)+SUM(N145:N153)+SUM(N156:N165)+SUM(N168:N177)+SUM(N180:N191)+SUM(N194:N195)+SUM(N198:N207)+SUM(N210:N216)+SUM(N219:N223)+SUM(N226:N236)+SUM(N226:N236)+SUM(N239:N249)+SUM(N252:N261)+SUM(N264:N269)+SUM(N272:N278)+SUM(N281:N289)+SUM(N292:N299)+SUM(N302:N306)+SUM(N309:N315)+SUM(N318:N325)+SUM(N328:N339)+SUM(N342:N348)+SUM(N351:N357)+SUM(N360:N364)+SUM(N367:N376)+SUM(N379:N385)+SUM(N388:N392) -> 0 | O10: =SUM(O13:O14)+SUM(O17:O23)+SUM(O26:O37)+SUM(O40:O48)+SUM(O51:O53)+SUM(O56:O70)+SUM(O73:O76)+SUM(O79:O93)+SUM(O96:O98)+SUM(O101:O110)+SUM(O113:O119)+SUM(O122:O131)+SUM(O134:O142)+SUM(O145:O153)+SUM(O156:O165)+SUM(O168:O177)+SUM(O180:O191)+SUM(O194:O195)+SUM(O198:O207)+SUM(O210:O216)+SUM(O219:O223)+SUM(O226:O236)+SUM(O226:O236)+SUM(O239:O249)+SUM(O252:O261)+SUM(O264:O269)+SUM(O272:O278)+SUM(O281:O289)+SUM(O292:O299)+SUM(O302:O306)+SUM(O309:O315)+SUM(O318:O325)+SUM(O328:O339)+SUM(O342:O348)+SUM(O351:O357)+SUM(O360:O364)+SUM(O367:O376)+SUM(O379:O385)+SUM(O388:O392) -> 0 | ... R10: =SUM(R13:R14)+SUM(R17:R23)+SUM(R26:R37)+SUM(R40:R48)+SUM(R51:R53)+SUM(R56:R70)+SUM(R73:R76)+SUM(R79:R93)+SUM(R96:R98)+SUM(R101:R110)+SUM(R113:R119)+SUM(R122:R131)+SUM(R134:R142)+SUM(R145:R153)+SUM(R156:R165)+SUM(R168:R177)+SUM(R180:R191)+SUM(R194:R195)+SUM(R198:R207)+SUM(R210:R216)+SUM(R219:R223)+SUM(R226:R236)+SUM(R226:R236)+SUM(R239:R249)+SUM(R252:R261)+SUM(R264:R269)+SUM(R272:R278)+SUM(R281:R289)+SUM(R292:R299)+SUM(R302:R306)+SUM(R309:R315)+SUM(R318:R325)+SUM(R328:R339)+SUM(R342:R348)+SUM(R351:R357)+SUM(R360:R364)+SUM(R367:R376)+SUM(R379:R385)+SUM(R388:R392) -> 5029.2 | S10: =R10/Q10*100 -> 100 | T10: =SUM(T13:T14)+SUM(T17:T23)+SUM(T26:T37)+SUM(T40:T48)+SUM(T51:T53)+SUM(T56:T70)+SUM(T73:T76)+SUM(T79:T93)+SUM(T96:T98)+SUM(T101:T110)+SUM(T113:T119)+SUM(T122:T131)+SUM(T134:T142)+SUM(T145:T153)+SUM(T156:T165)+SUM(T168:T177)+SUM(T180:T191)+SUM(T194:T195)+SUM(T198:T207)+SUM(T210:T216)+SUM(T219:T223)+SUM(T226:T236)+SUM(T226:T236)+SUM(T239:T249)+SUM(T252:T261)+SUM(T264:T269)+SUM(T272:T278)+SUM(T281:T289)+SUM(T292:T299)+SUM(T302:T306)+SUM(T309:T315)+SUM(T318:T325)+SUM(T328:T339)+SUM(T342:T348)+SUM(T351:T357)+SUM(T360:T364)+SUM(T367:T376)+SUM(T379:T385)+SUM(T388:T392) -> 2944.1 | U10: =SUM(U13:U14)+SUM(U17:U23)+SUM(U26:U37)+SUM(U40:U48)+SUM(U51:U53)+SUM(U56:U70)+SUM(U73:U76)+SUM(U79:U93)+SUM(U96:U98)+SUM(U101:U110)+SUM(U113:U119)+SUM(U122:U131)+SUM(U134:U142)+SUM(U145:U153)+SUM(U156:U165)+SUM(U168:U177)+SUM(U180:U191)+SUM(U194:U195)+SUM(U198:U207)+SUM(U210:U216)+SUM(U219:U223)+SUM(U226:U236)+SUM(U226:U236)+SUM(U239:U249)+SUM(U252:U261)+SUM(U264:U269)+SUM(U272:U278)+SUM(U281:U289)+SUM(U292:U299)+SUM(U302:U306)+SUM(U309:U315)+SUM(U318:U325)+SUM(U328:U339)+SUM(U342:U348)+SUM(U351:U357)+SUM(U360:U364)+SUM(U367:U376)+SUM(U379:U385)+SUM(U388:U392) -> 883.2 | V10: =U10/T10*100 -> 29.998981 | W10: =SUM(W13:W14)+SUM(W17:W23)+SUM(W26:W37)+SUM(W40:W48)+SUM(W51:W53)+SUM(W56:W70)+SUM(W73:W76)+SUM(W79:W93)+SUM(W96:W98)+SUM(W101:W110)+SUM(W113:W119)+SUM(W122:W131)+SUM(W134:W142)+SUM(W145:W153)+SUM(W156:W165)+SUM(W168:W177)+SUM(W180:W191)+SUM(W194:W195)+SUM(W198:W207)+SUM(W210:W216)+SUM(W219:W223)+SUM(W226:W236)+SUM(W226:W236)+SUM(W239:W249)+SUM(W252:W261)+SUM(W264:W269)+SUM(W272:W278)+SUM(W281:W289)+SUM(W292:W299)+SUM(W302:W306)+SUM(W309:W315)+SUM(W318:W325)+SUM(W328:W339)+SUM(W342:W348)+SUM(W351:W357)+SUM(W360:W364)+SUM(W367:W376)+SUM(W379:W385)+SUM(W388:W392) -> 0 | X10: =SUM(X13:X14)+SUM(X17:X23)+SUM(X26:X37)+SUM(X40:X48)+SUM(X51:X53)+SUM(X56:X70)+SUM(X73:X76)+SUM(X79:X93)+SUM(X96:X98)+SUM(X101:X110)+SUM(X113:X119)+SUM(X122:X131)+SUM(X134:X142)+SUM(X145:X153)+SUM(X156:X165)+SUM(X168:X177)+SUM(X180:X191)+SUM(X194:X195)+SUM(X198:X207)+SUM(X210:X216)+SUM(X219:X223)+SUM(X226:X236)+SUM(X226:X236)+SUM(X239:X249)+SUM(X252:X261)+SUM(X264:X269)+SUM(X272:X278)+SUM(X281:X289)+SUM(X292:X299)+SUM(X302:X306)+SUM(X309:X315)+SUM(X318:X325)+SUM(X328:X339)+SUM(X342:X348)+SUM(X351:X357)+SUM(X360:X364)+SUM(X367:X376)+SUM(X379:X385)+SUM(X388:X392) -> 0 | Z10: =SUM(Z13:Z14)+SUM(Z17:Z23)+SUM(Z26:Z37)+SUM(Z40:Z48)+SUM(Z51:Z53)+SUM(Z56:Z70)+SUM(Z73:Z76)+SUM(Z79:Z93)+SUM(Z96:Z98)+SUM(Z101:Z110)+SUM(Z113:Z119)+SUM(Z122:Z131)+SUM(Z134:Z142)+SUM(Z145:Z153)+SUM(Z156:Z165)+SUM(Z168:Z177)+SUM(Z180:Z191)+SUM(Z194:Z195)+SUM(Z198:Z207)+SUM(Z210:Z216)+SUM(Z219:Z223)+SUM(Z226:Z236)+SUM(Z226:Z236)+SUM(Z239:Z249)+SUM(Z252:Z261)+SUM(Z264:Z269)+SUM(Z272:Z278)+SUM(Z281:Z289)+SUM(Z292:Z299)+SUM(Z302:Z306)+SUM(Z309:Z315)+SUM(Z318:Z325)+SUM(Z328:Z339)+SUM(Z342:Z348)+SUM(Z351:Z357)+SUM(Z360:Z364)+SUM(Z367:Z376)+SUM(Z379:Z385)+SUM(Z388:Z392) -> 51.02042 | AA10: =SUM(AA13:AA14)+SUM(AA17:AA23)+SUM(AA26:AA37)+SUM(AA40:AA48)+SUM(AA51:AA53)+SUM(AA56:AA70)+SUM(AA73:AA76)+SUM(AA79:AA93)+SUM(AA96:AA98)+SUM(AA101:AA110)+SUM(AA113:AA119)+SUM(AA122:AA131)+SUM(AA134:AA142)+SUM(AA145:AA153)+SUM(AA156:AA165)+SUM(AA168:AA177)+SUM(AA180:AA191)+SUM(AA194:AA195)+SUM(AA198:AA207)+SUM(AA210:AA216)+SUM(AA219:AA223)+SUM(AA226:AA236)+SUM(AA226:AA236)+SUM(AA239:AA249)+SUM(AA252:AA261)+SUM(AA264:AA269)+SUM(AA272:AA278)+SUM(AA281:AA289)+SUM(AA292:AA299)+SUM(AA302:AA306)+SUM(AA309:AA315)+SUM(AA318:AA325)+SUM(AA328:AA339)+SUM(AA342:AA348)+SUM(AA351:AA357)+SUM(AA360:AA364)+SUM(AA367:AA376)+SUM(AA379:AA385)+SUM(AA388:AA392) -> 51.02042 | AB10: =AA10/Z10*100 -> 100 | AC10: =SUM(AC13:AC14)+SUM(AC17:AC23)+SUM(AC26:AC37)+SUM(AC40:AC48)+SUM(AC51:AC53)+SUM(AC56:AC70)+SUM(AC73:AC76)+SUM(AC79:AC93)+SUM(AC96:AC98)+SUM(AC101:AC110)+SUM(AC113:AC119)+SUM(AC122:AC131)+SUM(AC134:AC142)+SUM(AC145:AC153)+SUM(AC156:AC165)+SUM(AC168:AC177)+SUM(AC180:AC191)+SUM(AC194:AC195)+SUM(AC198:AC207)+SUM(AC210:AC216)+SUM(AC219:AC223)+SUM(AC226:AC236)+SUM(AC239:AC249)+SUM(AC252:AC261)+SUM(AC264:AC269)+SUM(AC272:AC278)+SUM(AC281:AC289)+SUM(AC292:AC299)+SUM(AC302:AC306)+SUM(AC309:AC315)+SUM(AC318:AC325)+SUM(AC328:AC339)+SUM(AC342:AC348)+SUM(AC351:AC357)+SUM(AC360:AC364)+SUM(AC367:AC376)+SUM(AC379:AC385)+SUM(AC388:AC392) -> 0 | AD10: =SUM(AD13:AD14)+SUM(AD17:AD23)+SUM(AD26:AD37)+SUM(AD40:AD48)+SUM(AD51:AD53)+SUM(AD56:AD70)+SUM(AD73:AD76)+SUM(AD79:AD93)+SUM(AD96:AD98)+SUM(AD101:AD110)+SUM(AD113:AD119)+SUM(AD122:AD131)+SUM(AD134:AD142)+SUM(AD145:AD153)+SUM(AD156:AD165)+SUM(AD168:AD177)+SUM(AD180:AD191)+SUM(AD194:AD195)+SUM(AD198:AD207)+SUM(AD210:AD216)+SUM(AD219:AD223)+SUM(AD226:AD236)+SUM(AD239:AD249)+SUM(AD252:AD261)+SUM(AD264:AD269)+SUM(AD272:AD278)+SUM(AD281:AD289)+SUM(AD292:AD299)+SUM(AD302:AD306)+SUM(AD309:AD315)+SUM(AD318:AD325)+SUM(AD328:AD339)+SUM(AD342:AD348)+SUM(AD351:AD357)+SUM(AD360:AD364)+SUM(AD367:AD376)+SUM(AD379:AD385)+SUM(AD388:AD392) -> 0 | AE10: =SUM(AE13:AE14)+SUM(AE17:AE23)+SUM(AE26:AE37)+SUM(AE40:AE48)+SUM(AE51:AE53)+SUM(AE56:AE70)+SUM(AE73:AE76)+SUM(AE79:AE93)+SUM(AE96:AE98)+SUM(AE101:AE110)+SUM(AE113:AE119)+SUM(AE122:AE131)+SUM(AE134:AE142)+SUM(AE145:AE153)+SUM(AE156:AE165)+SUM(AE168:AE177)+SUM(AE180:AE191)+SUM(AE194:AE195)+SUM(AE198:AE207)+SUM(AE210:AE216)+SUM(AE219:AE223)+SUM(AE226:AE236)+SUM(AE239:AE249)+SUM(AE252:AE261)+SUM(AE264:AE269)+SUM(AE272:AE278)+SUM(AE281:AE289)+SUM(AE292:AE299)+SUM(AE302:AE306)+SUM(AE309:AE315)+SUM(AE318:AE325)+SUM(AE328:AE339)+SUM(AE342:AE348)+SUM(AE351:AE357)+SUM(AE360:AE364)+SUM(AE367:AE376)+SUM(AE379:AE385)+SUM(AE388:AE392) -> 0 | AF10: =SUM(AF13:AF14)+SUM(AF17:AF23)+SUM(AF26:AF37)+SUM(AF40:AF48)+SUM(AF51:AF53)+SUM(AF56:AF70)+SUM(AF73:AF76)+SUM(AF79:AF93)+SUM(AF96:AF98)+SUM(AF101:AF110)+SUM(AF113:AF119)+SUM(AF122:AF131)+SUM(AF134:AF142)+SUM(AF145:AF153)+SUM(AF156:AF165)+SUM(AF168:AF177)+SUM(AF180:AF191)+SUM(AF194:AF195)+SUM(AF198:AF207)+SUM(AF210:AF216)+SUM(AF219:AF223)+SUM(AF226:AF236)+SUM(AF239:AF249)+SUM(AF252:AF261)+SUM(AF264:AF269)+SUM(AF272:AF278)+SUM(AF281:AF289)+SUM(AF292:AF299)+SUM(AF302:AF306)+SUM(AF309:AF315)+SUM(AF318:AF325)+SUM(AF328:AF339)+SUM(AF342:AF348)+SUM(AF351:AF357)+SUM(AF360:AF364)+SUM(AF367:AF376)+SUM(AF379:AF385)+SUM(AF388:AF392) -> 116801.23 | AG10: =SUM(AG13:AG14)+SUM(AG17:AG23)+SUM(AG26:AG37)+SUM(AG40:AG48)+SUM(AG51:AG53)+SUM(AG56:AG70)+SUM(AG73:AG76)+SUM(AG79:AG93)+SUM(AG96:AG98)+SUM(AG101:AG110)+SUM(AG113:AG119)+SUM(AG122:AG131)+SUM(AG134:AG142)+SUM(AG145:AG153)+SUM(AG156:AG165)+SUM(AG168:AG177)+SUM(AG180:AG191)+SUM(AG194:AG195)+SUM(AG198:AG207)+SUM(AG210:AG216)+SUM(AG219:AG223)+SUM(AG226:AG236)+SUM(AG239:AG249)+SUM(AG252:AG261)+SUM(AG264:AG269)+SUM(AG272:AG278)+SUM(AG281:AG289)+SUM(AG292:AG299)+SUM(AG302:AG306)+SUM(AG309:AG315)+SUM(AG318:AG325)+SUM(AG328:AG339)+SUM(AG342:AG348)+SUM(AG351:AG357)+SUM(AG360:AG364)+SUM(AG367:AG376)+SUM(AG379:AG385)+SUM(AG388:AG392) -> 1347.9051 | AH10: =AG10/AF10*100 -> 1.1540162 | AI10: =SUM(AI13:AI14)+SUM(AI17:AI23)+SUM(AI26:AI37)+SUM(AI40:AI48)+SUM(AI51:AI53)+SUM(AI56:AI70)+SUM(AI73:AI76)+SUM(AI79:AI93)+SUM(AI96:AI98)+SUM(AI101:AI110)+SUM(AI113:AI119)+SUM(AI122:AI131)+SUM(AI134:AI142)+SUM(AI145:AI153)+SUM(AI156:AI165)+SUM(AI168:AI177)+SUM(AI180:AI191)+SUM(AI194:AI195)+SUM(AI198:AI207)+SUM(AI210:AI216)+SUM(AI219:AI223)+SUM(AI226:AI236)+SUM(AI239:AI249)+SUM(AI252:AI261)+SUM(AI264:AI269)+SUM(AI272:AI278)+SUM(AI281:AI289)+SUM(AI292:AI299)+SUM(AI302:AI306)+SUM(AI309:AI315)+SUM(AI318:AI325)+SUM(AI328:AI339)+SUM(AI342:AI348)+SUM(AI351:AI357)+SUM(AI360:AI364)+SUM(AI367:AI376)+SUM(AI379:AI385)+SUM(AI388:AI392) -> 165975.1 | AJ10: =SUM(AJ13:AJ14)+SUM(AJ17:AJ23)+SUM(AJ26:AJ37)+SUM(AJ40:AJ48)+SUM(AJ51:AJ53)+SUM(AJ56:AJ70)+SUM(AJ73:AJ76)+SUM(AJ79:AJ93)+SUM(AJ96:AJ98)+SUM(AJ101:AJ110)+SUM(AJ113:AJ119)+SUM(AJ122:AJ131)+SUM(AJ134:AJ142)+SUM(AJ145:AJ153)+SUM(AJ156:AJ165)+SUM(AJ168:AJ177)+SUM(AJ180:AJ191)+SUM(AJ194:AJ195)+SUM(AJ198:AJ207)+SUM(AJ210:AJ216)+SUM(AJ219:AJ223)+SUM(AJ226:AJ236)+SUM(AJ239:AJ249)+SUM(AJ252:AJ261)+SUM(AJ264:AJ269)+SUM(AJ272:AJ278)+SUM(AJ281:AJ289)+SUM(AJ292:AJ299)+SUM(AJ302:AJ306)+SUM(AJ309:AJ315)+SUM(AJ318:AJ325)+SUM(AJ328:AJ339)+SUM(AJ342:AJ348)+SUM(AJ351:AJ357)+SUM(AJ360:AJ364)+SUM(AJ367:AJ376)+SUM(AJ379:AJ385)+SUM(AJ388:AJ392) -> 77283.192 | AK10: =AJ10/AI10*100 -> 46.563124 | AL10: =SUM(AL13:AL14)+SUM(AL17:AL23)+SUM(AL26:AL37)+SUM(AL40:AL48)+SUM(AL51:AL53)+SUM(AL56:AL70)+SUM(AL73:AL76)+SUM(AL79:AL93)+SUM(AL96:AL98)+SUM(AL101:AL110)+SUM(AL113:AL119)+SUM(AL122:AL131)+SUM(AL134:AL142)+SUM(AL145:AL153)+SUM(AL156:AL165)+SUM(AL168:AL177)+SUM(AL180:AL191)+SUM(AL194:AL195)+SUM(AL198:AL207)+SUM(AL210:AL216)+SUM(AL219:AL223)+SUM(AL226:AL236)+SUM(AL239:AL249)+SUM(AL252:AL261)+SUM(AL264:AL269)+SUM(AL272:AL278)+SUM(AL281:AL289)+SUM(AL292:AL299)+SUM(AL302:AL306)+SUM(AL309:AL315)+SUM(AL318:AL325)+SUM(AL328:AL339)+SUM(AL342:AL348)+SUM(AL351:AL357)+SUM(AL360:AL364)+SUM(AL367:AL376)+SUM(AL379:AL385)+SUM(AL388:AL392) -> 0 | AM10: =SUM(AM13:AM14)+SUM(AM17:AM23)+SUM(AM26:AM37)+SUM(AM40:AM48)+SUM(AM51:AM53)+SUM(AM56:AM70)+SUM(AM73:AM76)+SUM(AM79:AM93)+SUM(AM96:AM98)+SUM(AM101:AM110)+SUM(AM113:AM119)+SUM(AM122:AM131)+SUM(AM134:AM142)+SUM(AM145:AM153)+SUM(AM156:AM165)+SUM(AM168:AM177)+SUM(AM180:AM191)+SUM(AM194:AM195)+SUM(AM198:AM207)+SUM(AM210:AM216)+SUM(AM219:AM223)+SUM(AM226:AM236)+SUM(AM239:AM249)+SUM(AM252:AM261)+SUM(AM264:AM269)+SUM(AM272:AM278)+SUM(AM281:AM289)+SUM(AM292:AM299)+SUM(AM302:AM306)+SUM(AM309:AM315)+SUM(AM318:AM325)+SUM(AM328:AM339)+SUM(AM342:AM348)+SUM(AM351:AM357)+SUM(AM360:AM364)+SUM(AM367:AM376)+SUM(AM379:AM385)+SUM(AM388:AM392) -> 0 | AO10: =SUM(AO13:AO14)+SUM(AO17:AO23)+SUM(AO26:AO37)+SUM(AO40:AO48)+SUM(AO51:AO53)+SUM(AO56:AO70)+SUM(AO73:AO76)+SUM(AO79:AO93)+SUM(AO96:AO98)+SUM(AO101:AO110)+SUM(AO113:AO119)+SUM(AO122:AO131)+SUM(AO134:AO142)+SUM(AO145:AO153)+SUM(AO156:AO165)+SUM(AO168:AO177)+SUM(AO180:AO191)+SUM(AO194:AO195)+SUM(AO198:AO207)+SUM(AO210:AO216)+SUM(AO219:AO223)+SUM(AO226:AO236)+SUM(AO239:AO249)+SUM(AO252:AO261)+SUM(AO264:AO269)+SUM(AO272:AO278)+SUM(AO281:AO289)+SUM(AO292:AO299)+SUM(AO302:AO306)+SUM(AO309:AO315)+SUM(AO318:AO325)+SUM(AO328:AO339)+SUM(AO342:AO348)+SUM(AO351:AO357)+SUM(AO360:AO364)+SUM(AO367:AO376)+SUM(AO379:AO385)+SUM(AO388:AO392) -> 0 | AP10: =SUM(AP13:AP14)+SUM(AP17:AP23)+SUM(AP26:AP37)+SUM(AP40:AP48)+SUM(AP51:AP53)+SUM(AP56:AP70)+SUM(AP73:AP76)+SUM(AP79:AP93)+SUM(AP96:AP98)+SUM(AP101:AP110)+SUM(AP113:AP119)+SUM(AP122:AP131)+SUM(AP134:AP142)+SUM(AP145:AP153)+SUM(AP156:AP165)+SUM(AP168:AP177)+SUM(AP180:AP191)+SUM(AP194:AP195)+SUM(AP198:AP207)+SUM(AP210:AP216)+SUM(AP219:AP223)+SUM(AP226:AP236)+SUM(AP239:AP249)+SUM(AP252:AP261)+SUM(AP264:AP269)+SUM(AP272:AP278)+SUM(AP281:AP289)+SUM(AP292:AP299)+SUM(AP302:AP306)+SUM(AP309:AP315)+SUM(AP318:AP325)+SUM(AP328:AP339)+SUM(AP342:AP348)+SUM(AP351:AP357)+SUM(AP360:AP364)+SUM(AP367:AP376)+SUM(AP379:AP385)+SUM(AP388:AP392) -> 0 | AQ10: =SUM(AQ13:AQ14)+SUM(AQ17:AQ23)+SUM(AQ26:AQ37)+SUM(AQ40:AQ48)+SUM(AQ51:AQ53)+SUM(AQ56:AQ70)+SUM(AQ73:AQ76)+SUM(AQ79:AQ93)+SUM(AQ96:AQ98)+SUM(AQ101:AQ110)+SUM(AQ113:AQ119)+SUM(AQ122:AQ131)+SUM(AQ134:AQ142)+SUM(AQ145:AQ153)+SUM(AQ156:AQ165)+SUM(AQ168:AQ177)+SUM(AQ180:AQ191)+SUM(AQ194:AQ195)+SUM(AQ198:AQ207)+SUM(AQ210:AQ216)+SUM(AQ219:AQ223)+SUM(AQ226:AQ236)+SUM(AQ239:AQ249)+SUM(AQ252:AQ261)+SUM(AQ264:AQ269)+SUM(AQ272:AQ278)+SUM(AQ281:AQ289)+SUM(AQ292:AQ299)+SUM(AQ302:AQ306)+SUM(AQ309:AQ315)+SUM(AQ318:AQ325)+SUM(AQ328:AQ339)+SUM(AQ342:AQ348)+SUM(AQ351:AQ357)+SUM(AQ360:AQ364)+SUM(AQ367:AQ376)+SUM(AQ379:AQ385)+SUM(AQ388:AQ392) -> 0 | AR10: =SUM(AR13:AR14)+SUM(AR17:AR23)+SUM(AR26:AR37)+SUM(AR40:AR48)+SUM(AR51:AR53)+SUM(AR56:AR70)+SUM(AR73:AR76)+SUM(AR79:AR93)+SUM(AR96:AR98)+SUM(AR101:AR110)+SUM(AR113:AR119)+SUM(AR122:AR131)+SUM(AR134:AR142)+SUM(AR145:AR153)+SUM(AR156:AR165)+SUM(AR168:AR177)+SUM(AR180:AR191)+SUM(AR194:AR195)+SUM(AR198:AR207)+SUM(AR210:AR216)+SUM(AR219:AR223)+SUM(AR226:AR236)+SUM(AR239:AR249)+SUM(AR252:AR261)+SUM(AR264:AR269)+SUM(AR272:AR278)+SUM(AR281:AR289)+SUM(AR292:AR299)+SUM(AR302:AR306)+SUM(AR309:AR315)+SUM(AR318:AR325)+SUM(AR328:AR339)+SUM(AR342:AR348)+SUM(AR351:AR357)+SUM(AR360:AR364)+SUM(AR367:AR376)+SUM(AR379:AR385)+SUM(AR388:AR392) -> 0 | AS10: =SUM(AS13:AS14)+SUM(AS17:AS23)+SUM(AS26:AS37)+SUM(AS40:AS48)+SUM(AS51:AS53)+SUM(AS56:AS70)+SUM(AS73:AS76)+SUM(AS79:AS93)+SUM(AS96:AS98)+SUM(AS101:AS110)+SUM(AS113:AS119)+SUM(AS122:AS131)+SUM(AS134:AS142)+SUM(AS145:AS153)+SUM(AS156:AS165)+SUM(AS168:AS177)+SUM(AS180:AS191)+SUM(AS194:AS195)+SUM(AS198:AS207)+SUM(AS210:AS216)+SUM(AS219:AS223)+SUM(AS226:AS236)+SUM(AS239:AS249)+SUM(AS252:AS261)+SUM(AS264:AS269)+SUM(AS272:AS278)+SUM(AS281:AS289)+SUM(AS292:AS299)+SUM(AS302:AS306)+SUM(AS309:AS315)+SUM(AS318:AS325)+SUM(AS328:AS339)+SUM(AS342:AS348)+SUM(AS351:AS357)+SUM(AS360:AS364)+SUM(AS367:AS376)+SUM(AS379:AS385)+SUM(AS388:AS392) -> 0 | AU10: =SUM(AU13:AU14)+SUM(AU17:AU23)+SUM(AU26:AU37)+SUM(AU40:AU48)+SUM(AU51:AU53)+SUM(AU56:AU70)+SUM(AU73:AU76)+SUM(AU79:AU93)+SUM(AU96:AU98)+SUM(AU101:AU110)+SUM(AU113:AU119)+SUM(AU122:AU131)+SUM(AU134:AU142)+SUM(AU145:AU153)+SUM(AU156:AU165)+SUM(AU168:AU177)+SUM(AU180:AU191)+SUM(AU194:AU195)+SUM(AU198:AU207)+SUM(AU210:AU216)+SUM(AU219:AU223)+SUM(AU226:AU236)+SUM(AU239:AU249)+SUM(AU252:AU261)+SUM(AU264:AU269)+SUM(AU272:AU278)+SUM(AU281:AU289)+SUM(AU292:AU299)+SUM(AU302:AU306)+SUM(AU309:AU315)+SUM(AU318:AU325)+SUM(AU328:AU339)+SUM(AU342:AU348)+SUM(AU351:AU357)+SUM(AU360:AU364)+SUM(AU367:AU376)+SUM(AU379:AU385)+SUM(AU388:AU392) -> 83312.1 | AV10: =SUM(AV13:AV14)+SUM(AV17:AV23)+SUM(AV26:AV37)+SUM(AV40:AV48)+SUM(AV51:AV53)+SUM(AV56:AV70)+SUM(AV73:AV76)+SUM(AV79:AV93)+SUM(AV96:AV98)+SUM(AV101:AV110)+SUM(AV113:AV119)+SUM(AV122:AV131)+SUM(AV134:AV142)+SUM(AV145:AV153)+SUM(AV156:AV165)+SUM(AV168:AV177)+SUM(AV180:AV191)+SUM(AV194:AV195)+SUM(AV198:AV207)+SUM(AV210:AV216)+SUM(AV219:AV223)+SUM(AV226:AV236)+SUM(AV239:AV249)+SUM(AV252:AV261)+SUM(AV264:AV269)+SUM(AV272:AV278)+SUM(AV281:AV289)+SUM(AV292:AV299)+SUM(AV302:AV306)+SUM(AV309:AV315)+SUM(AV318:AV325)+SUM(AV328:AV339)+SUM(AV342:AV348)+SUM(AV351:AV357)+SUM(AV360:AV364)+SUM(AV367:AV376)+SUM(AV379:AV385)+SUM(AV388:AV392) -> 25907.579 | AW10: =AV10/AU10*100 -> 31.097018 | AX10: =SUM(AX13:AX14)+SUM(AX17:AX23)+SUM(AX26:AX37)+SUM(AX40:AX48)+SUM(AX51:AX53)+SUM(AX56:AX70)+SUM(AX73:AX76)+SUM(AX79:AX93)+SUM(AX96:AX98)+SUM(AX101:AX110)+SUM(AX113:AX119)+SUM(AX122:AX131)+SUM(AX134:AX142)+SUM(AX145:AX153)+SUM(AX156:AX165)+SUM(AX168:AX177)+SUM(AX180:AX191)+SUM(AX194:AX195)+SUM(AX198:AX207)+SUM(AX210:AX216)+SUM(AX219:AX223)+SUM(AX226:AX236)+SUM(AX239:AX249)+SUM(AX252:AX261)+SUM(AX264:AX269)+SUM(AX272:AX278)+SUM(AX281:AX289)+SUM(AX292:AX299)+SUM(AX302:AX306)+SUM(AX309:AX315)+SUM(AX318:AX325)+SUM(AX328:AX339)+SUM(AX342:AX348)+SUM(AX351:AX357)+SUM(AX360:AX364)+SUM(AX367:AX376)+SUM(AX379:AX385)+SUM(AX388:AX392) -> 1700.2 | AY10: =SUM(AY13:AY14)+SUM(AY17:AY23)+SUM(AY26:AY37)+SUM(AY40:AY48)+SUM(AY51:AY53)+SUM(AY56:AY70)+SUM(AY73:AY76)+SUM(AY79:AY93)+SUM(AY96:AY98)+SUM(AY101:AY110)+SUM(AY113:AY119)+SUM(AY122:AY131)+SUM(AY134:AY142)+SUM(AY145:AY153)+SUM(AY156:AY165)+SUM(AY168:AY177)+SUM(AY180:AY191)+SUM(AY194:AY195)+SUM(AY198:AY207)+SUM(AY210:AY216)+SUM(AY219:AY223)+SUM(AY226:AY236)+SUM(AY239:AY249)+SUM(AY252:AY261)+SUM(AY264:AY269)+SUM(AY272:AY278)+SUM(AY281:AY289)+SUM(AY292:AY299)+SUM(AY302:AY306)+SUM(AY309:AY315)+SUM(AY318:AY325)+SUM(AY328:AY339)+SUM(AY342:AY348)+SUM(AY351:AY357)+SUM(AY360:AY364)+SUM(AY367:AY376)+SUM(AY379:AY385)+SUM(AY388:AY392) -> 528.68777 | AZ10: =AY10/AX10*100 -> 31.095622 | BA10: =SUM(BA13:BA14)+SUM(BA17:BA23)+SUM(BA26:BA37)+SUM(BA40:BA48)+SUM(BA51:BA53)+SUM(BA56:BA70)+SUM(BA73:BA76)+SUM(BA79:BA93)+SUM(BA96:BA98)+SUM(BA101:BA110)+SUM(BA113:BA119)+SUM(BA122:BA131)+SUM(BA134:BA142)+SUM(BA145:BA153)+SUM(BA156:BA165)+SUM(BA168:BA177)+SUM(BA180:BA191)+SUM(BA194:BA195)+SUM(BA198:BA207)+SUM(BA210:BA216)+SUM(BA219:BA223)+SUM(BA226:BA236)+SUM(BA239:BA249)+SUM(BA252:BA261)+SUM(BA264:BA269)+SUM(BA272:BA278)+SUM(BA281:BA289)+SUM(BA292:BA299)+SUM(BA302:BA306)+SUM(BA309:BA315)+SUM(BA318:BA325)+SUM(BA328:BA339)+SUM(BA342:BA348)+SUM(BA351:BA357)+SUM(BA360:BA364)+SUM(BA367:BA376)+SUM(BA379:BA385)+SUM(BA388:BA392) -> 0 | BB10: =SUM(BB13:BB14)+SUM(BB17:BB23)+SUM(BB26:BB37)+SUM(BB40:BB48)+SUM(BB51:BB53)+SUM(BB56:BB70)+SUM(BB73:BB76)+SUM(BB79:BB93)+SUM(BB96:BB98)+SUM(BB101:BB110)+SUM(BB113:BB119)+SUM(BB122:BB131)+SUM(BB134:BB142)+SUM(BB145:BB153)+SUM(BB156:BB165)+SUM(BB168:BB177)+SUM(BB180:BB191)+SUM(BB194:BB195)+SUM(BB198:BB207)+SUM(BB210:BB216)+SUM(BB219:BB223)+SUM(BB226:BB236)+SUM(BB239:BB249)+SUM(BB252:BB261)+SUM(BB264:BB269)+SUM(BB272:BB278)+SUM(BB281:BB289)+SUM(BB292:BB299)+SUM(BB302:BB306)+SUM(BB309:BB315)+SUM(BB318:BB325)+SUM(BB328:BB339)+SUM(BB342:BB348)+SUM(BB351:BB357)+SUM(BB360:BB364)+SUM(BB367:BB376)+SUM(BB379:BB385)+SUM(BB388:BB392) -> 0 | BD10: =SUM(BD13:BD14)+SUM(BD17:BD23)+SUM(BD26:BD37)+SUM(BD40:BD48)+SUM(BD51:BD53)+SUM(BD56:BD70)+SUM(BD73:BD76)+SUM(BD79:BD93)+SUM(BD96:BD98)+SUM(BD101:BD110)+SUM(BD113:BD119)+SUM(BD122:BD131)+SUM(BD134:BD142)+SUM(BD145:BD153)+SUM(BD156:BD165)+SUM(BD168:BD177)+SUM(BD180:BD191)+SUM(BD194:BD195)+SUM(BD198:BD207)+SUM(BD210:BD216)+SUM(BD219:BD223)+SUM(BD226:BD236)+SUM(BD239:BD249)+SUM(BD252:BD261)+SUM(BD264:BD269)+SUM(BD272:BD278)+SUM(BD281:BD289)+SUM(BD292:BD299)+SUM(BD302:BD306)+SUM(BD309:BD315)+SUM(BD318:BD325)+SUM(BD328:BD339)+SUM(BD342:BD348)+SUM(BD351:BD357)+SUM(BD360:BD364)+SUM(BD367:BD376)+SUM(BD379:BD385)+SUM(BD388:BD392) -> 385498.59 | BE10: =SUM(BE13:BE14)+SUM(BE17:BE23)+SUM(BE26:BE37)+SUM(BE40:BE48)+SUM(BE51:BE53)+SUM(BE56:BE70)+SUM(BE73:BE76)+SUM(BE79:BE93)+SUM(BE96:BE98)+SUM(BE101:BE110)+SUM(BE113:BE119)+SUM(BE122:BE131)+SUM(BE134:BE142)+SUM(BE145:BE153)+SUM(BE156:BE165)+SUM(BE168:BE177)+SUM(BE180:BE191)+SUM(BE194:BE195)+SUM(BE198:BE207)+SUM(BE210:BE216)+SUM(BE219:BE223)+SUM(BE226:BE236)+SUM(BE239:BE249)+SUM(BE252:BE261)+SUM(BE264:BE269)+SUM(BE272:BE278)+SUM(BE281:BE289)+SUM(BE292:BE299)+SUM(BE302:BE306)+SUM(BE309:BE315)+SUM(BE318:BE325)+SUM(BE328:BE339)+SUM(BE342:BE348)+SUM(BE351:BE357)+SUM(BE360:BE364)+SUM(BE367:BE376)+SUM(BE379:BE385)+SUM(BE388:BE392) -> 44408.23 | BF10: =BE10/BD10*100 -> 11.519687 | BG10: =SUM(BG13:BG14)+SUM(BG17:BG23)+SUM(BG26:BG37)+SUM(BG40:BG48)+SUM(BG51:BG53)+SUM(BG56:BG70)+SUM(BG73:BG76)+SUM(BG79:BG93)+SUM(BG96:BG98)+SUM(BG101:BG110)+SUM(BG113:BG119)+SUM(BG122:BG131)+SUM(BG134:BG142)+SUM(BG145:BG153)+SUM(BG156:BG165)+SUM(BG168:BG177)+SUM(BG180:BG191)+SUM(BG194:BG195)+SUM(BG198:BG207)+SUM(BG210:BG216)+SUM(BG219:BG223)+SUM(BG226:BG236)+SUM(BG239:BG249)+SUM(BG252:BG261)+SUM(BG264:BG269)+SUM(BG272:BG278)+SUM(BG281:BG289)+SUM(BG292:BG299)+SUM(BG302:BG306)+SUM(BG309:BG315)+SUM(BG318:BG325)+SUM(BG328:BG339)+SUM(BG342:BG348)+SUM(BG351:BG357)+SUM(BG360:BG364)+SUM(BG367:BG376)+SUM(BG379:BG385)+SUM(BG388:BG392) -> 34078.7 | BH10: =SUM(BH13:BH14)+SUM(BH17:BH23)+SUM(BH26:BH37)+SUM(BH40:BH48)+SUM(BH51:BH53)+SUM(BH56:BH70)+SUM(BH73:BH76)+SUM(BH79:BH93)+SUM(BH96:BH98)+SUM(BH101:BH110)+SUM(BH113:BH119)+SUM(BH122:BH131)+SUM(BH134:BH142)+SUM(BH145:BH153)+SUM(BH156:BH165)+SUM(BH168:BH177)+SUM(BH180:BH191)+SUM(BH194:BH195)+SUM(BH198:BH207)+SUM(BH210:BH216)+SUM(BH219:BH223)+SUM(BH226:BH236)+SUM(BH239:BH249)+SUM(BH252:BH261)+SUM(BH264:BH269)+SUM(BH272:BH278)+SUM(BH281:BH289)+SUM(BH292:BH299)+SUM(BH302:BH306)+SUM(BH309:BH315)+SUM(BH318:BH325)+SUM(BH328:BH339)+SUM(BH342:BH348)+SUM(BH351:BH357)+SUM(BH360:BH364)+SUM(BH367:BH376)+SUM(BH379:BH385)+SUM(BH388:BH392) -> 1109.9273 | BI10: =BH10/BG10*100 -> 3.2569532 | BJ10: =SUM(BJ13:BJ14)+SUM(BJ17:BJ23)+SUM(BJ26:BJ37)+SUM(BJ40:BJ48)+SUM(BJ51:BJ53)+SUM(BJ56:BJ70)+SUM(BJ73:BJ76)+SUM(BJ79:BJ93)+SUM(BJ96:BJ98)+SUM(BJ101:BJ110)+SUM(BJ113:BJ119)+SUM(BJ122:BJ131)+SUM(BJ134:BJ142)+SUM(BJ145:BJ153)+SUM(BJ156:BJ165)+SUM(BJ168:BJ177)+SUM(BJ180:BJ191)+SUM(BJ194:BJ195)+SUM(BJ198:BJ207)+SUM(BJ210:BJ216)+SUM(BJ219:BJ223)+SUM(BJ226:BJ236)+SUM(BJ239:BJ249)+SUM(BJ252:BJ261)+SUM(BJ264:BJ269)+SUM(BJ272:BJ278)+SUM(BJ281:BJ289)+SUM(BJ292:BJ299)+SUM(BJ302:BJ306)+SUM(BJ309:BJ315)+SUM(BJ318:BJ325)+SUM(BJ328:BJ339)+SUM(BJ342:BJ348)+SUM(BJ351:BJ357)+SUM(BJ360:BJ364)+SUM(BJ367:BJ376)+SUM(BJ379:BJ385)+SUM(BJ388:BJ392) -> 16769.4 | BK10: =SUM(BK13:BK14)+SUM(BK17:BK23)+SUM(BK26:BK37)+SUM(BK40:BK48)+SUM(BK51:BK53)+SUM(BK56:BK70)+SUM(BK73:BK76)+SUM(BK79:BK93)+SUM(BK96:BK98)+SUM(BK101:BK110)+SUM(BK113:BK119)+SUM(BK122:BK131)+SUM(BK134:BK142)+SUM(BK145:BK153)+SUM(BK156:BK165)+SUM(BK168:BK177)+SUM(BK180:BK191)+SUM(BK194:BK195)+SUM(BK198:BK207)+SUM(BK210:BK216)+SUM(BK219:BK223)+SUM(BK226:BK236)+SUM(BK239:BK249)+SUM(BK252:BK261)+SUM(BK264:BK269)+SUM(BK272:BK278)+SUM(BK281:BK289)+SUM(BK292:BK299)+SUM(BK302:BK306)+SUM(BK309:BK315)+SUM(BK318:BK325)+SUM(BK328:BK339)+SUM(BK342:BK348)+SUM(BK351:BK357)+SUM(BK360:BK364)+SUM(BK367:BK376)+SUM(BK379:BK385)+SUM(BK388:BK392) -> 9585.2992 | BL10: =BK10/BJ10*100 -> 57.159464 | BM10: =SUM(BM13:BM14)+SUM(BM17:BM23)+SUM(BM26:BM37)+SUM(BM40:BM48)+SUM(BM51:BM53)+SUM(BM56:BM70)+SUM(BM73:BM76)+SUM(BM79:BM93)+SUM(BM96:BM98)+SUM(BM101:BM110)+SUM(BM113:BM119)+SUM(BM122:BM131)+SUM(BM134:BM142)+SUM(BM145:BM153)+SUM(BM156:BM165)+SUM(BM168:BM177)+SUM(BM180:BM191)+SUM(BM194:BM195)+SUM(BM198:BM207)+SUM(BM210:BM216)+SUM(BM219:BM223)+SUM(BM226:BM236)+SUM(BM239:BM249)+SUM(BM252:BM261)+SUM(BM264:BM269)+SUM(BM272:BM278)+SUM(BM281:BM289)+SUM(BM292:BM299)+SUM(BM302:BM306)+SUM(BM309:BM315)+SUM(BM318:BM325)+SUM(BM328:BM339)+SUM(BM342:BM348)+SUM(BM351:BM357)+SUM(BM360:BM364)+SUM(BM367:BM376)+SUM(BM379:BM385)+SUM(BM388:BM392) -> 0 | BN10: =SUM(BN13:BN14)+SUM(BN17:BN23)+SUM(BN26:BN37)+SUM(BN40:BN48)+SUM(BN51:BN53)+SUM(BN56:BN70)+SUM(BN73:BN76)+SUM(BN79:BN93)+SUM(BN96:BN98)+SUM(BN101:BN110)+SUM(BN113:BN119)+SUM(BN122:BN131)+SUM(BN134:BN142)+SUM(BN145:BN153)+SUM(BN156:BN165)+SUM(BN168:BN177)+SUM(BN180:BN191)+SUM(BN194:BN195)+SUM(BN198:BN207)+SUM(BN210:BN216)+SUM(BN219:BN223)+SUM(BN226:BN236)+SUM(BN239:BN249)+SUM(BN252:BN261)+SUM(BN264:BN269)+SUM(BN272:BN278)+SUM(BN281:BN289)+SUM(BN292:BN299)+SUM(BN302:BN306)+SUM(BN309:BN315)+SUM(BN318:BN325)+SUM(BN328:BN339)+SUM(BN342:BN348)+SUM(BN351:BN357)+SUM(BN360:BN364)+SUM(BN367:BN376)+SUM(BN379:BN385)+SUM(BN388:BN392) -> 0 | BO10: =SUM(BO13:BO14)+SUM(BO17:BO23)+SUM(BO26:BO37)+SUM(BO40:BO48)+SUM(BO51:BO53)+SUM(BO56:BO70)+SUM(BO73:BO76)+SUM(BO79:BO93)+SUM(BO96:BO98)+SUM(BO101:BO110)+SUM(BO113:BO119)+SUM(BO122:BO131)+SUM(BO134:BO142)+SUM(BO145:BO153)+SUM(BO156:BO165)+SUM(BO168:BO177)+SUM(BO180:BO191)+SUM(BO194:BO195)+SUM(BO198:BO207)+SUM(BO210:BO216)+SUM(BO219:BO223)+SUM(BO226:BO236)+SUM(BO239:BO249)+SUM(BO252:BO261)+SUM(BO264:BO269)+SUM(BO272:BO278)+SUM(BO281:BO289)+SUM(BO292:BO299)+SUM(BO302:BO306)+SUM(BO309:BO315)+SUM(BO318:BO325)+SUM(BO328:BO339)+SUM(BO342:BO348)+SUM(BO351:BO357)+SUM(BO360:BO364)+SUM(BO367:BO376)+SUM(BO379:BO385)+SUM(BO388:BO392) -> 0 | BP10: =SUM(BP13:BP14)+SUM(BP17:BP23)+SUM(BP26:BP37)+SUM(BP40:BP48)+SUM(BP51:BP53)+SUM(BP56:BP70)+SUM(BP73:BP76)+SUM(BP79:BP93)+SUM(BP96:BP98)+SUM(BP101:BP110)+SUM(BP113:BP119)+SUM(BP122:BP131)+SUM(BP134:BP142)+SUM(BP145:BP153)+SUM(BP156:BP165)+SUM(BP168:BP177)+SUM(BP180:BP191)+SUM(BP194:BP195)+SUM(BP198:BP207)+SUM(BP210:BP216)+SUM(BP219:BP223)+SUM(BP226:BP236)+SUM(BP239:BP249)+SUM(BP252:BP261)+SUM(BP264:BP269)+SUM(BP272:BP278)+SUM(BP281:BP289)+SUM(BP292:BP299)+SUM(BP302:BP306)+SUM(BP309:BP315)+SUM(BP318:BP325)+SUM(BP328:BP339)+SUM(BP342:BP348)+SUM(BP351:BP357)+SUM(BP360:BP364)+SUM(BP367:BP376)+SUM(BP379:BP385)+SUM(BP388:BP392) -> 48397.6 | BQ10: =SUM(BQ13:BQ14)+SUM(BQ17:BQ23)+SUM(BQ26:BQ37)+SUM(BQ40:BQ48)+SUM(BQ51:BQ53)+SUM(BQ56:BQ70)+SUM(BQ73:BQ76)+SUM(BQ79:BQ93)+SUM(BQ96:BQ98)+SUM(BQ101:BQ110)+SUM(BQ113:BQ119)+SUM(BQ122:BQ131)+SUM(BQ134:BQ142)+SUM(BQ145:BQ153)+SUM(BQ156:BQ165)+SUM(BQ168:BQ177)+SUM(BQ180:BQ191)+SUM(BQ194:BQ195)+SUM(BQ198:BQ207)+SUM(BQ210:BQ216)+SUM(BQ219:BQ223)+SUM(BQ226:BQ236)+SUM(BQ239:BQ249)+SUM(BQ252:BQ261)+SUM(BQ264:BQ269)+SUM(BQ272:BQ278)+SUM(BQ281:BQ289)+SUM(BQ292:BQ299)+SUM(BQ302:BQ306)+SUM(BQ309:BQ315)+SUM(BQ318:BQ325)+SUM(BQ328:BQ339)+SUM(BQ342:BQ348)+SUM(BQ351:BQ357)+SUM(BQ360:BQ364)+SUM(BQ367:BQ376)+SUM(BQ379:BQ385)+SUM(BQ388:BQ392) -> 11158.027 | BR10: =BQ10/BP10*100 -> 23.054919 | BS10: =SUM(BS13:BS14)+SUM(BS17:BS23)+SUM(BS26:BS37)+SUM(BS40:BS48)+SUM(BS51:BS53)+SUM(BS56:BS70)+SUM(BS73:BS76)+SUM(BS79:BS93)+SUM(BS96:BS98)+SUM(BS101:BS110)+SUM(BS113:BS119)+SUM(BS122:BS131)+SUM(BS134:BS142)+SUM(BS145:BS153)+SUM(BS156:BS165)+SUM(BS168:BS177)+SUM(BS180:BS191)+SUM(BS194:BS195)+SUM(BS198:BS207)+SUM(BS210:BS216)+SUM(BS219:BS223)+SUM(BS226:BS236)+SUM(BS239:BS249)+SUM(BS252:BS261)+SUM(BS264:BS269)+SUM(BS272:BS278)+SUM(BS281:BS289)+SUM(BS292:BS299)+SUM(BS302:BS306)+SUM(BS309:BS315)+SUM(BS318:BS325)+SUM(BS328:BS339)+SUM(BS342:BS348)+SUM(BS351:BS357)+SUM(BS360:BS364)+SUM(BS367:BS376)+SUM(BS379:BS385)+SUM(BS388:BS392) -> 65541.5 | BT10: =SUM(BT13:BT14)+SUM(BT17:BT23)+SUM(BT26:BT37)+SUM(BT40:BT48)+SUM(BT51:BT53)+SUM(BT56:BT70)+SUM(BT73:BT76)+SUM(BT79:BT93)+SUM(BT96:BT98)+SUM(BT101:BT110)+SUM(BT113:BT119)+SUM(BT122:BT131)+SUM(BT134:BT142)+SUM(BT145:BT153)+SUM(BT156:BT165)+SUM(BT168:BT177)+SUM(BT180:BT191)+SUM(BT194:BT195)+SUM(BT198:BT207)+SUM(BT210:BT216)+SUM(BT219:BT223)+SUM(BT226:BT236)+SUM(BT239:BT249)+SUM(BT252:BT261)+SUM(BT264:BT269)+SUM(BT272:BT278)+SUM(BT281:BT289)+SUM(BT292:BT299)+SUM(BT302:BT306)+SUM(BT309:BT315)+SUM(BT318:BT325)+SUM(BT328:BT339)+SUM(BT342:BT348)+SUM(BT351:BT357)+SUM(BT360:BT364)+SUM(BT367:BT376)+SUM(BT379:BT385)+SUM(BT388:BT392) -> 5203.31 | BU10: =BT10/BS10*100 -> 7.9389547 | BV10: =SUM(BV13:BV14)+SUM(BV17:BV23)+SUM(BV26:BV37)+SUM(BV40:BV48)+SUM(BV51:BV53)+SUM(BV56:BV70)+SUM(BV73:BV76)+SUM(BV79:BV93)+SUM(BV96:BV98)+SUM(BV101:BV110)+SUM(BV113:BV119)+SUM(BV122:BV131)+SUM(BV134:BV142)+SUM(BV145:BV153)+SUM(BV156:BV165)+SUM(BV168:BV177)+SUM(BV180:BV191)+SUM(BV194:BV195)+SUM(BV198:BV207)+SUM(BV210:BV216)+SUM(BV219:BV223)+SUM(BV226:BV236)+SUM(BV239:BV249)+SUM(BV252:BV261)+SUM(BV264:BV269)+SUM(BV272:BV278)+SUM(BV281:BV289)+SUM(BV292:BV299)+SUM(BV302:BV306)+SUM(BV309:BV315)+SUM(BV318:BV325)+SUM(BV328:BV339)+SUM(BV342:BV348)+SUM(BV351:BV357)+SUM(BV360:BV364)+SUM(BV367:BV376)+SUM(BV379:BV385)+SUM(BV388:BV392) -> 24694.1 | BW10: =SUM(BW13:BW14)+SUM(BW17:BW23)+SUM(BW26:BW37)+SUM(BW40:BW48)+SUM(BW51:BW53)+SUM(BW56:BW70)+SUM(BW73:BW76)+SUM(BW79:BW93)+SUM(BW96:BW98)+SUM(BW101:BW110)+SUM(BW113:BW119)+SUM(BW122:BW131)+SUM(BW134:BW142)+SUM(BW145:BW153)+SUM(BW156:BW165)+SUM(BW168:BW177)+SUM(BW180:BW191)+SUM(BW194:BW195)+SUM(BW198:BW207)+SUM(BW210:BW216)+SUM(BW219:BW223)+SUM(BW226:BW236)+SUM(BW239:BW249)+SUM(BW252:BW261)+SUM(BW264:BW269)+SUM(BW272:BW278)+SUM(BW281:BW289)+SUM(BW292:BW299)+SUM(BW302:BW306)+SUM(BW309:BW315)+SUM(BW318:BW325)+SUM(BW328:BW339)+SUM(BW342:BW348)+SUM(BW351:BW357)+SUM(BW360:BW364)+SUM(BW367:BW376)+SUM(BW379:BW385)+SUM(BW388:BW392) -> 2772.4286 | BX10: =BW10/BV10*100 -> 11.227089 | BY10: =SUM(BY13:BY14)+SUM(BY17:BY23)+SUM(BY26:BY37)+SUM(BY40:BY48)+SUM(BY51:BY53)+SUM(BY56:BY70)+SUM(BY73:BY76)+SUM(BY79:BY93)+SUM(BY96:BY98)+SUM(BY101:BY110)+SUM(BY113:BY119)+SUM(BY122:BY131)+SUM(BY134:BY142)+SUM(BY145:BY153)+SUM(BY156:BY165)+SUM(BY168:BY177)+SUM(BY180:BY191)+SUM(BY194:BY195)+SUM(BY198:BY207)+SUM(BY210:BY216)+SUM(BY219:BY223)+SUM(BY226:BY236)+SUM(BY239:BY249)+SUM(BY252:BY261)+SUM(BY264:BY269)+SUM(BY272:BY278)+SUM(BY281:BY289)+SUM(BY292:BY299)+SUM(BY302:BY306)+SUM(BY309:BY315)+SUM(BY318:BY325)+SUM(BY328:BY339)+SUM(BY342:BY348)+SUM(BY351:BY357)+SUM(BY360:BY364)+SUM(BY367:BY376)+SUM(BY379:BY385)+SUM(BY388:BY392) -> 0 | BZ10: =SUM(BZ13:BZ14)+SUM(BZ17:BZ23)+SUM(BZ26:BZ37)+SUM(BZ40:BZ48)+SUM(BZ51:BZ53)+SUM(BZ56:BZ70)+SUM(BZ73:BZ76)+SUM(BZ79:BZ93)+SUM(BZ96:BZ98)+SUM(BZ101:BZ110)+SUM(BZ113:BZ119)+SUM(BZ122:BZ131)+SUM(BZ134:BZ142)+SUM(BZ145:BZ153)+SUM(BZ156:BZ165)+SUM(BZ168:BZ177)+SUM(BZ180:BZ191)+SUM(BZ194:BZ195)+SUM(BZ198:BZ207)+SUM(BZ210:BZ216)+SUM(BZ219:BZ223)+SUM(BZ226:BZ236)+SUM(BZ239:BZ249)+SUM(BZ252:BZ261)+SUM(BZ264:BZ269)+SUM(BZ272:BZ278)+SUM(BZ281:BZ289)+SUM(BZ292:BZ299)+SUM(BZ302:BZ306)+SUM(BZ309:BZ315)+SUM(BZ318:BZ325)+SUM(BZ328:BZ339)+SUM(BZ342:BZ348)+SUM(BZ351:BZ357)+SUM(BZ360:BZ364)+SUM(BZ367:BZ376)+SUM(BZ379:BZ385)+SUM(BZ388:BZ392) -> 0 | CA10: =SUM(CA13:CA14)+SUM(CA17:CA23)+SUM(CA26:CA37)+SUM(CA40:CA48)+SUM(CA51:CA53)+SUM(CA56:CA70)+SUM(CA73:CA76)+SUM(CA79:CA93)+SUM(CA96:CA98)+SUM(CA101:CA110)+SUM(CA113:CA119)+SUM(CA122:CA131)+SUM(CA134:CA142)+SUM(CA145:CA153)+SUM(CA156:CA165)+SUM(CA168:CA177)+SUM(CA180:CA191)+SUM(CA194:CA195)+SUM(CA198:CA207)+SUM(CA210:CA216)+SUM(CA219:CA223)+SUM(CA226:CA236)+SUM(CA239:CA249)+SUM(CA252:CA261)+SUM(CA264:CA269)+SUM(CA272:CA278)+SUM(CA281:CA289)+SUM(CA292:CA299)+SUM(CA302:CA306)+SUM(CA309:CA315)+SUM(CA318:CA325)+SUM(CA328:CA339)+SUM(CA342:CA348)+SUM(CA351:CA357)+SUM(CA360:CA364)+SUM(CA367:CA376)+SUM(CA379:CA385)+SUM(CA388:CA392) -> 0 | CB10: =SUM(CB13:CB14)+SUM(CB17:CB23)+SUM(CB26:CB37)+SUM(CB40:CB48)+SUM(CB51:CB53)+SUM(CB56:CB70)+SUM(CB73:CB76)+SUM(CB79:CB93)+SUM(CB96:CB98)+SUM(CB101:CB110)+SUM(CB113:CB119)+SUM(CB122:CB131)+SUM(CB134:CB142)+SUM(CB145:CB153)+SUM(CB156:CB165)+SUM(CB168:CB177)+SUM(CB180:CB191)+SUM(CB194:CB195)+SUM(CB198:CB207)+SUM(CB210:CB216)+SUM(CB219:CB223)+SUM(CB226:CB236)+SUM(CB239:CB249)+SUM(CB252:CB261)+SUM(CB264:CB269)+SUM(CB272:CB278)+SUM(CB281:CB289)+SUM(CB292:CB299)+SUM(CB302:CB306)+SUM(CB309:CB315)+SUM(CB318:CB325)+SUM(CB328:CB339)+SUM(CB342:CB348)+SUM(CB351:CB357)+SUM(CB360:CB364)+SUM(CB367:CB376)+SUM(CB379:CB385)+SUM(CB388:CB392) -> 0 | CC10: =SUM(CC13:CC14)+SUM(CC17:CC23)+SUM(CC26:CC37)+SUM(CC40:CC48)+SUM(CC51:CC53)+SUM(CC56:CC70)+SUM(CC73:CC76)+SUM(CC79:CC93)+SUM(CC96:CC98)+SUM(CC101:CC110)+SUM(CC113:CC119)+SUM(CC122:CC131)+SUM(CC134:CC142)+SUM(CC145:CC153)+SUM(CC156:CC165)+SUM(CC168:CC177)+SUM(CC180:CC191)+SUM(CC194:CC195)+SUM(CC198:CC207)+SUM(CC210:CC216)+SUM(CC219:CC223)+SUM(CC226:CC236)+SUM(CC239:CC249)+SUM(CC252:CC261)+SUM(CC264:CC269)+SUM(CC272:CC278)+SUM(CC281:CC289)+SUM(CC292:CC299)+SUM(CC302:CC306)+SUM(CC309:CC315)+SUM(CC318:CC325)+SUM(CC328:CC339)+SUM(CC342:CC348)+SUM(CC351:CC357)+SUM(CC360:CC364)+SUM(CC367:CC376)+SUM(CC379:CC385)+SUM(CC388:CC392) -> 0 | CD10: =SUM(CD13:CD14)+SUM(CD17:CD23)+SUM(CD26:CD37)+SUM(CD40:CD48)+SUM(CD51:CD53)+SUM(CD56:CD70)+SUM(CD73:CD76)+SUM(CD79:CD93)+SUM(CD96:CD98)+SUM(CD101:CD110)+SUM(CD113:CD119)+SUM(CD122:CD131)+SUM(CD134:CD142)+SUM(CD145:CD153)+SUM(CD156:CD165)+SUM(CD168:CD177)+SUM(CD180:CD191)+SUM(CD194:CD195)+SUM(CD198:CD207)+SUM(CD210:CD216)+SUM(CD219:CD223)+SUM(CD226:CD236)+SUM(CD239:CD249)+SUM(CD252:CD261)+SUM(CD264:CD269)+SUM(CD272:CD278)+SUM(CD281:CD289)+SUM(CD292:CD299)+SUM(CD302:CD306)+SUM(CD309:CD315)+SUM(CD318:CD325)+SUM(CD328:CD339)+SUM(CD342:CD348)+SUM(CD351:CD357)+SUM(CD360:CD364)+SUM(CD367:CD376)+SUM(CD379:CD385)+SUM(CD388:CD392) -> 0 | CE10: =SUM(CE13:CE14)+SUM(CE17:CE23)+SUM(CE26:CE37)+SUM(CE40:CE48)+SUM(CE51:CE53)+SUM(CE56:CE70)+SUM(CE73:CE76)+SUM(CE79:CE93)+SUM(CE96:CE98)+SUM(CE101:CE110)+SUM(CE113:CE119)+SUM(CE122:CE131)+SUM(CE134:CE142)+SUM(CE145:CE153)+SUM(CE156:CE165)+SUM(CE168:CE177)+SUM(CE180:CE191)+SUM(CE194:CE195)+SUM(CE198:CE207)+SUM(CE210:CE216)+SUM(CE219:CE223)+SUM(CE226:CE236)+SUM(CE239:CE249)+SUM(CE252:CE261)+SUM(CE264:CE269)+SUM(CE272:CE278)+SUM(CE281:CE289)+SUM(CE292:CE299)+SUM(CE302:CE306)+SUM(CE309:CE315)+SUM(CE318:CE325)+SUM(CE328:CE339)+SUM(CE342:CE348)+SUM(CE351:CE357)+SUM(CE360:CE364)+SUM(CE367:CE376)+SUM(CE379:CE385)+SUM(CE388:CE392) -> 0 | CF10: =SUM(CF13:CF14)+SUM(CF17:CF23)+SUM(CF26:CF37)+SUM(CF40:CF48)+SUM(CF51:CF53)+SUM(CF56:CF70)+SUM(CF73:CF76)+SUM(CF79:CF93)+SUM(CF96:CF98)+SUM(CF101:CF110)+SUM(CF113:CF119)+SUM(CF122:CF131)+SUM(CF134:CF142)+SUM(CF145:CF153)+SUM(CF156:CF165)+SUM(CF168:CF177)+SUM(CF180:CF191)+SUM(CF194:CF195)+SUM(CF198:CF207)+SUM(CF210:CF216)+SUM(CF219:CF223)+SUM(CF226:CF236)+SUM(CF239:CF249)+SUM(CF252:CF261)+SUM(CF264:CF269)+SUM(CF272:CF278)+SUM(CF281:CF289)+SUM(CF292:CF299)+SUM(CF302:CF306)+SUM(CF309:CF315)+SUM(CF318:CF325)+SUM(CF328:CF339)+SUM(CF342:CF348)+SUM(CF351:CF357)+SUM(CF360:CF364)+SUM(CF367:CF376)+SUM(CF379:CF385)+SUM(CF388:CF392) -> 0 | ... CO10: =SUM(CO13:CO14)+SUM(CO17:CO23)+SUM(CO26:CO37)+SUM(CO40:CO48)+SUM(CO51:CO53)+SUM(CO56:CO70)+SUM(CO73:CO76)+SUM(CO79:CO93)+SUM(CO96:CO98)+SUM(CO101:CO110)+SUM(CO113:CO119)+SUM(CO122:CO131)+SUM(CO134:CO142)+SUM(CO145:CO153)+SUM(CO156:CO165)+SUM(CO168:CO177)+SUM(CO180:CO191)+SUM(CO194:CO195)+SUM(CO198:CO207)+SUM(CO210:CO216)+SUM(CO219:CO223)+SUM(CO226:CO236)+SUM(CO239:CO249)+SUM(CO252:CO261)+SUM(CO264:CO269)+SUM(CO272:CO278)+SUM(CO281:CO289)+SUM(CO292:CO299)+SUM(CO302:CO306)+SUM(CO309:CO315)+SUM(CO318:CO325)+SUM(CO328:CO339)+SUM(CO342:CO348)+SUM(CO351:CO357)+SUM(CO360:CO364)+SUM(CO367:CO376)+SUM(CO379:CO385)+SUM(CO388:CO392) -> 0 | CQ10: =SUM(CQ13:CQ14)+SUM(CQ17:CQ23)+SUM(CQ26:CQ37)+SUM(CQ40:CQ48)+SUM(CQ51:CQ53)+SUM(CQ56:CQ70)+SUM(CQ73:CQ76)+SUM(CQ79:CQ93)+SUM(CQ96:CQ98)+SUM(CQ101:CQ110)+SUM(CQ113:CQ119)+SUM(CQ122:CQ131)+SUM(CQ134:CQ142)+SUM(CQ145:CQ153)+SUM(CQ156:CQ165)+SUM(CQ168:CQ177)+SUM(CQ180:CQ191)+SUM(CQ194:CQ195)+SUM(CQ198:CQ207)+SUM(CQ210:CQ216)+SUM(CQ219:CQ223)+SUM(CQ226:CQ236)+SUM(CQ239:CQ249)+SUM(CQ252:CQ261)+SUM(CQ264:CQ269)+SUM(CQ272:CQ278)+SUM(CQ281:CQ289)+SUM(CQ292:CQ299)+SUM(CQ302:CQ306)+SUM(CQ309:CQ315)+SUM(CQ318:CQ325)+SUM(CQ328:CQ339)+SUM(CQ342:CQ348)+SUM(CQ351:CQ357)+SUM(CQ360:CQ364)+SUM(CQ367:CQ376)+SUM(CQ379:CQ385)+SUM(CQ388:CQ392) -> 200000 | CR10: =SUM(CR13:CR14)+SUM(CR17:CR23)+SUM(CR26:CR37)+SUM(CR40:CR48)+SUM(CR51:CR53)+SUM(CR56:CR70)+SUM(CR73:CR76)+SUM(CR79:CR93)+SUM(CR96:CR98)+SUM(CR101:CR110)+SUM(CR113:CR119)+SUM(CR122:CR131)+SUM(CR134:CR142)+SUM(CR145:CR153)+SUM(CR156:CR165)+SUM(CR168:CR177)+SUM(CR180:CR191)+SUM(CR194:CR195)+SUM(CR198:CR207)+SUM(CR210:CR216)+SUM(CR219:CR223)+SUM(CR226:CR236)+SUM(CR239:CR249)+SUM(CR252:CR261)+SUM(CR264:CR269)+SUM(CR272:CR278)+SUM(CR281:CR289)+SUM(CR292:CR299)+SUM(CR302:CR306)+SUM(CR309:CR315)+SUM(CR318:CR325)+SUM(CR328:CR339)+SUM(CR342:CR348)+SUM(CR351:CR357)+SUM(CR360:CR364)+SUM(CR367:CR376)+SUM(CR379:CR385)+SUM(CR388:CR392) -> 9800.2068 | CS10: =CR10/CQ10*100 -> 4.9001034 | CT10: =SUM(CT13:CT14)+SUM(CT17:CT23)+SUM(CT26:CT37)+SUM(CT40:CT48)+SUM(CT51:CT53)+SUM(CT56:CT70)+SUM(CT73:CT76)+SUM(CT79:CT93)+SUM(CT96:CT98)+SUM(CT101:CT110)+SUM(CT113:CT119)+SUM(CT122:CT131)+SUM(CT134:CT142)+SUM(CT145:CT153)+SUM(CT156:CT165)+SUM(CT168:CT177)+SUM(CT180:CT191)+SUM(CT194:CT195)+SUM(CT198:CT207)+SUM(CT210:CT216)+SUM(CT219:CT223)+SUM(CT226:CT236)+SUM(CT239:CT249)+SUM(CT252:CT261)+SUM(CT264:CT269)+SUM(CT272:CT278)+SUM(CT281:CT289)+SUM(CT292:CT299)+SUM(CT302:CT306)+SUM(CT309:CT315)+SUM(CT318:CT325)+SUM(CT328:CT339)+SUM(CT342:CT348)+SUM(CT351:CT357)+SUM(CT360:CT364)+SUM(CT367:CT376)+SUM(CT379:CT385)+SUM(CT388:CT392) -> 0 | CU10: =SUM(CU13:CU14)+SUM(CU17:CU23)+SUM(CU26:CU37)+SUM(CU40:CU48)+SUM(CU51:CU53)+SUM(CU56:CU70)+SUM(CU73:CU76)+SUM(CU79:CU93)+SUM(CU96:CU98)+SUM(CU101:CU110)+SUM(CU113:CU119)+SUM(CU122:CU131)+SUM(CU134:CU142)+SUM(CU145:CU153)+SUM(CU156:CU165)+SUM(CU168:CU177)+SUM(CU180:CU191)+SUM(CU194:CU195)+SUM(CU198:CU207)+SUM(CU210:CU216)+SUM(CU219:CU223)+SUM(CU226:CU236)+SUM(CU239:CU249)+SUM(CU252:CU261)+SUM(CU264:CU269)+SUM(CU272:CU278)+SUM(CU281:CU289)+SUM(CU292:CU299)+SUM(CU302:CU306)+SUM(CU309:CU315)+SUM(CU318:CU325)+SUM(CU328:CU339)+SUM(CU342:CU348)+SUM(CU351:CU357)+SUM(CU360:CU364)+SUM(CU367:CU376)+SUM(CU379:CU385)+SUM(CU388:CU392) -> 0 | CV10: =SUM(CV13:CV14)+SUM(CV17:CV23)+SUM(CV26:CV37)+SUM(CV40:CV48)+SUM(CV51:CV53)+SUM(CV56:CV70)+SUM(CV73:CV76)+SUM(CV79:CV93)+SUM(CV96:CV98)+SUM(CV101:CV110)+SUM(CV113:CV119)+SUM(CV122:CV131)+SUM(CV134:CV142)+SUM(CV145:CV153)+SUM(CV156:CV165)+SUM(CV168:CV177)+SUM(CV180:CV191)+SUM(CV194:CV195)+SUM(CV198:CV207)+SUM(CV210:CV216)+SUM(CV219:CV223)+SUM(CV226:CV236)+SUM(CV239:CV249)+SUM(CV252:CV261)+SUM(CV264:CV269)+SUM(CV272:CV278)+SUM(CV281:CV289)+SUM(CV292:CV299)+SUM(CV302:CV306)+SUM(CV309:CV315)+SUM(CV318:CV325)+SUM(CV328:CV339)+SUM(CV342:CV348)+SUM(CV351:CV357)+SUM(CV360:CV364)+SUM(CV367:CV376)+SUM(CV379:CV385)+SUM(CV388:CV392) -> 0 | CW10: =SUM(CW13:CW14)+SUM(CW17:CW23)+SUM(CW26:CW37)+SUM(CW40:CW48)+SUM(CW51:CW53)+SUM(CW56:CW70)+SUM(CW73:CW76)+SUM(CW79:CW93)+SUM(CW96:CW98)+SUM(CW101:CW110)+SUM(CW113:CW119)+SUM(CW122:CW131)+SUM(CW134:CW142)+SUM(CW145:CW153)+SUM(CW156:CW165)+SUM(CW168:CW177)+SUM(CW180:CW191)+SUM(CW194:CW195)+SUM(CW198:CW207)+SUM(CW210:CW216)+SUM(CW219:CW223)+SUM(CW226:CW236)+SUM(CW239:CW249)+SUM(CW252:CW261)+SUM(CW264:CW269)+SUM(CW272:CW278)+SUM(CW281:CW289)+SUM(CW292:CW299)+SUM(CW302:CW306)+SUM(CW309:CW315)+SUM(CW318:CW325)+SUM(CW328:CW339)+SUM(CW342:CW348)+SUM(CW351:CW357)+SUM(CW360:CW364)+SUM(CW367:CW376)+SUM(CW379:CW385)+SUM(CW388:CW392) -> 0 | CX10: =SUM(CX13:CX14)+SUM(CX17:CX23)+SUM(CX26:CX37)+SUM(CX40:CX48)+SUM(CX51:CX53)+SUM(CX56:CX70)+SUM(CX73:CX76)+SUM(CX79:CX93)+SUM(CX96:CX98)+SUM(CX101:CX110)+SUM(CX113:CX119)+SUM(CX122:CX131)+SUM(CX134:CX142)+SUM(CX145:CX153)+SUM(CX156:CX165)+SUM(CX168:CX177)+SUM(CX180:CX191)+SUM(CX194:CX195)+SUM(CX198:CX207)+SUM(CX210:CX216)+SUM(CX219:CX223)+SUM(CX226:CX236)+SUM(CX239:CX249)+SUM(CX252:CX261)+SUM(CX264:CX269)+SUM(CX272:CX278)+SUM(CX281:CX289)+SUM(CX292:CX299)+SUM(CX302:CX306)+SUM(CX309:CX315)+SUM(CX318:CX325)+SUM(CX328:CX339)+SUM(CX342:CX348)+SUM(CX351:CX357)+SUM(CX360:CX364)+SUM(CX367:CX376)+SUM(CX379:CX385)+SUM(CX388:CX392) -> 0 | CZ10: =SUM(CZ13:CZ14)+SUM(CZ17:CZ23)+SUM(CZ26:CZ37)+SUM(CZ40:CZ48)+SUM(CZ51:CZ53)+SUM(CZ56:CZ70)+SUM(CZ73:CZ76)+SUM(CZ79:CZ93)+SUM(CZ96:CZ98)+SUM(CZ101:CZ110)+SUM(CZ113:CZ119)+SUM(CZ122:CZ131)+SUM(CZ134:CZ142)+SUM(CZ145:CZ153)+SUM(CZ156:CZ165)+SUM(CZ168:CZ177)+SUM(CZ180:CZ191)+SUM(CZ194:CZ195)+SUM(CZ198:CZ207)+SUM(CZ210:CZ216)+SUM(CZ219:CZ223)+SUM(CZ226:CZ236)+SUM(CZ239:CZ249)+SUM(CZ252:CZ261)+SUM(CZ264:CZ269)+SUM(CZ272:CZ278)+SUM(CZ281:CZ289)+SUM(CZ292:CZ299)+SUM(CZ302:CZ306)+SUM(CZ309:CZ315)+SUM(CZ318:CZ325)+SUM(CZ328:CZ339)+SUM(CZ342:CZ348)+SUM(CZ351:CZ357)+SUM(CZ360:CZ364)+SUM(CZ367:CZ376)+SUM(CZ379:CZ385)+SUM(CZ388:CZ392) -> 48007.1 | DA10: =SUM(DA13:DA14)+SUM(DA17:DA23)+SUM(DA26:DA37)+SUM(DA40:DA48)+SUM(DA51:DA53)+SUM(DA56:DA70)+SUM(DA73:DA76)+SUM(DA79:DA93)+SUM(DA96:DA98)+SUM(DA101:DA110)+SUM(DA113:DA119)+SUM(DA122:DA131)+SUM(DA134:DA142)+SUM(DA145:DA153)+SUM(DA156:DA165)+SUM(DA168:DA177)+SUM(DA180:DA191)+SUM(DA194:DA195)+SUM(DA198:DA207)+SUM(DA210:DA216)+SUM(DA219:DA223)+SUM(DA226:DA236)+SUM(DA239:DA249)+SUM(DA252:DA261)+SUM(DA264:DA269)+SUM(DA272:DA278)+SUM(DA281:DA289)+SUM(DA292:DA299)+SUM(DA302:DA306)+SUM(DA309:DA315)+SUM(DA318:DA325)+SUM(DA328:DA339)+SUM(DA342:DA348)+SUM(DA351:DA357)+SUM(DA360:DA364)+SUM(DA367:DA376)+SUM(DA379:DA385)+SUM(DA388:DA392) -> 7967.146 | DB10: =DA10/CZ10*100 -> 16.595766 | DC10: =SUM(DC13:DC14)+SUM(DC17:DC23)+SUM(DC26:DC37)+SUM(DC40:DC48)+SUM(DC51:DC53)+SUM(DC56:DC70)+SUM(DC73:DC76)+SUM(DC79:DC93)+SUM(DC96:DC98)+SUM(DC101:DC110)+SUM(DC113:DC119)+SUM(DC122:DC131)+SUM(DC134:DC142)+SUM(DC145:DC153)+SUM(DC156:DC165)+SUM(DC168:DC177)+SUM(DC180:DC191)+SUM(DC194:DC195)+SUM(DC198:DC207)+SUM(DC210:DC216)+SUM(DC219:DC223)+SUM(DC226:DC236)+SUM(DC239:DC249)+SUM(DC252:DC261)+SUM(DC264:DC269)+SUM(DC272:DC278)+SUM(DC281:DC289)+SUM(DC292:DC299)+SUM(DC302:DC306)+SUM(DC309:DC315)+SUM(DC318:DC325)+SUM(DC328:DC339)+SUM(DC342:DC348)+SUM(DC351:DC357)+SUM(DC360:DC364)+SUM(DC367:DC376)+SUM(DC379:DC385)+SUM(DC388:DC392) -> 0 | DD10: =SUM(DD13:DD14)+SUM(DD17:DD23)+SUM(DD26:DD37)+SUM(DD40:DD48)+SUM(DD51:DD53)+SUM(DD56:DD70)+SUM(DD73:DD76)+SUM(DD79:DD93)+SUM(DD96:DD98)+SUM(DD101:DD110)+SUM(DD113:DD119)+SUM(DD122:DD131)+SUM(DD134:DD142)+SUM(DD145:DD153)+SUM(DD156:DD165)+SUM(DD168:DD177)+SUM(DD180:DD191)+SUM(DD194:DD195)+SUM(DD198:DD207)+SUM(DD210:DD216)+SUM(DD219:DD223)+SUM(DD226:DD236)+SUM(DD239:DD249)+SUM(DD252:DD261)+SUM(DD264:DD269)+SUM(DD272:DD278)+SUM(DD281:DD289)+SUM(DD292:DD299)+SUM(DD302:DD306)+SUM(DD309:DD315)+SUM(DD318:DD325)+SUM(DD328:DD339)+SUM(DD342:DD348)+SUM(DD351:DD357)+SUM(DD360:DD364)+SUM(DD367:DD376)+SUM(DD379:DD385)+SUM(DD388:DD392) -> 0 | DF10: =SUM(DF13:DF14)+SUM(DF17:DF23)+SUM(DF26:DF37)+SUM(DF40:DF48)+SUM(DF51:DF53)+SUM(DF56:DF70)+SUM(DF73:DF76)+SUM(DF79:DF93)+SUM(DF96:DF98)+SUM(DF101:DF110)+SUM(DF113:DF119)+SUM(DF122:DF131)+SUM(DF134:DF142)+SUM(DF145:DF153)+SUM(DF156:DF165)+SUM(DF168:DF177)+SUM(DF180:DF191)+SUM(DF194:DF195)+SUM(DF198:DF207)+SUM(DF210:DF216)+SUM(DF219:DF223)+SUM(DF226:DF236)+SUM(DF239:DF249)+SUM(DF252:DF261)+SUM(DF264:DF269)+SUM(DF272:DF278)+SUM(DF281:DF289)+SUM(DF292:DF299)+SUM(DF302:DF306)+SUM(DF309:DF315)+SUM(DF318:DF325)+SUM(DF328:DF339)+SUM(DF342:DF348)+SUM(DF351:DF357)+SUM(DF360:DF364)+SUM(DF367:DF376)+SUM(DF379:DF385)+SUM(DF388:DF392) -> 0 | DG10: =SUM(DG13:DG14)+SUM(DG17:DG23)+SUM(DG26:DG37)+SUM(DG40:DG48)+SUM(DG51:DG53)+SUM(DG56:DG70)+SUM(DG73:DG76)+SUM(DG79:DG93)+SUM(DG96:DG98)+SUM(DG101:DG110)+SUM(DG113:DG119)+SUM(DG122:DG131)+SUM(DG134:DG142)+SUM(DG145:DG153)+SUM(DG156:DG165)+SUM(DG168:DG177)+SUM(DG180:DG191)+SUM(DG194:DG195)+SUM(DG198:DG207)+SUM(DG210:DG216)+SUM(DG219:DG223)+SUM(DG226:DG236)+SUM(DG239:DG249)+SUM(DG252:DG261)+SUM(DG264:DG269)+SUM(DG272:DG278)+SUM(DG281:DG289)+SUM(DG292:DG299)+SUM(DG302:DG306)+SUM(DG309:DG315)+SUM(DG318:DG325)+SUM(DG328:DG339)+SUM(DG342:DG348)+SUM(DG351:DG357)+SUM(DG360:DG364)+SUM(DG367:DG376)+SUM(DG379:DG385)+SUM(DG388:DG392) -> 0
A11: Александрово-Гайский район (консолидированный) | B11: =E11+H11+K11+N11+Q11+T11+W11+Z11+AC11+AF11+AI11+AL11+AO11+AR11+AU11+AX11+BA11+BD11+BG11+BJ11+BM11+BP11+BS11+BV11+BY11+CB11+CE11+CH11+CK11+CN11+CQ11+CT11+CW11+CZ11+DC11+DF11 -> 130737.86 | C11: =F11+I11+L11+O11+R11+U11+X11+AA11+AD11+AG11+AJ11+AM11+AP11+AS11+AV11+AY11+BB11+BE11+BH11+BK11+BN11+BQ11+BT11+BW11+BZ11+CC11+CF11+CI11+CL11+CO11+CR11+CU11+CX11+DA11+DD11+DG11 -> 43789.954 | D11: =C11/B11*100 -> 33.494471 | E11: =E12+E13+E14 -> 1187.5 | F11: =F12+F13+F14 -> 0 | G11: =F11/E11*100 -> 0 | H11: =H12+H13+H14 -> 0 | I11: =I12+I13+I14 -> 0 | J11: =J12+J13+J14 -> 0 | K11: =K12+K13+K14 -> 0 | L11: =L12+L13+L14 -> 0 | M11: =M12+M13+M14 -> 0 | N11: =N12+N13+N14 -> 0 | O11: =O12+O13+O14 -> 0 | ... X11: =X12+X13+X14 -> 0 | Y11: =X11/W11*100 -> 0 | Z11: =Z12+Z13+Z14 -> 0 | AA11: =AA12+AA13+AA14 -> 0 | AC11: =AC12+AC13+AC14 -> 0 | AD11: =AD12+AD13+AD14 -> 0 | AE11: =AE12+AE13+AE14 -> 0 | AF11: =SUM(AF12:AF14) -> 1823.517 | AG11: =AG12+AG13+AG14 -> 0 | AI11: =AI12+AI13+AI14 -> 1041.9 | AJ11: =AJ12+AJ13+AJ14 -> 1041.9033 | AK11: =AJ11/AI11*100 -> 100.00032 | AL11: =AL12+AL13+AL14 -> 18178.4 | AM11: =AM12+AM13+AM14 -> 5794.4089 | AN11: =AM11/AL11*100 -> 31.875241 | AO11: =AO12+AO13+AO14 -> 85703.3 | AP11: =AP12+AP13+AP14 -> 31159.882 | AQ11: =AP11/AO11*100 -> 36.357855 | AR11: =AR12+AR13+AR14 -> 0 | AS11: =AS12+AS13+AS14 -> 0 | AT11: =AT12+AT13+AT14 -> 0 | AU11: =AU12+AU13+AU14 -> 0 | AV11: =AV12+AV13+AV14 -> 0 | AW11: =AW12+AW13+AW14 -> 0 | AX11: =AX12+AX13+AX14 -> 0 | AY11: =AY12+AY13+AY14 -> 0 | ... BB11: =BB12+BB13+BB14 -> 2604.7145 | BC11: =BB11/BA11*100 -> 45.648695 | BD11: =BD12+BD13+BD14 -> 0 | BE11: =BE12+BE13+BE14 -> 0 | BF11: =BF12+BF13+BF14 -> 0 | BG11: =BG12+BG13+BG14 -> 0 | BH11: =BH12+BH13+BH14 -> 0 | BI11: =BI12+BI13+BI14 -> 0 | BJ11: =BJ12+BJ13+BJ14 -> 0 | BK11: =BK12+BK13+BK14 -> 0 | ... BW11: =BW12+BW13+BW14 -> 0 | BX11: =BW11/BV11*100 -> 0 | BY11: =BY12+BY13+BY14 -> 0 | BZ11: =BZ12+BZ13+BZ14 -> 0 | CA11: =CA12+CA13+CA14 -> 0 | CB11: =CB12+CB13+CB14 -> 153.6 | CC11: =CC12+CC13+CC14 -> 0 | CD11: =CD12+CD13+CD14 -> 0 | CE11: =CE12+CE13+CE14 -> 3759.7 | CF11: =CF12+CF13+CF14 -> 0 | ... CO11: =CO12+CO13+CO14 -> 3189.0454 | CP11: =CO11/CN11*100 -> 49.823384 | CQ11: =CQ12+CQ13+CQ14 -> 0 | CR11: =CR12+CR13+CR14 -> 0 | CS11: =CS12+CS13+CS14 -> 0 | CT11: =CT12+CT13+CT14 -> 0 | CU11: =CU12+CU13+CU14 -> 0 | CV11: =CV12+CV13+CV14 -> 0 | CW11: =CW12+CW13+CW14 -> 3203.5 | CX11: =CX12+CX13+CX14 -> 0 | ... DH11: =DH12+DH13+DH14 -> 0
A12: Александрово-Гайский район (собственный) | B12: =E12+H12+K12+N12+Q12+T12+W12+Z12+AC12+AF12+AI12+AL12+AO12+AR12+AU12+AX12+BA12+BD12+BG12+BJ12+BM12+BP12+BS12+BV12+BY12+CB12+CE12+CH12+CK12+CN12+CQ12+CT12+CW12+CZ12+DC12+DF12 -> 126664.14 | C12: =F12+I12+L12+O12+R12+U12+X12+AA12+AD12+AG12+AJ12+AM12+AP12+AS12+AV12+AY12+BB12+BE12+BH12+BK12+BN12+BQ12+BT12+BW12+BZ12+CC12+CF12+CI12+CL12+CO12+CR12+CU12+CX12+DA12+DD12+DG12 -> 42748.051 | D12: =C12/B12*100 -> 33.749134 | E12: 1187.5 | G12: =F12/E12*100 -> 0 | Q12: 0 | R12: 0 | W12: 102.04082 | AI12: 0 | AL12: 18178.4 | AM12: 5794.4089 | AN12: =AM12/AL12*100 -> 31.875241 | AO12: 85703.3 | AP12: 31159.882 | AQ12: =AP12/AO12*100 -> 36.357855 | BA12: 5706 | BB12: 2604.7145 | BC12: =BB12/BA12*100 -> 45.648695 | CB12: 153.6 | CE12: 3759.7 | CN12: 6400.7 | CO12: 3189.0454 | CP12: =CO12/CN12*100 -> 49.823384 | CW12: 3203.5 | DC12: 700.7 | DF12: 1568.7
A13: Александрово-Гайское МО | B13: =E13+H13+K13+N13+Q13+T13+W13+Z13+AC13+AF13+AI13+AL13+AO13+AR13+AU13+AX13+BA13+BD13+BG13+BJ13+BM13+BP13+BS13+BV13+BY13+CB13+CE13+CH13+CK13+CN13+CQ13+CT13+CW13+CZ13+DC13+DF13 -> 3233.787 | C13: =F13+I13+L13+O13+R13+U13+X13+AA13+AD13+AG13+AJ13+AM13+AP13+AS13+AV13+AY13+BB13+BE13+BH13+BK13+BN13+BQ13+BT13+BW13+BZ13+CC13+CF13+CI13+CL13+CO13+CR13+CU13+CX13+DA13+DD13+DG13 -> 1041.9033 | D13: =C13/B13*100 -> 32.219293 | AF13: 983.587 | AI13: 1041.9 | AJ13: 1041.9033 | AK13: =AJ13/AI13*100 -> 100.00032 | BV13: 1208.3
A14: Новоалександровское МО | B14: =E14+H14+K14+N14+Q14+T14+W14+Z14+AC14+AF14+AI14+AL14+AO14+AR14+AU14+AX14+BA14+BD14+BG14+BJ14+BM14+BP14+BS14+BV14+BY14+CB14+CE14+CH14+CK14+CN14+CQ14+CT14+CW14+CZ14+DC14+DF14 -> 839.93 | C14: =F14+I14+L14+O14+R14+U14+X14+AA14+AD14+AG14+AJ14+AM14+AP14+AS14+AV14+AY14+BB14+BE14+BH14+BK14+BN14+BQ14+BT14+BW14+BZ14+CC14+CF14+CI14+CL14+CO14+CR14+CU14+CX14+DA14+DD14+DG14 -> 0 | AF14: 839.93
A15: Аркадакский район (консолидированный) | B15: =E15+H15+K15+N15+Q15+T15+W15+Z15+AC15+AF15+AI15+AL15+AO15+AR15+AU15+AX15+BA15+BD15+BG15+BJ15+BM15+BP15+BS15+BV15+BY15+CB15+CE15+CH15+CK15+CN15+CQ15+CT15+CW15+CZ15+DC15+DF15 -> 43081.22 | C15: =F15+I15+L15+O15+R15+U15+X15+AA15+AD15+AG15+AJ15+AM15+AP15+AS15+AV15+AY15+BB15+BE15+BH15+BK15+BN15+BQ15+BT15+BW15+BZ15+CC15+CF15+CI15+CL15+CO15+CR15+CU15+CX15+DA15+DD15+DG15 -> 12243.46 | D15: =C15/B15*100 -> 28.419483 | E15: =E16+E17+E18+E19+E20+E21+E22+E23 -> 1187.5 | F15: =F16+F17+F18+F19+F20+F21+F22+F23 -> 1187.4967 | G15: =F15/E15*100 -> 99.999722 | H15: =H16+H17+H18+H19+H20+H21+H22+H23 -> 0 | I15: =I16+I17+I18+I19+I20+I21+I22+I23 -> 0 | J15: =J16+J17+J18+J19+J20+J21+J22+J23 -> 0 | K15: =K16+K17+K18+K19+K20+K21+K22+K23 -> 0 | L15: =L16+L17+L18+L19+L20+L21+L22+L23 -> 0 | M15: =M16+M17+M18+M19+M20+M21+M22+M23 -> 0 | N15: =N16+N17+N18+N19+N20+N21+N22+N23 -> 0 | O15: =O16+O17+O18+O19+O20+O21+O22+O23 -> 0 | ... AA15: =AA16+AA17+AA18+AA19+AA20+AA21+AA22+AA23 -> 51.02041 | AB15: =AA15/Z15*100 -> 100 | AC15: =AC16+AC17+AC18+AC19+AC20+AC21+AC22+AC23 -> 0 | AD15: =AD16+AD17+AD18+AD19+AD20+AD21+AD22+AD23 -> 0 | AE15: =AE16+AE17+AE18+AE19+AE20+AE21+AE22+AE23 -> 0 | AF15: =SUM(AF16:AF23) -> 1059 | AG15: =AG16+AG17+AG18+AG19+AG20+AG21+AG22+AG23 -> 0 | AI15: =AI16+AI17+AI18+AI19+AI20+AI21+AI22+AI23 -> 2383.2 | AJ15: =AJ16+AJ17+AJ18+AJ19+AJ20+AJ21+AJ22+AJ23 -> 2118.7678 | AK15: =AJ15/AI15*100 -> 88.904322 | AL15: =AL16+AL17+AL18+AL19+AL20+AL21+AL22+AL23 -> 14786.5 | AM15: =AM16+AM17+AM18+AM19+AM20+AM21+AM22+AM23 -> 4706.5188 | AN15: =AM15/AL15*100 -> 31.829837 | AO15: =AO16+AO17+AO18+AO19+AO20+AO21+AO22+AO23 -> 0 | AP15: =AP16+AP17+AP18+AP19+AP20+AP21+AP22+AP23 -> 0 | AQ15: =AQ16+AQ17+AQ18+AQ19+AQ20+AQ21+AQ22+AQ23 -> 0 | AR15: =AR16+AR17+AR18+AR19+AR20+AR21+AR22+AR23 -> 0 | AS15: =AS16+AS17+AS18+AS19+AS20+AS21+AS22+AS23 -> 0 | AT15: =AT16+AT17+AT18+AT19+AT20+AT21+AT22+AT23 -> 0 | AU15: =AU16+AU17+AU18+AU19+AU20+AU21+AU22+AU23 -> 0 | AV15: =AV16+AV17+AV18+AV19+AV20+AV21+AV22+AV23 -> 0 | ... BB15: =BB16+BB17+BB18+BB19+BB20+BB21+BB22+BB23 -> 1113.7946 | BC15: =BB15/BA15*100 -> 32.943729 | BD15: =BD16+BD17+BD18+BD19+BD20+BD21+BD22+BD23 -> 0 | BE15: =BE16+BE17+BE18+BE19+BE20+BE21+BE22+BE23 -> 0 | BF15: =BF16+BF17+BF18+BF19+BF20+BF21+BF22+BF23 -> 0 | BG15: =BG16+BG17+BG18+BG19+BG20+BG21+BG22+BG23 -> 0 | BH15: =BH16+BH17+BH18+BH19+BH20+BH21+BH22+BH23 -> 0 | BI15: =BI16+BI17+BI18+BI19+BI20+BI21+BI22+BI23 -> 0 | BJ15: =BJ16+BJ17+BJ18+BJ19+BJ20+BJ21+BJ22+BJ23 -> 0 | BK15: =BK16+BK17+BK18+BK19+BK20+BK21+BK22+BK23 -> 0 | ... BW15: =BW16+BW17+BW18+BW19+BW20+BW21+BW22+BW23 -> 0 | BY15: =BY16+BY17+BY18+BY19+BY20+BY21+BY22+BY23 -> 0 | BZ15: =BZ16+BZ17+BZ18+BZ19+BZ20+BZ21+BZ22+BZ23 -> 0 | CA15: =CA16+CA17+CA18+CA19+CA20+CA21+CA22+CA23 -> 0 | CB15: =CB16+CB17+CB18+CB19+CB20+CB21+CB22+CB23 -> 153.6 | CC15: =CC16+CC17+CC18+CC19+CC20+CC21+CC22+CC23 -> 0 | CD15: =CD16+CD17+CD18+CD19+CD20+CD21+CD22+CD23 -> 0 | CE15: =CE16+CE17+CE18+CE19+CE20+CE21+CE22+CE23 -> 3759.7 | CF15: =CF16+CF17+CF18+CF19+CF20+CF21+CF22+CF23 -> 0 | ... CO15: =CO16+CO17+CO18+CO19+CO20+CO21+CO22+CO23 -> 3065.8618 | CP15: =CO15/CN15*100 -> 36.652382 | CQ15: =CQ16+CQ17+CQ18+CQ19+CQ20+CQ21+CQ22+CQ23 -> 0 | CR15: =CR16+CR17+CR18+CR19+CR20+CR21+CR22+CR23 -> 0 | CS15: =CS16+CS17+CS18+CS19+CS20+CS21+CS22+CS23 -> 0 | CT15: =CT16+CT17+CT18+CT19+CT20+CT21+CT22+CT23 -> 0 | CU15: =CU16+CU17+CU18+CU19+CU20+CU21+CU22+CU23 -> 0 | CV15: =CV16+CV17+CV18+CV19+CV20+CV21+CV22+CV23 -> 0 | CW15: =CW16+CW17+CW18+CW19+CW20+CW21+CW22+CW23 -> 3557.3 | CX15: =CX16+CX17+CX18+CX19+CX20+CX21+CX22+CX23 -> 0 | ... DH15: =DH16+DH17+DH18+DH19+DH20+DH21+DH22+DH23 -> 0
A16: Аркадакский район (собственный) | B16: =E16+H16+K16+N16+Q16+T16+W16+Z16+AC16+AF16+AI16+AL16+AO16+AR16+AU16+AX16+BA16+BD16+BG16+BJ16+BM16+BP16+BS16+BV16+BY16+CB16+CE16+CH16+CK16+CN16+CQ16+CT16+CW16+CZ16+DC16+DF16 -> 39639.02 | C16: =F16+I16+L16+O16+R16+U16+X16+AA16+AD16+AG16+AJ16+AM16+AP16+AS16+AV16+AY16+BB16+BE16+BH16+BK16+BN16+BQ16+BT16+BW16+BZ16+CC16+CF16+CI16+CL16+CO16+CR16+CU16+CX16+DA16+DD16+DG16 -> 10124.692 | D16: =C16/B16*100 -> 25.542236 | E16: 1187.5 | F16: 1187.4967 | G16: =F16/E16*100 -> 99.999722 | Q16: 0 | R16: 0 | Z16: 51.02041 | AA16: 51.02041 | AB16: =AA16/Z16*100 -> 100 | AI16: 0 | AL16: 14786.5 | AM16: 4706.5188 | AN16: =AM16/AL16*100 -> 31.829837 | BA16: 3380.9 | BB16: 1113.7946 | BC16: =BB16/BA16*100 -> 32.943729 | CB16: 153.6 | CE16: 3759.7 | CN16: 8364.7 | CO16: 3065.8618 | CP16: =CO16/CN16*100 -> 36.652382 | CW16: 3557.3 | DC16: 1260.3 | DF16: 3137.5
A17: город Аркадак | B17: =E17+H17+K17+N17+Q17+T17+W17+Z17+AC17+AF17+AI17+AL17+AO17+AR17+AU17+AX17+BA17+BD17+BG17+BJ17+BM17+BP17+BS17+BV17+BY17+CB17+CE17+CH17+CK17+CN17+CQ17+CT17+CW17+CZ17+DC17+DF17 -> 2383.2 | C17: =F17+I17+L17+O17+R17+U17+X17+AA17+AD17+AG17+AJ17+AM17+AP17+AS17+AV17+AY17+BB17+BE17+BH17+BK17+BN17+BQ17+BT17+BW17+BZ17+CC17+CF17+CI17+CL17+CO17+CR17+CU17+CX17+DA17+DD17+DG17 -> 2118.7678 | D17: =C17/B17*100 -> 88.904322 | AI17: 2383.2 | AJ17: 2118.7678 | AK17: =AJ17/AI17*100 -> 88.904322
A18: Большежуравское МО | B18: =E18+H18+K18+N18+Q18+T18+W18+Z18+AC18+AF18+AI18+AL18+AO18+AR18+AU18+AX18+BA18+BD18+BG18+BJ18+BM18+BP18+BS18+BV18+BY18+CB18+CE18+CH18+CK18+CN18+CQ18+CT18+CW18+CZ18+DC18+DF18 -> 0 | C18: =F18+I18+L18+O18+R18+U18+X18+AA18+AD18+AG18+AJ18+AM18+AP18+AS18+AV18+AY18+BB18+BE18+BH18+BK18+BN18+BQ18+BT18+BW18+BZ18+CC18+CF18+CI18+CL18+CO18+CR18+CU18+CX18+DA18+DD18+DG18 -> 0
A19: Краснознаменское МО | B19: =E19+H19+K19+N19+Q19+T19+W19+Z19+AC19+AF19+AI19+AL19+AO19+AR19+AU19+AX19+BA19+BD19+BG19+BJ19+BM19+BP19+BS19+BV19+BY19+CB19+CE19+CH19+CK19+CN19+CQ19+CT19+CW19+CZ19+DC19+DF19 -> 700 | C19: =F19+I19+L19+O19+R19+U19+X19+AA19+AD19+AG19+AJ19+AM19+AP19+AS19+AV19+AY19+BB19+BE19+BH19+BK19+BN19+BQ19+BT19+BW19+BZ19+CC19+CF19+CI19+CL19+CO19+CR19+CU19+CX19+DA19+DD19+DG19 -> 0 | AF19: 700
A20: Львовское МО | B20: =E20+H20+K20+N20+Q20+T20+W20+Z20+AC20+AF20+AI20+AL20+AO20+AR20+AU20+AX20+BA20+BD20+BG20+BJ20+BM20+BP20+BS20+BV20+BY20+CB20+CE20+CH20+CK20+CN20+CQ20+CT20+CW20+CZ20+DC20+DF20 -> 200 | C20: =F20+I20+L20+O20+R20+U20+X20+AA20+AD20+AG20+AJ20+AM20+AP20+AS20+AV20+AY20+BB20+BE20+BH20+BK20+BN20+BQ20+BT20+BW20+BZ20+CC20+CF20+CI20+CL20+CO20+CR20+CU20+CX20+DA20+DD20+DG20 -> 0 | AF20: 200
A21: Малиновское МО | B21: =E21+H21+K21+N21+Q21+T21+W21+Z21+AC21+AF21+AI21+AL21+AO21+AR21+AU21+AX21+BA21+BD21+BG21+BJ21+BM21+BP21+BS21+BV21+BY21+CB21+CE21+CH21+CK21+CN21+CQ21+CT21+CW21+CZ21+DC21+DF21 -> 159 | C21: =F21+I21+L21+O21+R21+U21+X21+AA21+AD21+AG21+AJ21+AM21+AP21+AS21+AV21+AY21+BB21+BE21+BH21+BK21+BN21+BQ21+BT21+BW21+BZ21+CC21+CF21+CI21+CL21+CO21+CR21+CU21+CX21+DA21+DD21+DG21 -> 0 | AF21: 159
A22: Росташовское МО | B22: =E22+H22+K22+N22+Q22+T22+W22+Z22+AC22+AF22+AI22+AL22+AO22+AR22+AU22+AX22+BA22+BD22+BG22+BJ22+BM22+BP22+BS22+BV22+BY22+CB22+CE22+CH22+CK22+CN22+CQ22+CT22+CW22+CZ22+DC22+DF22 -> 0 | C22: =F22+I22+L22+O22+R22+U22+X22+AA22+AD22+AG22+AJ22+AM22+AP22+AS22+AV22+AY22+BB22+BE22+BH22+BK22+BN22+BQ22+BT22+BW22+BZ22+CC22+CF22+CI22+CL22+CO22+CR22+CU22+CX22+DA22+DD22+DG22 -> 0
A23: Семеновское МО | B23: =E23+H23+K23+N23+Q23+T23+W23+Z23+AC23+AF23+AI23+AL23+AO23+AR23+AU23+AX23+BA23+BD23+BG23+BJ23+BM23+BP23+BS23+BV23+BY23+CB23+CE23+CH23+CK23+CN23+CQ23+CT23+CW23+CZ23+DC23+DF23 -> 0 | C23: =F23+I23+L23+O23+R23+U23+X23+AA23+AD23+AG23+AJ23+AM23+AP23+AS23+AV23+AY23+BB23+BE23+BH23+BK23+BN23+BQ23+BT23+BW23+BZ23+CC23+CF23+CI23+CL23+CO23+CR23+CU23+CX23+DA23+DD23+DG23 -> 0
